Workbook
Name Table_1_b.__Annual_LRAMVA_Breakdown_by_Year_and_Rate_Class: '1. LRAMVA Summary'!$B$47
Name Table_3.__Inputs_for_Distribution_Rates_and_Adjustments_by_Rate_Class: '3. Distribution Rates'!$B$11
Name Table_3_a.__Distribution_Rates_by_Rate_Class: '3. Distribution Rates'!$B$119
Name Table_4_a.__2011_Lost_Revenues_Work_Form: '4. 2011-2014 LRAM'!$B$18
Name Table_4_b.__2012_Lost_Revenues_Work_Form: '4. 2011-2014 LRAM'!$B$157
Name Table_4_c.__2013_Lost_Revenues_Work_Form: '4. 2011-2014 LRAM'!$B$294
Name Table_4_d.__2014_Lost_Revenues_Work_Form: '4. 2011-2014 LRAM'!$B$431
Name Table_5_a.__2015_Lost_Revenues_Work_Form: '5. 2015-2027 LRAM'!$B$33
Name Table_5_b.__2016_Lost_Revenues_Work_Form: '5. 2015-2027 LRAM'!$B$224
Name Table_5_c.__2017_Lost_Revenues_Work_Form: '5. 2015-2027 LRAM'!$B$415
Name Table_5_d.__2018_Lost_Revenues_Work_Form: '5. 2015-2027 LRAM'!$B$606
Name Table_5_e.__2019_Lost_Revenues_Work_Form: '5. 2015-2027 LRAM'!$B$797
Name Table_5_f.__2020_Lost_Revenues_Work_Form: '5. 2015-2027 LRAM'!$B$992
Name Table_5_g.__2021_Lost_Revenues_Work_Form: '5. 2015-2027 LRAM'!$B$1187
Name Table_5_h.__2022_Lost_Revenues_Work_Form: '5. 2015-2027 LRAM'!$B$1381
Name Table_5_i.__2023_Lost_Revenues_Work_Form: '5. 2015-2027 LRAM'!$B$1578
Name Table_5_j.__2024_Lost_Revenues_Work_Form: '5. 2015-2027 LRAM'!$B$1604
Name Table_5_k.__2025_Lost_Revenues_Work_Form: '5. 2015-2027 LRAM'!$B$1630
Name Table_5_l.__2026_Lost_Revenues_Work_Form: '5. 2015-2027 LRAM'!$B$1657
Name Table_5_m.__2027_Lost_Revenues_Work_Form: '5. 2015-2027 LRAM'!$B$1684
Name Targets: '[1]LDC Targets'!$A$3:$D$83

Sheet Contents
B3: Generic LRAMVA Work Forms
B5: Worksheet Name | C5: Description
B6: 1. LRAMVA Summary | C6: Tables 1-a and 1-b provide a summary of the LRAMVA balances and carrying charges associated with the LRAMVA disposition. Table 1c provides a summary of prospective LRAM-eligible amounts related to persisting CDM savings for all years until the LDC's next rebasing application. The balances are populated from entries into other tabs throughout this work form.
B7: 1-a. Summary of Changes | C7: Tables A-1 and A-2 include a template for LDCs to summarize changes to the LRAMVA work form.
B8: 2. LRAMVA Threshold | C8: Tables 2-a, 2-b and 2-c include the LRAMVA thresholds and allocations by rate class.
B9: 3. Distribution Rates | C9: Tables 3-a and 3-b include the distribution rates that are used to calculate lost revenues.
B10: 4. 2011-2014 LRAM | C10: Tables 4-a, 4-b, 4-c and 4-d include the template 2011-2014 LRAMVA work forms.
B11: 5. 2015-2027 LRAM | C11: Tables 5-a, 5-b, 5-c, 5-d, 5-e, 5-f, 5-g, 5-h, 5-i, 5-j, 5-k, 5-l and 5-m include the template 2015-2027 LRAMVA work forms.
B12: 6. Carrying Charges | C12: Table 6-b includes the variance on carrying charges related to the LRAMVA disposition.
B14: 7. Persistence Report | C14: A blank spreadsheet is provided to allow LDCs to populate with CDM savings persistence data provided by the IESO.
B16: 8. Streetlighting | C16: A blank spreadsheet is provided to allow LDCs to populate data on streetlighting projects whose savings were not provided by the IESO in the CDM Final Results Report (i.e., streetlighting projects).

Sheet Instructions
B16: Tab | C16: Instructions
B18: Updates | C18: Version 1.1 published June 3, 2022
B19: No. | C19: Reference | H19: Description of Version 1.0 | O19: Update in Version 1.1
B20: 1 | C20: Tab 4, Rows 422-424 | H20: Rows labelled as 2013 Savings Persisting in 2024-2027 | O20: Corrected labelling to 2013 Savings Persisting in 2023-2026
B21: 2 | C21: Tab 4, Row 425 | H21: No row for 2013 Savings Persisting in 2027 | O21: Added new row for 2013 Savings Persisting in 2027
B22: 3 | C22: Tab 4, Rows, 555 to 561 (Columns AO:AZ) | H22: Formulae referenced the wrong year for persisting savings | O22: Formulae corrected to retrieve correct persisting savings data
B23: 4 | C23: Tab 5, Rows 591, 596-599 (Columns AG:AS) | H23: Formulae referenced the wrong rate allocation range | O23: Formulae corrected to match other rows in this range
B24: 5 | C24: Tab 5, Rows 781:789 (Column AF) | H24: Formulae referenced savings one year later than intended | O24: Formulae corrected to retrieve data from correct program year
B25: 6 | C25: Tab 5, Row 977 (Columns AI:AR) | H25: Formulae referenced incorrect cell to determine billing unit | O25: Formulae corrected to retrieve correct billing unit information
B26: 7 | C26: Tab 6, C57:C60, H156:H191 | H26: Cells did not include published OEB interest rates from 2021 Q3 to 2022 Q2 | O26: Cells updated to include published OEB interest rates from 2021 Q3 to 2022 Q2
B28: Updates | C28: Version 1.2 published June 9, 2022
B29: No. | C29: Reference | H29: Description of Version 1.1 | O29: Update in Version 1.2
B30: 1 | C30: Tab 5, Rows 596 to 599 (Columns AG:AR) | H30: Formulae referenced incorrect cell to determine billing unit | O30: Formulae corrected to retrieve correct billing unit information
B31: 2 | C31: Tab 5, Rows 1632, 1659, 1686 (Columns AE:AS) | H31: Formulae referenced the wrong year for forecast savings | O31: Formulae corrected to retrieve correct forecast savings data
B32: 3 | C32: Tab 6, I165:V176, I180:V191 | H32: Formulae referenced the wrong year of total LRAMVA balance | O32: Formulae corrected to retrieve correct year of total LRAMVA balance
B33: LRAMVA Checklist/Schematic Tab | C33: The LRAMVA work form was created in a generic manner for use by all LDCs. Distributors should follow the checklist, which is referenced in this tab of the work form and listed below:
C35: o Highlight changes to this work form made by the LDC, if any, and provide rationale for the change in Tab 1-a.
C37: o Include any necessary assumptions the LDC has to make in its LRAMVA work form in the "Notes" section of the work form.
C39: o Provide documentation on the LRAMVA threshold by providing the reference and source material from the LDC’s cost of service proceeding where its most recent load forecast was approved.
C41: o Include a copy of initiative-level persistence savings information that was verified by the IESO. Persistence information is available upon request from the IESO.
C43: o Apply the IESO verified savings adjustments to the year it relates to. For example, savings adjustments to 2015 programs will be provided to LDCs with the 2016 Final Results Report. The 2015 savings adjustments should be included in the 2015 verified savings portion of the work form.
C45: o Provide documentation or data substantiating savings from projects that were not provided in the IESO's verified results reports, inserted in Tab 8 (i.e., streetlighting projects), as applicable.
C47: o Provide documentation or analysis on how rate class allocations were determined by customer class and program each year, inserted in Tab 3-a.
B49: Tab 1. LRAMVA Summary | C49: Distributors are required to report any past approved LRAMVA amounts along with the current LRAMVA amount requested for approval. Distributors are also expected to provide prospective LRAM-eligible amounts related to persisting CDM savings for all years until their next rebasing application.There are separate tables indicating new lost revenues and carrying charges amounts by year and the totals for rate rider calculations.
B51: Tab 1-a. Summary of Changes | C51: Distributors should list all significant changes and changes in assumptions in the generic work form affecting the LRAMVA.
B53: Tab 2. LRAMVA Threshold | C53: Distributors should use the tables to display the LRAMVA threshold amounts as approved at a rate class level. This should be taken from the LDC’s most recently approved cost of service application.
B55: Tab 3. Distribution Rates | C55: Distributors should complete the tables with rate class specific distribution rates and adjustments as applicable.
B58: Tabs 4 and 5 (2011-to Next COS) | C58: Distributors should complete the lost revenue calculation for 2011-2014 program years and 2015-2022 program years and persisting savings until distributors next cost of service application, as applicable, by undertaking the following:
C60: o Input or manually link the savings, adjustments and program savings persistence data from Tab 7 (Persistence Report) to Tabs 4 and 5. As noted earlier, persistence data is available upon request from the IESO.
C62: o Ensure that the IESO verified savings adjustments apply to the program year it relates to. For example, savings adjustments related to 2012 programs that were reported by the IESO in 2013 should be included in the 2012 program savings table.
C64: o Confirm the monthly multipliers applied to demand savings. If a different monthly multiplier is used than what was confirmed in the LRAMVA Report, provide rationale in Tab 1-a and highlight the new monthly multiplier that has been used.
C66: o Input the rate class allocations by program and year to allocate actual savings to customers. If a different allocation is proposed for adjustments, LDCs must provide the supporting rationale in Tab 1-a and highlight the change.
C68: o Provide assumptions about the year(s) in which persistence is captured in the load forecast via the "Notes" section of each table and adjust what is included in the LRAMVA totals, as appropriate.
B70: Tab 6. Carrying Charges | C70: Distributors are requested to calculate carrying charges based on the methodology provided in the work form. This includes updating Table 6 as new prescribed interest rates for deferral and variance accounts become available and entering any collected interest amounts into the "Amounts Cleared" row to calculate outstanding variances on carrying charges. Carrying charges are not to be calculated for prospective LRAM-eligible amounts that relate to the persisting savings from CDM programs until the LDCs next cost-of-service application.
B72: Tab 7. Persistence Report | C72: Persistence savings report(s) provided by the IESO should be included for the relevant years in the LRAMVA work form. Tab 7 has been created consistently with the IESO’s persistence report.
B74: Tab 8. Streetlighting | C74: A tab is provided to ensure LDCs include documentation or data to support projects whose program savings were not provided by the IESO (i.e., streetlighting projects).

Sheet LRAMVA Checklist Schematic
B3: General Note on the LRAMVA Model The LRAMVA work form has been created in a generic manner that should allow for use by all LDCs. This LRAMVA work form consolidates information that LDCs are already required to file with the OEB. The model has been created to provide LDCs with a consistent format to display CDM impacts, the forecast savings component and, ultimately, any variance between actual CDM savings and forecast CDM savings. Additionally, LDCs are also able to calculate prospective LRAM-eligible amounts, consistent with guidance provided in the 2021 CDM Guidelines. The majority of the information required in the LRAMVA work form will be provided to LDCs from the IESO as part of the Final CDM Results and Participation and Cost Report. Please contact the IESO for any reports that may be required to complete this LRAMVA work form. The LRAMVA work form is unlocked to enable LDCs to tailor it to their own unique circumstances.
B8: LRAMVA ($) = (Actual Net CDM Savings - Forecast CDM Savings) x Distribution Volumetric Rate + Carrying Charges from LRAMVA balance
B10: Legend | C10: Drop Down List (Blue)
B12: Important Checklist
C13: o Highlight changes to this work form made by the LDC, if any, and provide rationale for the change in Tab 1-a
C14: o Include any necessary assumptions the LDC has to make in its LRAMVA work form in the "Notes" section of the work form
C15: o Provide documentation on the LRAMVA threshold by providing the reference and source material from the LDC’s cost of service proceeding where its most recent load forecast was approved
C16: o Include a copy of initiative-level persistence savings information that was verified by the IESO in Tab 7. Persistence information is available upon request from the IESO
C17: o Apply the IESO verified savings adjustments to the year it relates to.
C18: o Provide documentation or data substantiating savings from projects that were not provided in the IESO's verified results reports, inserted in Tab 8 (i.e., streetlighting projects), as applicable
B20: Work Form Calculations | C20: Source of Calculation | D20: Inputs (Tables to Complete) | E20: Source of Data Inputs | F20: Outputs of Data (Auto-Populated)
B21: Actual Incremental CDM Savings by Initiative | C21: Tabs "4. 2011-2014 LRAM" and "5. 2015-2027 LRAM" | D21: Tables 4-a to 4-d / 5-a to 5-f (Columns D & O) | E21: IESO Verified Persistence Results Reports included in Tab 7 (Columns L to BT). | F21: Tables 4-a to 4-d / 5-a to 5-f (Columns Y-AL)
B22: +/- IESO Verified Savings Adjustments | C22: Tab "4. 2011-2014 LRAM" and "5. 2015-2027 LRAM" | D22: Tables 4-a to 4-d / 5-a to 5-f (Columns D-M & Columns O-X) | E22: IESO Verified Persistence Results Reports included in Tab 7 (Columns L to BT). | F22: Tables 4-a to 4-d / 5-a to 5-f (Columns Y-AL)
B23: + Initiative Level Savings Persistence | C23: Tab "4. 2011-2014 LRAM" and "5. 2015-2027 LRAM" | D23: Tables 4-a to 4-d / 5-a to 5-f (Columns E-M & Columns P-X) | E23: IESO Verified Persistence Results Reports included in Tab 7 (Columns L to BT). | F23: Tables 4-a to 4-d / 5-a to 5-f (Columns Y-AL)
B24: x Allocation % to Rate Class | C24: Tabs "4. 2011-2014 LRAM" and "5. 2015-2027 LRAM" | D24: Tables 4-a to 4-d / 5-a to 5-f (Columns Y-AJ) | E24: Determined by the LDC
B25: Actual Lost Revenues (kWh and kW) by Rate Class | C25: Tabs "4. 2011-2014 LRAM" and "5. 2015-2027 LRAM"
B26: - Forecast Lost Revenues (kWh and kW) by Rate Class | C26: Tabs "4. 2011-2014 LRAM" and "5. 2015-2027 LRAM" | D26: Tab "2. LRAMVA Threshold" Tables 2-a, 2-b and 2-c
B27: x Distribution Rate by Rate Class | C27: Tab "3. Distribution Rates" | D27: Table 3 | E27: LDC's Approved Tariff Sheets
B28: LRAMVA ($) by Rate Class | C28: Tabs "4. 2011-2014 LRAM" and "5. 2015-2027 LRAM" | F28: Tables 1-a and 1-b
B29: + Carrying Charges ($) by Rate Class | C29: Tabs "1. LRAMVA Summary" and "6. Carrying Charges" | D29: Table 6 | F29: Table 6-a
B30: Total LRAMVA ($) by Rate Class | C30: Tab "1. LRAMVA Summary"

Sheet DropDownList
A1: Service Classifications | B1: Billing Unit | C1: Year | D1: Response | E1: Threshold | F1: Tabs | G1: Source of Persistence Reports | H1: Record
A2: Residential | B2: kWh | C2: 2006 | D2: Yes | E2: ='2. LRAMVA Threshold'!D9 -> 2013 | F2: 1. LRAMVA Summary | G2: 2011 Results Persistence | H2: Current year savings
A3: GS<50 kW | B3: kWh | C3: 2007 | D3: No | E3: ='2. LRAMVA Threshold'!D24 -> 0 | F3: 2. LRAMVA Threshold | G3: 2012 Results Persistence | H3: Adjustment
A4: GS>50 kW | B4: kW | C4: 2008 | D4: Not Applicable | F4: 3. Distribution Rates | G4: 2013 Results Persistence
A5: General Service ≥ 1,000 kW | B5: kW | C5: 2009 | F5: 4. 2011-2014 LRAM | G5: 2014 Results Persistence
A6: General Service ≥ 1,500 kW | B6: kW | C6: 2010 | F6: 5. 2015-2020 LRAM | G6: 2015 Results Persistence
A7: General Service 1,000 kW and Greater | B7: kW | C7: 2011 | F7: 6. Carrying Charges | G7: 2016 Results Persistence
A8: General Service 1,000 to 4,999 kW | B8: kW | C8: 2012 | F8: 7. Persistence Data | G8: 2017 Results Persistence
A9: General Service 1,000 to 4,999 kW (co-generation) | B9: kW | C9: 2013 | G9: 2018 Results Persistence
A10: General Service 1,500 to 4,999 kW | B10: kW | C10: 2014 | G10: 2019 Results Persistence
A11: General Service 3,000 to 4,999 kW | B11: kW | C11: 2015 | G11: 2020 Results Persistence
A12: General Service 50 to 1,499 kW | B12: kW | C12: 2016
A13: General Service 50 to 2,999 kW | B13: kW | C13: 2017
A14: General Service 50 to 4,999 kW | B14: kW | C14: 2018
A15: General Service 50 to 499 kW | B15: kW | C15: 2019
A16: General Service 50 to 699 kW | B16: kW | C16: 2020
A17: General Service 50 to 999 kW | B17: kW
A18: General Service 500 to 1,499 kW | B18: kW
A19: General Service 500 to 4,999 kW | B19: kW
A20: General Service 700 to 4,999 kW | B20: kW
A21: General Service Demand Billed (50 kW and above) - GSd | B21: kW
A22: General Service Intermediate 1,000 to 4,999 kW | B22: kW
A23: Intermediate With Self Generation | B23: kW
A24: Intermediate With Self Generation - excluding MUSH customers | B24: kW
A25: Sub-Transmission (Embedded supply to LDC or loads > 500 kW) - ST | B25: kW
A26: Unmetered Scattered Load | B26: kWh
A27: Urban General Service Demand Billed (50 kW and above) - UGd | B27: kW
A28: Embedded Distributor | B28: kW
... A40: Street Lighting | B40: kW

Sheet 1.  LRAMVA Summary
B4: Legend | C4: User Inputs (Green)
C5: Auto Populated Cells (White)
C6: Instructions (Grey)
B8: LDC Name | C8: Newmarket-Tay Power Distribution Ltd-Midland rate zone
B9: Application Details
B11: Please fill in the requested information: a) the amounts approved in the previous LRAMVA application, b) details on the current application, and c) documentation of changes if applicable.
B13: A. Previous LRAMVA Application | F13: B. Current LRAMVA Application | J13: C. Documentation of Changes
B14: Previous LRAMVA Application (EB#) | D14: EB-2021-0044 | F14: Current LRAMVA Application (EB#) | H14: EB-2022-0036 | J14: Original Amount
B15: Application of Previous LRAMVA Claim | D15: 2022 IRM Application | F15: Application of Current LRAMVA Claim | H15: 2023 IRM Application | J15: Amount for Final Disposition
B16: Period of LRAMVA Claimed in Previous Application | D16: 2020 | F16: Period of New LRAMVA in this Application | H16: 2021
B17: Amount of LRAMVA Claimed in Previous Application | D17: 45968 | F17: Period of Rate Recovery (# years) | H17: 1
F19: Actual Lost Revenues ($) | G19: A | H19: =SUM(R55,R58,R61,R64,R67,R70,R73,R76,R79,R82, R85, R88) -> 186075.71
F20: Forecast Lost Revenues ($) | G20: B | H20: =-SUM(R56,R59,R62,R65,R68,R71,R74,R77,R80,R83,R86,R89) -> 95600.674
F21: Carrying Charges ($) | G21: C | H21: =R91 -> 2374.661
F22: LRAMVA ($) for Account 1568 | G22: A-B+C | H22: =H19-H20+H21 -> 92849.701
F23: Total LRAM-Eligible Amounts for Prospective Disposition | G23: (Annual amounts to be recovered in future rate applications) | H23: =R125 -> 101202.32
B25: Table 1-a. LRAMVA Totals by Rate Class
B27: Please input the customer rate classes applicable to the LDC and associated billing units (kWh or kW) in Table 1-a below. This will update all tables throughout the workform. The LRAMVA total by rate class in Table 1-a should be used to inform the determination of rate riders in the Deferral and Variance Account Work Form or IRM Rate Generator Model. Please also ensure that the principal amounts in column E of Table 1-a capture the appropriate years and amounts for the LRAMVA claim. Column F of Table 1-a should include projected carrying charges amounts as determined on a rate class basis from Table 1-b below. NOTE: If the LDC has more than 14 customer classes in which CDM savings was allocated, LDCs must contact OEB staff to make adjustments to the workform.
B29: Customer Class | D29: Billing Unit | E29: Principal ($) | F29: Carrying Charges ($) | G29: Total LRAMVA ($)
B30: Residential | D30: kWh | E30: =SUM(D55:D90) -> 0 | F30: =D91 -> 0 | G30: =E30+F30 -> 0
B31: GS<50 kW | D31: kWh | E31: =SUM(E55:E90) -> -37876.761 | F31: =E91 -> -957.7806 | G31: =E31+F31 -> -38834.542
B32: GS>50 KW | D32: kW | E32: =SUM(F55:F90) -> 128351.8 | F32: =F91 -> 3332.4416 | G32: =E32+F32 -> 131684.24
B33: Street Lights | D33: kW | E33: =SUM(G55:G90) -> 0 | F33: =G91 -> 0 | G33: =E33+F33 -> 0
E34: =SUM(H55:H90) -> 0 | F34: =H91 -> 0 | G34: =E34+F34 -> 0
E35: =SUM(I55:I90) -> 0 | F35: =I91 -> 0 | G35: =E35+F35 -> 0
E36: =SUM(J55:J90) -> 0 | F36: =J91 -> 0 | G36: =E36+F36 -> 0
E37: =SUM(K55:K90) -> 0 | F37: =K91 -> 0 | G37: =E37+F37 -> 0
E38: =SUM(L55:L90) -> 0 | F38: =L91 -> 0 | G38: =E38+F38 -> 0
E39: =SUM(M55:M90) -> 0 | F39: =M91 -> 0 | G39: =E39+F39 -> 0
E40: =SUM(N55:N90) -> 0 | F40: =N91 -> 0 | G40: =E40+F40 -> 0
E41: =SUM(O55:O90) -> 0 | F41: =O91 -> 0 | G41: =E41+F41 -> 0
E42: =SUM(P55:P90) -> 0 | F42: =P91 -> 0 | G42: =E42+F42 -> 0
E43: =SUM(Q55:Q90) -> 0 | F43: =Q91 -> 0 | G43: =E43+F43 -> 0
B44: Total | E44: =SUM(E30:E43) -> 90475.04 | F44: =SUM(F30:F43) -> 2374.661 | G44: =SUM(G30:G43) -> 92849.701
B47: Table 1-b. Annual LRAMVA Breakdown by Year and Rate Class
B49: In column C of Table 1-b below, please insert a 'check mark' to indicate the years in which LRAMVA has been claimed. If you inserted a check-mark for a particular year, please delete the amounts associated with the actual and forecast lost revenues for all rate classes for that year, up to and including the total. Any LRAMVA from a prior year that has already been claimed cannot be included in the current LRAMVA disposition, with the exception of the case noted below.
B50: If LDCs are seeking to claim true-up amounts that were previously approved by the OEB, please note that the "Amount Cleared" rows are applicable to the LDC and should be filled out. This may relate to claiming the difference in LRAM approved before the May 19, 2016 Peak Demand Consultation, and the lost revenues that would have been incurred after that consultation, as approved by the OEB. If this is the case, reference to the decision must be noted in the rate application. If this is not the case, LDCs are requested to leave those rows blank.
B51: LDCs are expected to include projected carrying charges amounts in row 90 of Table 1-b below. LDCs should also check accuracy of the years included in the LRAMVA balance in row 92.
B53: Description | C53: LRAMVA Previously Claimed | D53: =IF($B$30<>"",$B$30,"") -> Residential | E53: =IF($B$31<>"",$B$31,"") -> GS<50 kW | F53: =IF($B$32<>"",$B$32,"") -> GS>50 KW | G53: =IF($B$33<>"",$B$33,"") -> Street Lights | H53: =IF($B$34<>"",$B$34,"") | I53: =IF($B$35<>"",$B$35,"") | J53: =IF($B$36<>"",$B$36,"") | K53: =IF($B$37<>"",$B$37,"") | L53: =IF($B$38<>"",$B$38,"") | M53: =IF($B$39<>"",$B$39,"") | N53: =IF($B$40<>"",$B$40,"") | O53: =IF($B$41<>"",$B$41,"") | P53: =IF($B$42<>"",$B$42,"") | Q53: =IF($B$43<>"",$B$43,"") | R53: Total
D54: =D30 -> kWh | E54: =D31 -> kWh | F54: =D32 -> kW | G54: =D33 -> kW | H54: =D34 -> 0 | I54: =D35 -> 0 | J54: =D36 -> 0 | K54: =D37 -> 0 | L54: =D38 -> 0 | M54: =D39 -> 0 | N54: =D40 -> 0 | O54: =D41 -> 0 | P54: =D42 -> 0 | Q54: =D43 -> 0
B55: 2011 Actuals | D55: ='4. 2011-2014 LRAM'!AM131 -> 0 | E55: ='4. 2011-2014 LRAM'!AN131 -> 0 | F55: ='4. 2011-2014 LRAM'!AO131 -> 0 | G55: ='4. 2011-2014 LRAM'!AP131 -> 0 | H55: ='4. 2011-2014 LRAM'!AQ131 -> 0 | I55: ='4. 2011-2014 LRAM'!AR131 -> 0 | J55: ='4. 2011-2014 LRAM'!AS131 -> 0 | K55: ='4. 2011-2014 LRAM'!AT131 -> 0 | ... Q55: ='4. 2011-2014 LRAM'!AZ131 -> 0 | R55: =SUM(D55:Q55) -> 0
B56: 2011 Forecast | D56: =-'4. 2011-2014 LRAM'!AM132 -> 0 | E56: =-'4. 2011-2014 LRAM'!AN132 -> 0 | F56: =-'4. 2011-2014 LRAM'!AO132 -> 0 | G56: =-'4. 2011-2014 LRAM'!AP132 -> 0 | H56: =-'4. 2011-2014 LRAM'!AQ132 -> 0 | I56: =-'4. 2011-2014 LRAM'!AR132 -> 0 | J56: =-'4. 2011-2014 LRAM'!AS132 -> 0 | K56: =-'4. 2011-2014 LRAM'!AT132 -> 0 | ... Q56: =-'4. 2011-2014 LRAM'!AZ132 -> 0 | R56: =SUM(D56:Q56) -> 0
B57: Amount Cleared
B58: 2012 Actuals | D58: ='4. 2011-2014 LRAM'!AM272 -> 0 | E58: ='4. 2011-2014 LRAM'!AN272 -> 0 | F58: ='4. 2011-2014 LRAM'!AO272 -> 0 | G58: ='4. 2011-2014 LRAM'!AP272 -> 0 | H58: ='4. 2011-2014 LRAM'!AQ272 -> 0 | I58: ='4. 2011-2014 LRAM'!AR272 -> 0 | J58: ='4. 2011-2014 LRAM'!AS272 -> 0 | K58: ='4. 2011-2014 LRAM'!AT272 -> 0 | ... Q58: ='4. 2011-2014 LRAM'!AZ272 -> 0 | R58: =SUM(D58:Q58) -> 0
B59: 2012 Forecast | D59: =-'4. 2011-2014 LRAM'!AM273 -> 0 | E59: =-'4. 2011-2014 LRAM'!AN273 -> 0 | F59: =-'4. 2011-2014 LRAM'!AO273 -> 0 | G59: =-'4. 2011-2014 LRAM'!AP273 -> 0 | H59: =-'4. 2011-2014 LRAM'!AQ273 -> 0 | I59: =-'4. 2011-2014 LRAM'!AR273 -> 0 | J59: =-'4. 2011-2014 LRAM'!AS273 -> 0 | K59: =-'4. 2011-2014 LRAM'!AT273 -> 0 | ... Q59: =-'4. 2011-2014 LRAM'!AZ273 -> 0 | R59: =SUM(D59:Q59) -> 0
B60: Amount Cleared
B61: 2013 Actuals | D61: ='4. 2011-2014 LRAM'!AM410 -> 0 | E61: ='4. 2011-2014 LRAM'!AN410 -> 0 | F61: ='4. 2011-2014 LRAM'!AO410 -> 0 | G61: ='4. 2011-2014 LRAM'!AP410 -> 0 | H61: ='4. 2011-2014 LRAM'!AQ410 -> 0 | I61: ='4. 2011-2014 LRAM'!AR410 -> 0 | J61: ='4. 2011-2014 LRAM'!AS410 -> 0 | K61: ='4. 2011-2014 LRAM'!AT410 -> 0 | ... Q61: ='4. 2011-2014 LRAM'!AZ410 -> 0 | R61: =SUM(D61:Q61) -> 0
B62: 2013 Forecast | D62: =-'4. 2011-2014 LRAM'!AM411 -> 0 | E62: =-'4. 2011-2014 LRAM'!AN411 -> 0 | F62: =-'4. 2011-2014 LRAM'!AO411 -> 0 | G62: =-'4. 2011-2014 LRAM'!AP411 -> 0 | H62: =-'4. 2011-2014 LRAM'!AQ411 -> 0 | I62: =-'4. 2011-2014 LRAM'!AR411 -> 0 | J62: =-'4. 2011-2014 LRAM'!AS411 -> 0 | K62: =-'4. 2011-2014 LRAM'!AT411 -> 0 | ... Q62: =-'4. 2011-2014 LRAM'!AZ411 -> 0 | R62: =SUM(D62:Q62) -> 0
B63: Amount Cleared
B64: 2014 Actuals | D64: ='4. 2011-2014 LRAM'!AM548 -> 0 | E64: ='4. 2011-2014 LRAM'!AN548 -> 0 | F64: ='4. 2011-2014 LRAM'!AO548 -> 0 | G64: ='4. 2011-2014 LRAM'!AP548 -> 0 | H64: ='4. 2011-2014 LRAM'!AQ548 -> 0 | I64: ='4. 2011-2014 LRAM'!AR548 -> 0 | J64: ='4. 2011-2014 LRAM'!AS548 -> 0 | K64: ='4. 2011-2014 LRAM'!AT548 -> 0 | ... Q64: ='4. 2011-2014 LRAM'!AZ548 -> 0 | R64: =SUM(D64:Q64) -> 0
B65: 2014 Forecast | D65: =-'4. 2011-2014 LRAM'!AM549 -> 0 | E65: =-'4. 2011-2014 LRAM'!AN549 -> 0 | F65: =-'4. 2011-2014 LRAM'!AO549 -> 0 | G65: =-'4. 2011-2014 LRAM'!AP549 -> 0 | H65: =-'4. 2011-2014 LRAM'!AQ549 -> 0 | I65: =-'4. 2011-2014 LRAM'!AR549 -> 0 | J65: =-'4. 2011-2014 LRAM'!AS549 -> 0 | K65: =-'4. 2011-2014 LRAM'!AT549 -> 0 | ... Q65: =-'4. 2011-2014 LRAM'!AZ549 -> 0 | R65: =SUM(D65:Q65) -> 0
B66: Amount Cleared
B67: 2015 Actuals | D67: ='5. 2015-2027 LRAM'!AG204 -> 0 | E67: ='5. 2015-2027 LRAM'!AH204 -> 0 | F67: ='5. 2015-2027 LRAM'!AI204 -> 0 | G67: ='5. 2015-2027 LRAM'!AJ204 -> 0 | H67: ='5. 2015-2027 LRAM'!AK204 -> 0 | I67: ='5. 2015-2027 LRAM'!AL204 -> 0 | J67: ='5. 2015-2027 LRAM'!AM204 -> 0 | K67: ='5. 2015-2027 LRAM'!AN204 -> 0 | ... Q67: ='5. 2015-2027 LRAM'!AT204 -> 0 | R67: =SUM(D67:Q67) -> 0
B68: 2015 Forecast | D68: =-'5. 2015-2027 LRAM'!AG205 -> 0 | E68: =-'5. 2015-2027 LRAM'!AH205 -> 0 | F68: =-'5. 2015-2027 LRAM'!AI205 -> 0 | G68: =-'5. 2015-2027 LRAM'!AJ205 -> 0 | H68: =-'5. 2015-2027 LRAM'!AK205 -> 0 | I68: =-'5. 2015-2027 LRAM'!AL205 -> 0 | J68: =-'5. 2015-2027 LRAM'!AM205 -> 0 | K68: =-'5. 2015-2027 LRAM'!AN205 -> 0 | ... Q68: =-'5. 2015-2027 LRAM'!AT205 -> 0 | R68: =SUM(D68:Q68) -> 0
B69: Amount Cleared
B70: 2016 Actuals | D70: ='5. 2015-2027 LRAM'!AG396 -> 0 | E70: ='5. 2015-2027 LRAM'!AH396 -> 0 | F70: ='5. 2015-2027 LRAM'!AI396 -> 0 | G70: ='5. 2015-2027 LRAM'!AJ396 -> 0 | H70: ='5. 2015-2027 LRAM'!AK396 -> 0 | I70: ='5. 2015-2027 LRAM'!AL396 -> 0 | J70: ='5. 2015-2027 LRAM'!AM396 -> 0 | K70: ='5. 2015-2027 LRAM'!AN396 -> 0 | ... Q70: ='5. 2015-2027 LRAM'!AT396 -> 0 | R70: =SUM(D70:Q70) -> 0
B71: 2016 Forecast | D71: =-'5. 2015-2027 LRAM'!AG397 -> 0 | E71: =-'5. 2015-2027 LRAM'!AH397 -> 0 | F71: =-'5. 2015-2027 LRAM'!AI397 -> 0 | G71: =-'5. 2015-2027 LRAM'!AJ397 -> 0 | H71: =-'5. 2015-2027 LRAM'!AK397 -> 0 | I71: =-'5. 2015-2027 LRAM'!AL397 -> 0 | J71: =-'5. 2015-2027 LRAM'!AM397 -> 0 | K71: =-'5. 2015-2027 LRAM'!AN397 -> 0 | ... Q71: =-'5. 2015-2027 LRAM'!AT397 -> 0 | R71: =SUM(D71:Q71) -> 0
B72: Amount Cleared
B73: 2017 Actuals | D73: ='5. 2015-2027 LRAM'!AG588 -> 0 | E73: ='5. 2015-2027 LRAM'!AH588 -> 0 | F73: ='5. 2015-2027 LRAM'!AI588 -> 0 | G73: ='5. 2015-2027 LRAM'!AJ588 -> 0 | H73: ='5. 2015-2027 LRAM'!AK588 -> 0 | I73: ='5. 2015-2027 LRAM'!AL588 -> 0 | J73: ='5. 2015-2027 LRAM'!AM588 -> 0 | K73: ='5. 2015-2027 LRAM'!AN588 -> 0 | ... Q73: ='5. 2015-2027 LRAM'!AT588 -> 0 | R73: =SUM(D73:Q73) -> 0
B74: 2017 Forecast | D74: =-'5. 2015-2027 LRAM'!AG589 -> 0 | E74: =-'5. 2015-2027 LRAM'!AH589 -> 0 | F74: =-'5. 2015-2027 LRAM'!AI589 -> 0 | G74: =-'5. 2015-2027 LRAM'!AJ589 -> 0 | H74: =-'5. 2015-2027 LRAM'!AK589 -> 0 | I74: =-'5. 2015-2027 LRAM'!AL589 -> 0 | J74: =-'5. 2015-2027 LRAM'!AM589 -> 0 | K74: =-'5. 2015-2027 LRAM'!AN589 -> 0 | ... Q74: =-'5. 2015-2027 LRAM'!AT589 -> 0 | R74: =SUM(D74:Q74) -> 0
B75: Amount Cleared
B76: 2018 Actuals | D76: ='5. 2015-2027 LRAM'!AG780 -> 0 | E76: ='5. 2015-2027 LRAM'!AH780 -> 0 | F76: ='5. 2015-2027 LRAM'!AI780 -> 0 | G76: ='5. 2015-2027 LRAM'!AJ780 -> 0 | H76: ='5. 2015-2027 LRAM'!AK780 -> 0 | I76: ='5. 2015-2027 LRAM'!AL780 -> 0 | J76: ='5. 2015-2027 LRAM'!AM780 -> 0 | K76: ='5. 2015-2027 LRAM'!AN780 -> 0 | ... Q76: ='5. 2015-2027 LRAM'!AT780 -> 0 | R76: =SUM(D76:Q76) -> 0
B77: 2018 Forecast | D77: =-'5. 2015-2027 LRAM'!AG781 -> 0 | E77: =-'5. 2015-2027 LRAM'!AH781 -> 0 | F77: =-'5. 2015-2027 LRAM'!AI781 -> 0 | G77: =-'5. 2015-2027 LRAM'!AJ781 -> 0 | H77: =-'5. 2015-2027 LRAM'!AK781 -> 0 | I77: =-'5. 2015-2027 LRAM'!AL781 -> 0 | J77: =-'5. 2015-2027 LRAM'!AM781 -> 0 | K77: =-'5. 2015-2027 LRAM'!AN781 -> 0 | ... Q77: =-'5. 2015-2027 LRAM'!AT781 -> 0 | R77: =SUM(D77:Q77) -> 0
B78: Amount Cleared
B79: 2019 Actuals | D79: ='5. 2015-2027 LRAM'!AG977 -> 0 | E79: ='5. 2015-2027 LRAM'!AH977 -> 0 | F79: ='5. 2015-2027 LRAM'!AI977 -> 0 | G79: ='5. 2015-2027 LRAM'!AJ977 -> 0 | H79: ='5. 2015-2027 LRAM'!AK977 -> 0 | I79: ='5. 2015-2027 LRAM'!AL977 -> 0 | J79: ='5. 2015-2027 LRAM'!AM977 -> 0 | K79: ='5. 2015-2027 LRAM'!AN977 -> 0 | ... Q79: ='5. 2015-2027 LRAM'!AT977 -> 0 | R79: =SUM(D79:Q79) -> 0
B80: 2019 Forecast | D80: =-'5. 2015-2027 LRAM'!AG978 -> 0 | E80: =-'5. 2015-2027 LRAM'!AH978 -> 0 | F80: =-'5. 2015-2027 LRAM'!AI978 -> 0 | G80: =-'5. 2015-2027 LRAM'!AJ978 -> 0 | H80: =-'5. 2015-2027 LRAM'!AK978 -> 0 | I80: =-'5. 2015-2027 LRAM'!AL978 -> 0 | J80: =-'5. 2015-2027 LRAM'!AM978 -> 0 | K80: =-'5. 2015-2027 LRAM'!AN978 -> 0 | ... Q80: =-'5. 2015-2027 LRAM'!AT978 -> 0 | R80: =SUM(D80:Q80) -> 0
B81: Amount Cleared
B82: 2020 Actuals | D82: ='5. 2015-2027 LRAM'!AG1173 -> 0 | E82: ='5. 2015-2027 LRAM'!AH1173 -> 0 | F82: ='5. 2015-2027 LRAM'!AI1173 -> 0 | G82: ='5. 2015-2027 LRAM'!AJ1173 -> 0 | H82: ='5. 2015-2027 LRAM'!AK1173 -> 0 | I82: ='5. 2015-2027 LRAM'!AL1173 -> 0 | J82: ='5. 2015-2027 LRAM'!AM1173 -> 0 | K82: ='5. 2015-2027 LRAM'!AN1173 -> 0 | ... Q82: ='5. 2015-2027 LRAM'!AT1173 -> 0 | R82: =SUM(D82:Q82) -> 0
B83: 2020 Forecast | D83: =-'5. 2015-2027 LRAM'!AG1174 -> 0 | E83: =-'5. 2015-2027 LRAM'!AH1174 -> 0 | F83: =-'5. 2015-2027 LRAM'!AI1174 -> 0 | G83: =-'5. 2015-2027 LRAM'!AJ1174 -> 0 | H83: =-'5. 2015-2027 LRAM'!AK1174 -> 0 | I83: =-'5. 2015-2027 LRAM'!AL1174 -> 0 | J83: =-'5. 2015-2027 LRAM'!AM1174 -> 0 | K83: =-'5. 2015-2027 LRAM'!AN1174 -> 0 | ... Q83: =-'5. 2015-2027 LRAM'!AT1174 -> 0 | R83: =SUM(D83:Q83) -> 0
B84: Amount Cleared
B85: 2021 Actuals | D85: ='5. 2015-2027 LRAM'!AG1369 -> 0 | E85: ='5. 2015-2027 LRAM'!AH1369 -> 27043.209 | F85: ='5. 2015-2027 LRAM'!AI1369 -> 66784.58 | G85: ='5. 2015-2027 LRAM'!AJ1369 -> 0 | H85: ='5. 2015-2027 LRAM'!AK1369 -> 0 | I85: ='5. 2015-2027 LRAM'!AL1369 -> 0 | J85: ='5. 2015-2027 LRAM'!AM1369 -> 0 | K85: ='5. 2015-2027 LRAM'!AN1369 -> 0 | ... Q85: ='5. 2015-2027 LRAM'!AT1369 -> 0 | R85: =SUM(D85:Q85) -> 93827.789
B86: 2021 Forecast | D86: =-'5. 2015-2027 LRAM'!AG1370 -> 0 | E86: =-'5. 2015-2027 LRAM'!AH1370 -> -45034.57 | F86: =-'5. 2015-2027 LRAM'!AI1370 -> -2093.76 | G86: =-'5. 2015-2027 LRAM'!AJ1370 -> 0 | H86: =-'5. 2015-2027 LRAM'!AK1370 -> 0 | I86: =-'5. 2015-2027 LRAM'!AL1370 -> 0 | J86: =-'5. 2015-2027 LRAM'!AM1370 -> 0 | K86: =-'5. 2015-2027 LRAM'!AN1370 -> 0 | ... Q86: =-'5. 2015-2027 LRAM'!AT1370 -> 0 | R86: =SUM(D86:Q86) -> -47128.33
B87: Amount Cleared
B88: 2022 Actuals | D88: ='5. 2015-2027 LRAM'!AG1564 -> 0 | E88: ='5. 2015-2027 LRAM'!AH1564 -> 26435.872 | F88: ='5. 2015-2027 LRAM'!AI1564 -> 65812.054 | G88: ='5. 2015-2027 LRAM'!AJ1564 -> 0 | H88: ='5. 2015-2027 LRAM'!AK1564 -> 0 | I88: ='5. 2015-2027 LRAM'!AL1564 -> 0 | J88: ='5. 2015-2027 LRAM'!AM1564 -> 0 | K88: ='5. 2015-2027 LRAM'!AN1564 -> 0 | ... Q88: ='5. 2015-2027 LRAM'!AT1564 -> 0 | R88: =SUM(D88:Q88) -> 92247.925
B89: 2022 Forecast | D89: =-'5. 2015-2027 LRAM'!AG1565 -> 0 | E89: =-'5. 2015-2027 LRAM'!AH1565 -> -46321.272 | F89: =-'5. 2015-2027 LRAM'!AI1565 -> -2151.072 | G89: =-'5. 2015-2027 LRAM'!AJ1565 -> 0 | H89: =-'5. 2015-2027 LRAM'!AK1565 -> 0 | I89: =-'5. 2015-2027 LRAM'!AL1565 -> 0 | J89: =-'5. 2015-2027 LRAM'!AM1565 -> 0 | K89: =-'5. 2015-2027 LRAM'!AN1565 -> 0 | ... Q89: =-'5. 2015-2027 LRAM'!AT1565 -> 0 | R89: =SUM(D89:Q89) -> -48472.344
B90: Amount Cleared
B91: Carrying Charges | D91: ='6. Carrying Charges'!I192 -> 0 | E91: ='6. Carrying Charges'!J207 -> -957.7806 | F91: ='6. Carrying Charges'!K207 -> 3332.4416 | G91: ='6. Carrying Charges'!L207 -> 0 | H91: ='6. Carrying Charges'!M207 -> 0 | I91: ='6. Carrying Charges'!N207 -> 0 | J91: ='6. Carrying Charges'!O207 -> 0 | K91: ='6. Carrying Charges'!P207 -> 0 | L91: ='6. Carrying Charges'!Q207 -> 0 | ... Q91: ='6. Carrying Charges'!V207 -> 0 | R91: =SUM(D91:Q91) -> 2374.661
B92: Total LRAMVA Balance (2011-2022) | D92: =SUM(D55:D89)+D91 -> 0 | E92: =SUM(E55:E89)+E91 -> -38834.542 | F92: =SUM(F55:F89)+F91 -> 131684.24 | G92: =SUM(G55:G89)+G91 -> 0 | H92: =SUM(H55:H89)+H91 -> 0 | I92: =SUM(I55:I89)+I91 -> 0 | J92: =SUM(J55:J89)+J91 -> 0 | K92: =SUM(K55:K89)+K91 -> 0 | ... R92: =SUM(R55:R89)+R91 -> 92849.701
B95: Table 1-c. LRAM-Eligible Amounts for Prospective Disposition
B96: Table 1-c provides a summary of all prospective LRAM-eligible amounts. Consistent with guidance in the 2021 CDM Guidelines, distributors filing an application for 2023 rates should seek disposition of all outstanding LRAMVA balances related to previously established thresholds. Distributors not rebasing for 2023 rates who have complete information on eligible savings (i.e., needing only to account for persistence of savings in future years) may seek a rate adjustment on a prospective basis to address amounts that would otherwise be recorded in the LRAMVA for all years until their next rebasing application. Prospective treatment will not be necessary for cost-of-service applications.
B97: All entries summarized below will be populated based on persisting savings from prior year CDM activities with no new savings from 2023-2027. Additionally, LRAM-eligible amounts for 2023 to 2027 are not added to the LRAMVA and do not accrue interest.
B98: In their applications for 2023 rates, distributors should apply for approval of the 2023 to 2027 LRAM-eligible amounts shown in Table 1-C. Approval will mean that the LRAM-eligible amounts are accepted as final, subject only to the annual mechanistic adjustment to be completed in subsequent rate years.
B100: Description | C100: LRAMVA Previously Claimed | D100: =IF($B$30<>"",$B$30,"") -> Residential | E100: =IF($B$31<>"",$B$31,"") -> GS<50 kW | F100: =IF($B$32<>"",$B$32,"") -> GS>50 KW | G100: =IF($B$33<>"",$B$33,"") -> Street Lights | H100: =IF($B$34<>"",$B$34,"") | I100: =IF($B$35<>"",$B$35,"") | J100: =IF($B$36<>"",$B$36,"") | K100: =IF($B$37<>"",$B$37,"") | L100: =IF($B$38<>"",$B$38,"") | M100: =IF($B$39<>"",$B$39,"") | N100: =IF($B$40<>"",$B$40,"") | O100: =IF($B$41<>"",$B$41,"") | P100: =IF($B$42<>"",$B$42,"") | Q100: =IF($B$43<>"",$B$43,"") | R100: Total
B101: 2023 Actuals (in 2022 $) | D101: ='5. 2015-2027 LRAM'!AG1598 -> 0 | E101: ='5. 2015-2027 LRAM'!AH1598 -> 25449.116 | F101: ='5. 2015-2027 LRAM'!AI1598 -> 65642.701 | G101: ='5. 2015-2027 LRAM'!AJ1598 -> 0 | H101: ='5. 2015-2027 LRAM'!AK1598 -> 0 | I101: ='5. 2015-2027 LRAM'!AL1598 -> 0 | J101: ='5. 2015-2027 LRAM'!AM1598 -> 0 | K101: ='5. 2015-2027 LRAM'!AN1598 -> 0 | ... Q101: ='5. 2015-2027 LRAM'!AT1598 -> 0 | R101: =SUM(D101:Q101) -> 91091.817
B102: 2023 Forecast (in 2022 $) | D102: =-'5. 2015-2027 LRAM'!AG1599 -> 0 | E102: =-'5. 2015-2027 LRAM'!AH1599 -> -46321.272 | F102: =-'5. 2015-2027 LRAM'!AI1599 -> -2151.072 | G102: =-'5. 2015-2027 LRAM'!AJ1599 -> 0 | H102: =-'5. 2015-2027 LRAM'!AK1599 -> 0 | I102: =-'5. 2015-2027 LRAM'!AL1599 -> 0 | J102: =-'5. 2015-2027 LRAM'!AM1599 -> 0 | K102: =-'5. 2015-2027 LRAM'!AN1599 -> 0 | ... Q102: =-'5. 2015-2027 LRAM'!AT1599 -> 0 | R102: =SUM(D102:Q102) -> -48472.344
B103: 2023 TOTAL LRAM-Eligible* | D103: =SUM(D101:D102) -> 0 | E103: =SUM(E101:E102) -> -20872.156 | F103: =SUM(F101:F102) -> 63491.629 | G103: =SUM(G101:G102) -> 0 | H103: =SUM(H101:H102) -> 0 | I103: =SUM(I101:I102) -> 0 | J103: =SUM(J101:J102) -> 0 | K103: =SUM(K101:K102) -> 0 | ... R103: =SUM(R101:R102) -> 42619.473
B104: Amount Cleared
B105: 2024 Actuals (in 2022 $) | D105: ='5. 2015-2027 LRAM'!AG1624 -> 0 | E105: ='5. 2015-2027 LRAM'!AH1624 -> 24122.04 | F105: ='5. 2015-2027 LRAM'!AI1624 -> 63815.887 | G105: ='5. 2015-2027 LRAM'!AJ1624 -> 0 | H105: ='5. 2015-2027 LRAM'!AK1624 -> 0 | I105: ='5. 2015-2027 LRAM'!AL1624 -> 0 | J105: ='5. 2015-2027 LRAM'!AM1624 -> 0 | K105: ='5. 2015-2027 LRAM'!AN1624 -> 0 | ... Q105: ='5. 2015-2027 LRAM'!AT1624 -> 0 | R105: =SUM(D105:Q105) -> 87937.927
B106: 2024 Forecast (in 2022 $) | D106: =-'5. 2015-2027 LRAM'!AG1625 -> 0 | E106: =-'5. 2015-2027 LRAM'!AH1625 -> -46321.272 | F106: =-'5. 2015-2027 LRAM'!AI1625 -> -2151.072 | G106: =-'5. 2015-2027 LRAM'!AJ1625 -> 0 | H106: =-'5. 2015-2027 LRAM'!AK1625 -> 0 | I106: =-'5. 2015-2027 LRAM'!AL1625 -> 0 | J106: =-'5. 2015-2027 LRAM'!AM1625 -> 0 | K106: =-'5. 2015-2027 LRAM'!AN1625 -> 0 | ... Q106: =-'5. 2015-2027 LRAM'!AT1625 -> 0 | R106: =SUM(D106:Q106) -> -48472.344
B107: 2024 TOTAL LRAM-Eligible* | D107: =SUM(D105:D106) -> 0 | E107: =SUM(E105:E106) -> -22199.232 | F107: =SUM(F105:F106) -> 61664.815 | G107: =SUM(G105:G106) -> 0 | H107: =SUM(H105:H106) -> 0 | I107: =SUM(I105:I106) -> 0 | J107: =SUM(J105:J106) -> 0 | K107: =SUM(K105:K106) -> 0 | ... R107: =SUM(R105:R106) -> 39465.583
B108: Amount Cleared
B109: 2025 Actuals (in 2022 $) | D109: ='5. 2015-2027 LRAM'!AG1651 -> 0 | E109: ='5. 2015-2027 LRAM'!AH1651 -> 15451.525 | F109: ='5. 2015-2027 LRAM'!AI1651 -> 46287.093 | G109: ='5. 2015-2027 LRAM'!AJ1651 -> 0 | H109: ='5. 2015-2027 LRAM'!AK1651 -> 0 | I109: ='5. 2015-2027 LRAM'!AL1651 -> 0 | J109: ='5. 2015-2027 LRAM'!AM1651 -> 0 | K109: ='5. 2015-2027 LRAM'!AN1651 -> 0 | ... Q109: ='5. 2015-2027 LRAM'!AT1651 -> 0 | R109: =SUM(D109:Q109) -> 61738.618
B110: 2025 Forecast (in 2022 $) | D110: =-'5. 2015-2027 LRAM'!AG1652 -> 0 | E110: =-'5. 2015-2027 LRAM'!AH1652 -> -46321.272 | F110: =-'5. 2015-2027 LRAM'!AI1652 -> -2151.072 | G110: =-'5. 2015-2027 LRAM'!AJ1652 -> 0 | H110: =-'5. 2015-2027 LRAM'!AK1652 -> 0 | I110: =-'5. 2015-2027 LRAM'!AL1652 -> 0 | J110: =-'5. 2015-2027 LRAM'!AM1652 -> 0 | K110: =-'5. 2015-2027 LRAM'!AN1652 -> 0 | ... Q110: =-'5. 2015-2027 LRAM'!AT1652 -> 0 | R110: =SUM(D110:Q110) -> -48472.344
B111: 2025 TOTAL LRAM-Eligible* | D111: =SUM(D109:D110) -> 0 | E111: =SUM(E109:E110) -> -30869.747 | F111: =SUM(F109:F110) -> 44136.021 | G111: =SUM(G109:G110) -> 0 | H111: =SUM(H109:H110) -> 0 | I111: =SUM(I109:I110) -> 0 | J111: =SUM(J109:J110) -> 0 | K111: =SUM(K109:K110) -> 0 | ... R111: =SUM(R109:R110) -> 13266.274
B112: Amount Cleared
B113: 2026 Actuals (in 2022 $) | D113: ='5. 2015-2027 LRAM'!AG1678 -> 0 | E113: ='5. 2015-2027 LRAM'!AH1678 -> 13117.447 | F113: ='5. 2015-2027 LRAM'!AI1678 -> 42223.858 | G113: ='5. 2015-2027 LRAM'!AJ1678 -> 0 | H113: ='5. 2015-2027 LRAM'!AK1678 -> 0 | I113: ='5. 2015-2027 LRAM'!AL1678 -> 0 | J113: ='5. 2015-2027 LRAM'!AM1678 -> 0 | K113: ='5. 2015-2027 LRAM'!AN1678 -> 0 | ... Q113: ='5. 2015-2027 LRAM'!AT1678 -> 0 | R113: =SUM(D113:Q113) -> 55341.305
B114: 2026 Forecast (in 2022 $) | D114: =-'5. 2015-2027 LRAM'!AG1679 -> 0 | E114: =-'5. 2015-2027 LRAM'!AH1679 -> -46321.272 | F114: =-'5. 2015-2027 LRAM'!AI1679 -> -2151.072 | G114: =-'5. 2015-2027 LRAM'!AJ1679 -> 0 | H114: =-'5. 2015-2027 LRAM'!AK1679 -> 0 | I114: =-'5. 2015-2027 LRAM'!AL1679 -> 0 | J114: =-'5. 2015-2027 LRAM'!AM1679 -> 0 | K114: =-'5. 2015-2027 LRAM'!AN1679 -> 0 | ... Q114: =-'5. 2015-2027 LRAM'!AT1679 -> 0 | R114: =SUM(D114:Q114) -> -48472.344
B115: 2026 TOTAL LRAM-Eligible* | D115: =SUM(D113:D114) -> 0 | E115: =SUM(E113:E114) -> -33203.825 | F115: =SUM(F113:F114) -> 40072.786 | G115: =SUM(G113:G114) -> 0 | H115: =SUM(H113:H114) -> 0 | I115: =SUM(I113:I114) -> 0 | J115: =SUM(J113:J114) -> 0 | K115: =SUM(K113:K114) -> 0 | ... R115: =SUM(R113:R114) -> 6868.9607
B116: Amount Cleared
B117: 2027 Actuals (in 2022 $) | D117: ='5. 2015-2027 LRAM'!AG1705 -> 0 | E117: ='5. 2015-2027 LRAM'!AH1705 -> 10733.676 | F117: ='5. 2015-2027 LRAM'!AI1705 -> 36720.699 | G117: ='5. 2015-2027 LRAM'!AJ1705 -> 0 | H117: ='5. 2015-2027 LRAM'!AK1705 -> 0 | I117: ='5. 2015-2027 LRAM'!AL1705 -> 0 | J117: ='5. 2015-2027 LRAM'!AM1705 -> 0 | K117: ='5. 2015-2027 LRAM'!AN1705 -> 0 | ... Q117: ='5. 2015-2027 LRAM'!AT1705 -> 0 | R117: =SUM(D117:Q117) -> 47454.375
...

Sheet 1-a.  Summary of Changes
B14: Legend | C14: User Inputs (Green)
C15: Drop Down List (Blue)
C16: Instructions (Grey)
B19: Table A-1. Changes to Generic Assumptions in LRAMVA Work Form
B21: Please document any changes in assumptions made to the generic inputs of the LRAMVA work form. This may include, but are not limited to, the use of different monthly multipliers to claim demand savings from energy efficiency programs; use of different rate allocations between current year savings and prior year savings adjustments; inclusion of additional adjustments affecting distribution rates; etc. All changes should be highlighted in the work form as well.
B23: No. | C23: Tab | D23: Cell Reference | E23: Description | G23: Rationale
B24: 1
B25: 2
B26: 3
B27: 4
B28: 5
B29: 6
B30: 7
B31: 8
B32: 9
B33: 10
B34: etc.
B36: Table A-2. Updates to LRAMVA Disposition
B37: Please document any changes related to interrogatories or questions during the application process that affect the LRAMVA amount.
B39: No. | C39: Tab | D39: Cell Reference | E39: Description | G39: Rationale
B40: 1
B41: 2
B42: 3
B43: 4
B44: 5
B45: 6
B46: 7
B47: 8
B48: 9
B49: 10
B50: etc.

Sheet 2. LRAMVA Threshold
B4: Legend | D4: User Inputs (Green)
D5: Drop Down List (Blue)
D6: Auto Populated Cells (White)
D7: Instructions (Grey)
B9: Table 2-a. LRAMVA Threshold | D9: 2013
B11: Please provide the LRAMVA threshold approved in the cost of service (COS) or custom IR (CIR) application, which is used as the comparator against actual savings in the period of the LRAMVA claim. If a manual update is required to reflect a different allocation of forecast savings that was approved by the OEB, please note the changes and provide rationale for the change in Tab 1-a.
C13: ='1. LRAMVA Summary'!R53 -> Total | D13: ='1. LRAMVA Summary'!D53 -> Residential | E13: ='1. LRAMVA Summary'!E53 -> GS<50 kW | F13: ='1. LRAMVA Summary'!F53 -> GS>50 KW | G13: ='1. LRAMVA Summary'!G53 -> Street Lights | H13: ='1. LRAMVA Summary'!H53 | I13: ='1. LRAMVA Summary'!I53 | J13: ='1. LRAMVA Summary'!J53 | K13: ='1. LRAMVA Summary'!K53 | ... Q13: ='1. LRAMVA Summary'!Q53
D14: ='1. LRAMVA Summary'!D54 -> kWh | E14: ='1. LRAMVA Summary'!E54 -> kWh | F14: ='1. LRAMVA Summary'!F54 -> kW | G14: ='1. LRAMVA Summary'!G54 -> kW | H14: ='1. LRAMVA Summary'!H54 -> 0 | I14: ='1. LRAMVA Summary'!I54 -> 0 | J14: ='1. LRAMVA Summary'!J54 -> 0 | K14: ='1. LRAMVA Summary'!K54 -> 0 | ... Q14: ='1. LRAMVA Summary'!Q54 -> 0
B15: kWh | C15: =SUM(D15:Q15) -> 3299236 | D15: 494885 | E15: 2573404 | F15: 230947
B16: kW | C16: =SUM(D16:Q16) -> 576 | F16: 576
B18: Summary | D18: =IF(D14="kw",HLOOKUP(D14,D14:D16,3,FALSE),HLOOKUP(D14,D14:D16,2,FALSE)) -> 494885 | E18: =IF(E14="kw",HLOOKUP(E14,E14:E16,3,FALSE),HLOOKUP(E14,E14:E16,2,FALSE)) -> 2573404 | F18: =IF(F14="kw",HLOOKUP(F14,F14:F16,3,FALSE),HLOOKUP(F14,F14:F16,2,FALSE)) -> 576 | G18: =IF(G14="kw",HLOOKUP(G14,G14:G16,3,FALSE),HLOOKUP(G14,G14:G16,2,FALSE)) -> 0 | H18: =IF(H14="kw",HLOOKUP(H14,H14:H16,3,FALSE),HLOOKUP(H14,H14:H16,2,FALSE)) -> 0 | I18: =IF(I14="kw",HLOOKUP(I14,I14:I16,3,FALSE),HLOOKUP(I14,I14:I16,2,FALSE)) -> 0 | J18: =IF(J14="kw",HLOOKUP(J14,J14:J16,3,FALSE),HLOOKUP(J14,J14:J16,2,FALSE)) -> 0 | K18: =IF(K14="kw",HLOOKUP(K14,K14:K16,3,FALSE),HLOOKUP(K14,K14:K16,2,FALSE)) -> 0 | ... Q18: =IF(Q14="kw",HLOOKUP(Q14,Q14:Q16,3,FALSE),HLOOKUP(Q14,Q14:Q16,2,FALSE)) -> 0
B20: Years Included in Threshold | C20: 2013-2014
B21: Source of Threshold | C21: 2013 Settlement Agreement, p. 20 of 75
B24: Table 2-b. LRAMVA Threshold
B26: Please provide the LRAMVA threshold approved in the cost of service (COS) or custom IR (CIR) application, which is used as the comparator against actual savings in the period of the LRAMVA claim. The LRAMVA threshold should generally be consistent with the annualized savings targets developed from Appendix 2-I. If a manual update is required to reflect a different allocation of forecast savings that was approved by the OEB, please note the changes and provide rationale for the change in Tab 1-a.
C28: ='1. LRAMVA Summary'!R53 -> Total | D28: ='1. LRAMVA Summary'!D53 -> Residential | E28: ='1. LRAMVA Summary'!E53 -> GS<50 kW | F28: ='1. LRAMVA Summary'!F53 -> GS>50 KW | G28: ='1. LRAMVA Summary'!G53 -> Street Lights | H28: ='1. LRAMVA Summary'!H53 | I28: ='1. LRAMVA Summary'!I53 | J28: ='1. LRAMVA Summary'!J53 | K28: ='1. LRAMVA Summary'!K53 | ... Q28: ='1. LRAMVA Summary'!Q53
D29: ='1. LRAMVA Summary'!D54 -> kWh | E29: ='1. LRAMVA Summary'!E54 -> kWh | F29: ='1. LRAMVA Summary'!F54 -> kW | G29: ='1. LRAMVA Summary'!G54 -> kW | H29: ='1. LRAMVA Summary'!H54 -> 0 | I29: ='1. LRAMVA Summary'!I54 -> 0 | J29: ='1. LRAMVA Summary'!J54 -> 0 | K29: ='1. LRAMVA Summary'!K54 -> 0 | ... Q29: ='1. LRAMVA Summary'!Q54 -> 0
B30: kWh | C30: =SUM(D30:Q30) -> 0
B31: kW | C31: =SUM(D31:Q31) -> 0
B33: Summary | D33: =IF(D29="kw",HLOOKUP(D29,D29:D31,3,FALSE),HLOOKUP(D29,D29:D31,2,FALSE)) -> 0 | E33: =IF(E29="kw",HLOOKUP(E29,E29:E31,3,FALSE),HLOOKUP(E29,E29:E31,2,FALSE)) -> 0 | F33: =IF(F29="kw",HLOOKUP(F29,F29:F31,3,FALSE),HLOOKUP(F29,F29:F31,2,FALSE)) -> 0 | G33: =IF(G29="kw",HLOOKUP(G29,G29:G31,3,FALSE),HLOOKUP(G29,G29:G31,2,FALSE)) -> 0 | H33: =IF(H29="kw",HLOOKUP(H29,H29:H31,3,FALSE),HLOOKUP(H29,H29:H31,2,FALSE)) -> 0 | I33: =IF(I29="kw",HLOOKUP(I29,I29:I31,3,FALSE),HLOOKUP(I29,I29:I31,2,FALSE)) -> 0 | J33: =IF(J29="kw",HLOOKUP(J29,J29:J31,3,FALSE),HLOOKUP(J29,J29:J31,2,FALSE)) -> 0 | K33: =IF(K29="kw",HLOOKUP(K29,K29:K31,3,FALSE),HLOOKUP(K29,K29:K31,2,FALSE)) -> 0 | ... Q33: =IF(Q29="kw",HLOOKUP(Q29,Q29:Q31,3,FALSE),HLOOKUP(Q29,Q29:Q31,2,FALSE)) -> 0
B35: Years Included in Threshold
B36: Source of Threshold | C36: 20XX Settlement Agreement, p. X
B39: Table 2-c. Inputs for LRAMVA Thresholds
B40: Please complete Table 2-c below by selecting the appropriate LRAMVA threshold year in column C. The LRAMVA threshold values in Table 2-c will auto-populate from Tables 2-a and 2-b depending on the year selected. If there was no LRAMVA threshold established for a particular year, please select the "blank" option. The LRAMVA threshold values in Table 2-c will be auto-populated in Tabs 4 and 5 of this work form.
B42: Year | C42: LRAMVA Threshold | D42: ='1. LRAMVA Summary'!D53 -> Residential | E42: ='1. LRAMVA Summary'!E53 -> GS<50 kW | F42: ='1. LRAMVA Summary'!F53 -> GS>50 KW | G42: ='1. LRAMVA Summary'!G53 -> Street Lights | H42: ='1. LRAMVA Summary'!H53 | I42: ='1. LRAMVA Summary'!I53 | J42: ='1. LRAMVA Summary'!J53 | K42: ='1. LRAMVA Summary'!K53 | ... Q42: ='1. LRAMVA Summary'!Q53
D43: ='1. LRAMVA Summary'!D54 -> kWh | E43: ='1. LRAMVA Summary'!E54 -> kWh | F43: ='1. LRAMVA Summary'!F54 -> kW | G43: ='1. LRAMVA Summary'!G54 -> kW | H43: ='1. LRAMVA Summary'!H54 -> 0 | I43: ='1. LRAMVA Summary'!I54 -> 0 | J43: ='1. LRAMVA Summary'!J54 -> 0 | K43: ='1. LRAMVA Summary'!K54 -> 0 | ... Q43: ='1. LRAMVA Summary'!Q54 -> 0
B44: 2011 | D44: =IF(ISBLANK($C$44),0,IF($C44=$D$9,HLOOKUP(D43,D14:D18,5,FALSE),HLOOKUP(D43,D29:D33,5,FALSE))) -> 0 | E44: =IF(ISBLANK($C$44),0,IF($C44=$D$9,HLOOKUP(E43,E14:E18,5,FALSE),HLOOKUP(E43,E29:E33,5,FALSE))) -> 0 | F44: =IF(ISBLANK($C$44),0,IF($C44=$D$9,HLOOKUP(F43,F14:F18,5,FALSE),HLOOKUP(F43,F29:F33,5,FALSE))) -> 0 | G44: =IF(ISBLANK($C$44),0,IF($C44=$D$9,HLOOKUP(G43,G14:G18,5,FALSE),HLOOKUP(G43,G29:G33,5,FALSE))) -> 0 | H44: =IF(ISBLANK($C$44),0,IF($C44=$D$9,HLOOKUP(H43,H14:H18,5,FALSE),HLOOKUP(H43,H29:H33,5,FALSE))) -> 0 | I44: =IF(ISBLANK($C$44),0,IF($C44=$D$9,HLOOKUP(I43,I14:I18,5,FALSE),HLOOKUP(I43,I29:I33,5,FALSE))) -> 0 | J44: =IF(ISBLANK($C$44),0,IF($C44=$D$9,HLOOKUP(J43,J14:J18,5,FALSE),HLOOKUP(J43,J29:J33,5,FALSE))) -> 0 | K44: =IF(ISBLANK($C$44),0,IF($C44=$D$9,HLOOKUP(K43,K14:K18,5,FALSE),HLOOKUP(K43,K29:K33,5,FALSE))) -> 0 | ... Q44: =IF(ISBLANK($C$44),0,IF($C44=$D$9,HLOOKUP(Q43,Q14:Q18,5,FALSE),HLOOKUP(Q43,Q29:Q33,5,FALSE))) -> 0
B45: 2012 | D45: =IF(ISBLANK($C$45),0,IF($C$45=$D$9,HLOOKUP(D43,D14:D18,5,FALSE),HLOOKUP(D43,D29:D33,5,FALSE))) -> 0 | E45: =IF(ISBLANK($C$45),0,IF($C$45=$D$9,HLOOKUP(E43,E14:E18,5,FALSE),HLOOKUP(E43,E29:E33,5,FALSE))) -> 0 | F45: =IF(ISBLANK($C$45),0,IF($C$45=$D$9,HLOOKUP(F43,F14:F18,5,FALSE),HLOOKUP(F43,F29:F33,5,FALSE))) -> 0 | G45: =IF(ISBLANK($C$45),0,IF($C$45=$D$9,HLOOKUP(G43,G14:G18,5,FALSE),HLOOKUP(G43,G29:G33,5,FALSE))) -> 0 | H45: =IF(ISBLANK($C$45),0,IF($C$45=$D$9,HLOOKUP(H43,H14:H18,5,FALSE),HLOOKUP(H43,H29:H33,5,FALSE))) -> 0 | I45: =IF(ISBLANK($C$45),0,IF($C$45=$D$9,HLOOKUP(I43,I14:I18,5,FALSE),HLOOKUP(I43,I29:I33,5,FALSE))) -> 0 | J45: =IF(ISBLANK($C$45),0,IF($C$45=$D$9,HLOOKUP(J43,J14:J18,5,FALSE),HLOOKUP(J43,J29:J33,5,FALSE))) -> 0 | K45: =IF(ISBLANK($C$45),0,IF($C$45=$D$9,HLOOKUP(K43,K14:K18,5,FALSE),HLOOKUP(K43,K29:K33,5,FALSE))) -> 0 | ... Q45: =IF(ISBLANK($C$45),0,IF($C$45=$D$9,HLOOKUP(Q43,Q14:Q18,5,FALSE),HLOOKUP(Q43,Q29:Q33,5,FALSE))) -> 0
B46: 2013 | D46: =IF(ISBLANK($C$46),0,IF($C$46=$D$9,HLOOKUP(D43,D14:D18,5,FALSE),HLOOKUP(D43,D29:D33,5,FALSE))) -> 0 | E46: =IF(ISBLANK($C$46),0,IF($C$46=$D$9,HLOOKUP(E43,E14:E18,5,FALSE),HLOOKUP(E43,E29:E33,5,FALSE))) -> 0 | F46: =IF(ISBLANK($C$46),0,IF($C$46=$D$9,HLOOKUP(F43,F14:F18,5,FALSE),HLOOKUP(F43,F29:F33,5,FALSE))) -> 0 | G46: =IF(ISBLANK($C$46),0,IF($C$46=$D$9,HLOOKUP(G43,G14:G18,5,FALSE),HLOOKUP(G43,G29:G33,5,FALSE))) -> 0 | H46: =IF(ISBLANK($C$46),0,IF($C$46=$D$9,HLOOKUP(H43,H14:H18,5,FALSE),HLOOKUP(H43,H29:H33,5,FALSE))) -> 0 | I46: =IF(ISBLANK($C$46),0,IF($C$46=$D$9,HLOOKUP(I43,I14:I18,5,FALSE),HLOOKUP(I43,I29:I33,5,FALSE))) -> 0 | J46: =IF(ISBLANK($C$46),0,IF($C$46=$D$9,HLOOKUP(J43,J14:J18,5,FALSE),HLOOKUP(J43,J29:J33,5,FALSE))) -> 0 | K46: =IF(ISBLANK($C$46),0,IF($C$46=$D$9,HLOOKUP(K43,K14:K18,5,FALSE),HLOOKUP(K43,K29:K33,5,FALSE))) -> 0 | ... Q46: =IF(ISBLANK($C$46),0,IF($C$46=$D$9,HLOOKUP(Q43,Q14:Q18,5,FALSE),HLOOKUP(Q43,Q29:Q33,5,FALSE))) -> 0
B47: 2014 | D47: =IF(ISBLANK($C$47),0,IF($C$47=$D$9,HLOOKUP(D43,D14:D18,5,FALSE),HLOOKUP(D43,D29:D33,5,FALSE))) -> 0 | E47: =IF(ISBLANK($C$47),0,IF($C$47=$D$9,HLOOKUP(E43,E14:E18,5,FALSE),HLOOKUP(E43,E29:E33,5,FALSE))) -> 0 | F47: =IF(ISBLANK($C$47),0,IF($C$47=$D$9,HLOOKUP(F43,F14:F18,5,FALSE),HLOOKUP(F43,F29:F33,5,FALSE))) -> 0 | G47: =IF(ISBLANK($C$47),0,IF($C$47=$D$9,HLOOKUP(G43,G14:G18,5,FALSE),HLOOKUP(G43,G29:G33,5,FALSE))) -> 0 | H47: =IF(ISBLANK($C$47),0,IF($C$47=$D$9,HLOOKUP(H43,H14:H18,5,FALSE),HLOOKUP(H43,H29:H33,5,FALSE))) -> 0 | I47: =IF(ISBLANK($C$47),0,IF($C$47=$D$9,HLOOKUP(I43,I14:I18,5,FALSE),HLOOKUP(I43,I29:I33,5,FALSE))) -> 0 | J47: =IF(ISBLANK($C$47),0,IF($C$47=$D$9,HLOOKUP(J43,J14:J18,5,FALSE),HLOOKUP(J43,J29:J33,5,FALSE))) -> 0 | K47: =IF(ISBLANK($C$47),0,IF($C$47=$D$9,HLOOKUP(K43,K14:K18,5,FALSE),HLOOKUP(K43,K29:K33,5,FALSE))) -> 0 | ... Q47: =IF(ISBLANK($C$47),0,IF($C$47=$D$9,HLOOKUP(Q43,Q14:Q18,5,FALSE),HLOOKUP(Q43,Q29:Q33,5,FALSE))) -> 0
B48: 2015 | D48: =IF(ISBLANK($C$48),0,IF($C$48=$D$9,HLOOKUP(D43,D14:D18,5,FALSE),HLOOKUP(D43,D29:D33,5,FALSE))) -> 0 | E48: =IF(ISBLANK($C$48),0,IF($C$48=$D$9,HLOOKUP(E43,E14:E18,5,FALSE),HLOOKUP(E43,E29:E33,5,FALSE))) -> 0 | F48: =IF(ISBLANK($C$48),0,IF($C$48=$D$9,HLOOKUP(F43,F14:F18,5,FALSE),HLOOKUP(F43,F29:F33,5,FALSE))) -> 0 | G48: =IF(ISBLANK($C$48),0,IF($C$48=$D$9,HLOOKUP(G43,G14:G18,5,FALSE),HLOOKUP(G43,G29:G33,5,FALSE))) -> 0 | H48: =IF(ISBLANK($C$48),0,IF($C$48=$D$9,HLOOKUP(H43,H14:H18,5,FALSE),HLOOKUP(H43,H29:H33,5,FALSE))) -> 0 | I48: =IF(ISBLANK($C$48),0,IF($C$48=$D$9,HLOOKUP(I43,I14:I18,5,FALSE),HLOOKUP(I43,I29:I33,5,FALSE))) -> 0 | J48: =IF(ISBLANK($C$48),0,IF($C$48=$D$9,HLOOKUP(J43,J14:J18,5,FALSE),HLOOKUP(J43,J29:J33,5,FALSE))) -> 0 | K48: =IF(ISBLANK($C$48),0,IF($C$48=$D$9,HLOOKUP(K43,K14:K18,5,FALSE),HLOOKUP(K43,K29:K33,5,FALSE))) -> 0 | ... Q48: =IF(ISBLANK($C$48),0,IF($C$48=$D$9,HLOOKUP(Q43,Q14:Q18,5,FALSE),HLOOKUP(Q43,Q29:Q33,5,FALSE))) -> 0
B49: 2016 | D49: =IF(ISBLANK($C$49),0,IF($C$49=$D$9,HLOOKUP(D43,D14:D18,5,FALSE),HLOOKUP(D43,D29:D33,5,FALSE))) -> 0 | E49: =IF(ISBLANK($C$49),0,IF($C$49=$D$9,HLOOKUP(E43,E14:E18,5,FALSE),HLOOKUP(E43,E29:E33,5,FALSE))) -> 0 | F49: =IF(ISBLANK($C$49),0,IF($C$49=$D$9,HLOOKUP(F43,F14:F18,5,FALSE),HLOOKUP(F43,F29:F33,5,FALSE))) -> 0 | G49: =IF(ISBLANK($C$49),0,IF($C$49=$D$9,HLOOKUP(G43,G14:G18,5,FALSE),HLOOKUP(G43,G29:G33,5,FALSE))) -> 0 | H49: =IF(ISBLANK($C$49),0,IF($C$49=$D$9,HLOOKUP(H43,H14:H18,5,FALSE),HLOOKUP(H43,H29:H33,5,FALSE))) -> 0 | I49: =IF(ISBLANK($C$49),0,IF($C$49=$D$9,HLOOKUP(I43,I14:I18,5,FALSE),HLOOKUP(I43,I29:I33,5,FALSE))) -> 0 | J49: =IF(ISBLANK($C$49),0,IF($C$49=$D$9,HLOOKUP(J43,J14:J18,5,FALSE),HLOOKUP(J43,J29:J33,5,FALSE))) -> 0 | K49: =IF(ISBLANK($C$49),0,IF($C$49=$D$9,HLOOKUP(K43,K14:K18,5,FALSE),HLOOKUP(K43,K29:K33,5,FALSE))) -> 0 | ... Q49: =IF(ISBLANK($C$49),0,IF($C$49=$D$9,HLOOKUP(Q43,Q14:Q18,5,FALSE),HLOOKUP(Q43,Q29:Q33,5,FALSE))) -> 0
B50: 2017 | D50: =IF(ISBLANK($C$50),0,IF($C$50=$D$9,HLOOKUP(D43,D14:D18,5,FALSE),HLOOKUP(D43,D29:D33,5,FALSE))) -> 0 | E50: =IF(ISBLANK($C$50),0,IF($C$50=$D$9,HLOOKUP(E43,E14:E18,5,FALSE),HLOOKUP(E43,E29:E33,5,FALSE))) -> 0 | F50: =IF(ISBLANK($C$50),0,IF($C$50=$D$9,HLOOKUP(F43,F14:F18,5,FALSE),HLOOKUP(F43,F29:F33,5,FALSE))) -> 0 | G50: =IF(ISBLANK($C$50),0,IF($C$50=$D$9,HLOOKUP(G43,G14:G18,5,FALSE),HLOOKUP(G43,G29:G33,5,FALSE))) -> 0 | H50: =IF(ISBLANK($C$50),0,IF($C$50=$D$9,HLOOKUP(H43,H14:H18,5,FALSE),HLOOKUP(H43,H29:H33,5,FALSE))) -> 0 | I50: =IF(ISBLANK($C$50),0,IF($C$50=$D$9,HLOOKUP(I43,I14:I18,5,FALSE),HLOOKUP(I43,I29:I33,5,FALSE))) -> 0 | J50: =IF(ISBLANK($C$50),0,IF($C$50=$D$9,HLOOKUP(J43,J14:J18,5,FALSE),HLOOKUP(J43,J29:J33,5,FALSE))) -> 0 | K50: =IF(ISBLANK($C$50),0,IF($C$50=$D$9,HLOOKUP(K43,K14:K18,5,FALSE),HLOOKUP(K43,K29:K33,5,FALSE))) -> 0 | ... Q50: =IF(ISBLANK($C$50),0,IF($C$50=$D$9,HLOOKUP(Q43,Q14:Q18,5,FALSE),HLOOKUP(Q43,Q29:Q33,5,FALSE))) -> 0
B51: 2018 | D51: =IF(ISBLANK($C$51),0,IF($C$51=$D$9,HLOOKUP(D43,D14:D18,5,FALSE),HLOOKUP(D43,D29:D33,5,FALSE))) -> 0 | E51: =IF(ISBLANK($C$51),0,IF($C$51=$D$9,HLOOKUP(E43,E14:E18,5,FALSE),HLOOKUP(E43,E29:E33,5,FALSE))) -> 0 | F51: =IF(ISBLANK($C$51),0,IF($C$51=$D$9,HLOOKUP(F43,F14:F18,5,FALSE),HLOOKUP(F43,F29:F33,5,FALSE))) -> 0 | G51: =IF(ISBLANK($C$51),0,IF($C$51=$D$9,HLOOKUP(G43,G14:G18,5,FALSE),HLOOKUP(G43,G29:G33,5,FALSE))) -> 0 | H51: =IF(ISBLANK($C$51),0,IF($C$51=$D$9,HLOOKUP(H43,H14:H18,5,FALSE),HLOOKUP(H43,H29:H33,5,FALSE))) -> 0 | I51: =IF(ISBLANK($C$51),0,IF($C$51=$D$9,HLOOKUP(I43,I14:I18,5,FALSE),HLOOKUP(I43,I29:I33,5,FALSE))) -> 0 | J51: =IF(ISBLANK($C$51),0,IF($C$51=$D$9,HLOOKUP(J43,J14:J18,5,FALSE),HLOOKUP(J43,J29:J33,5,FALSE))) -> 0 | K51: =IF(ISBLANK($C$51),0,IF($C$51=$D$9,HLOOKUP(K43,K14:K18,5,FALSE),HLOOKUP(K43,K29:K33,5,FALSE))) -> 0 | ... Q51: =IF(ISBLANK($C$51),0,IF($C$51=$D$9,HLOOKUP(Q43,Q14:Q18,5,FALSE),HLOOKUP(Q43,Q29:Q33,5,FALSE))) -> 0
B52: 2019 | D52: =IF(ISBLANK($C$52),0,IF($C$52=$D$9,HLOOKUP(D43,D14:D18,5,FALSE),HLOOKUP(D43,D29:D33,5,FALSE))) -> 0 | E52: =IF(ISBLANK($C$52),0,IF($C$52=$D$9,HLOOKUP(E43,E14:E18,5,FALSE),HLOOKUP(E43,E29:E33,5,FALSE))) -> 0 | F52: =IF(ISBLANK($C$52),0,IF($C$52=$D$9,HLOOKUP(F43,F14:F18,5,FALSE),HLOOKUP(F43,F29:F33,5,FALSE))) -> 0 | G52: =IF(ISBLANK($C$52),0,IF($C$52=$D$9,HLOOKUP(G43,G14:G18,5,FALSE),HLOOKUP(G43,G29:G33,5,FALSE))) -> 0 | H52: =IF(ISBLANK($C$52),0,IF($C$52=$D$9,HLOOKUP(H43,H14:H18,5,FALSE),HLOOKUP(H43,H29:H33,5,FALSE))) -> 0 | I52: =IF(ISBLANK($C$52),0,IF($C$52=$D$9,HLOOKUP(I43,I14:I18,5,FALSE),HLOOKUP(I43,I29:I33,5,FALSE))) -> 0 | J52: =IF(ISBLANK($C$52),0,IF($C$52=$D$9,HLOOKUP(J43,J14:J18,5,FALSE),HLOOKUP(J43,J29:J33,5,FALSE))) -> 0 | K52: =IF(ISBLANK($C$52),0,IF($C$52=$D$9,HLOOKUP(K43,K14:K18,5,FALSE),HLOOKUP(K43,K29:K33,5,FALSE))) -> 0 | ... Q52: =IF(ISBLANK($C$52),0,IF($C$52=$D$9,HLOOKUP(Q43,Q14:Q18,5,FALSE),HLOOKUP(Q43,Q29:Q33,5,FALSE))) -> 0
B53: 2020 | D53: =IF(ISBLANK($C$53),0,IF($C$53=$D$9,HLOOKUP(D43,D14:D18,5,FALSE),HLOOKUP(D43,D29:D33,5,FALSE))) -> 0 | E53: =IF(ISBLANK($C$53),0,IF($C$53=$D$9,HLOOKUP(E43,E14:E18,5,FALSE),HLOOKUP(E43,E29:E33,5,FALSE))) -> 0 | F53: =IF(ISBLANK($C$53),0,IF($C$53=$D$9,HLOOKUP(F43,F14:F18,5,FALSE),HLOOKUP(F43,F29:F33,5,FALSE))) -> 0 | G53: =IF(ISBLANK($C$53),0,IF($C$53=$D$9,HLOOKUP(G43,G14:G18,5,FALSE),HLOOKUP(G43,G29:G33,5,FALSE))) -> 0 | H53: =IF(ISBLANK($C$53),0,IF($C$53=$D$9,HLOOKUP(H43,H14:H18,5,FALSE),HLOOKUP(H43,H29:H33,5,FALSE))) -> 0 | I53: =IF(ISBLANK($C$53),0,IF($C$53=$D$9,HLOOKUP(I43,I14:I18,5,FALSE),HLOOKUP(I43,I29:I33,5,FALSE))) -> 0 | J53: =IF(ISBLANK($C$53),0,IF($C$53=$D$9,HLOOKUP(J43,J14:J18,5,FALSE),HLOOKUP(J43,J29:J33,5,FALSE))) -> 0 | K53: =IF(ISBLANK($C$53),0,IF($C$53=$D$9,HLOOKUP(K43,K14:K18,5,FALSE),HLOOKUP(K43,K29:K33,5,FALSE))) -> 0 | ... Q53: =IF(ISBLANK($C$53),0,IF($C$53=$D$9,HLOOKUP(Q43,Q14:Q18,5,FALSE),HLOOKUP(Q43,Q29:Q33,5,FALSE))) -> 0
B54: 2021 | C54: 2013 | D54: =IF(ISBLANK($C$54),0,IF($C$54=$D$9,HLOOKUP(D43,D14:D18,5,FALSE),HLOOKUP(D43,D29:D33,5,FALSE))) -> 494885 | E54: =IF(ISBLANK($C$54),0,IF($C$54=$D$9,HLOOKUP(E43,E14:E18,5,FALSE),HLOOKUP(E43,E29:E33,5,FALSE))) -> 2573404 | F54: =IF(ISBLANK($C$54),0,IF($C$54=$D$9,HLOOKUP(F43,F14:F18,5,FALSE),HLOOKUP(F43,F29:F33,5,FALSE))) -> 576 | G54: =IF(ISBLANK($C$54),0,IF($C$54=$D$9,HLOOKUP(G43,G14:G18,5,FALSE),HLOOKUP(G43,G29:G33,5,FALSE))) -> 0 | H54: =IF(ISBLANK($C$54),0,IF($C$54=$D$9,HLOOKUP(H43,H14:H18,5,FALSE),HLOOKUP(H43,H29:H33,5,FALSE))) -> 0 | I54: =IF(ISBLANK($C$54),0,IF($C$54=$D$9,HLOOKUP(I43,I14:I18,5,FALSE),HLOOKUP(I43,I29:I33,5,FALSE))) -> 0 | J54: =IF(ISBLANK($C$54),0,IF($C$54=$D$9,HLOOKUP(J43,J14:J18,5,FALSE),HLOOKUP(J43,J29:J33,5,FALSE))) -> 0 | K54: =IF(ISBLANK($C$54),0,IF($C$54=$D$9,HLOOKUP(K43,K14:K18,5,FALSE),HLOOKUP(K43,K29:K33,5,FALSE))) -> 0 | ... Q54: =IF(ISBLANK($C$54),0,IF($C$54=$D$9,HLOOKUP(Q43,Q14:Q18,5,FALSE),HLOOKUP(Q43,Q29:Q33,5,FALSE))) -> 0
B55: 2022 | C55: 2013 | D55: =IF(ISBLANK($C$55),0,IF($C$55=$D$9,HLOOKUP(D43,D14:D18,5,FALSE),HLOOKUP(D43,D29:D33,5,FALSE))) -> 494885 | E55: =IF(ISBLANK($C$55),0,IF($C$55=$D$9,HLOOKUP(E43,E14:E18,5,FALSE),HLOOKUP(E43,E29:E33,5,FALSE))) -> 2573404 | F55: =IF(ISBLANK($C$55),0,IF($C$55=$D$9,HLOOKUP(F43,F14:F18,5,FALSE),HLOOKUP(F43,F29:F33,5,FALSE))) -> 576 | G55: =IF(ISBLANK($C$55),0,IF($C$55=$D$9,HLOOKUP(G43,G14:G18,5,FALSE),HLOOKUP(G43,G29:G33,5,FALSE))) -> 0 | H55: =IF(ISBLANK($C$55),0,IF($C$55=$D$9,HLOOKUP(H43,H14:H18,5,FALSE),HLOOKUP(H43,H29:H33,5,FALSE))) -> 0 | I55: =IF(ISBLANK($C$55),0,IF($C$55=$D$9,HLOOKUP(I43,I14:I18,5,FALSE),HLOOKUP(I43,I29:I33,5,FALSE))) -> 0 | J55: =IF(ISBLANK($C$55),0,IF($C$55=$D$9,HLOOKUP(J43,J14:J18,5,FALSE),HLOOKUP(J43,J29:J33,5,FALSE))) -> 0 | K55: =IF(ISBLANK($C$55),0,IF($C$55=$D$9,HLOOKUP(K43,K14:K18,5,FALSE),HLOOKUP(K43,K29:K33,5,FALSE))) -> 0 | ... Q55: =IF(ISBLANK($C$55),0,IF($C$55=$D$9,HLOOKUP(Q43,Q14:Q18,5,FALSE),HLOOKUP(Q43,Q29:Q33,5,FALSE))) -> 0
B56: 2023 | C56: 2013 | D56: =IF(ISBLANK($C$56),0,IF($C$56=$D$9,HLOOKUP(D43,D14:D18,5,FALSE),HLOOKUP(D43,D29:D33,5,FALSE))) -> 494885 | E56: =IF(ISBLANK($C$56),0,IF($C$56=$D$9,HLOOKUP(E43,E14:E18,5,FALSE),HLOOKUP(E43,E29:E33,5,FALSE))) -> 2573404 | F56: =IF(ISBLANK($C$56),0,IF($C$56=$D$9,HLOOKUP(F43,F14:F18,5,FALSE),HLOOKUP(F43,F29:F33,5,FALSE))) -> 576 | G56: =IF(ISBLANK($C$56),0,IF($C$56=$D$9,HLOOKUP(G43,G14:G18,5,FALSE),HLOOKUP(G43,G29:G33,5,FALSE))) -> 0 | H56: =IF(ISBLANK($C$56),0,IF($C$56=$D$9,HLOOKUP(H43,H14:H18,5,FALSE),HLOOKUP(H43,H29:H33,5,FALSE))) -> 0 | I56: =IF(ISBLANK($C$56),0,IF($C$56=$D$9,HLOOKUP(I43,I14:I18,5,FALSE),HLOOKUP(I43,I29:I33,5,FALSE))) -> 0 | J56: =IF(ISBLANK($C$56),0,IF($C$56=$D$9,HLOOKUP(J43,J14:J18,5,FALSE),HLOOKUP(J43,J29:J33,5,FALSE))) -> 0 | K56: =IF(ISBLANK($C$56),0,IF($C$56=$D$9,HLOOKUP(K43,K14:K18,5,FALSE),HLOOKUP(K43,K29:K33,5,FALSE))) -> 0 | ... Q56: =IF(ISBLANK($C$56),0,IF($C$56=$D$9,HLOOKUP(Q43,Q14:Q18,5,FALSE),HLOOKUP(Q43,Q29:Q33,5,FALSE))) -> 0
B57: 2024 | C57: 2013 | D57: =IF(ISBLANK($C$57),0,IF($C$57=$D$9,HLOOKUP(D43,D14:D18,5,FALSE),HLOOKUP(D43,D29:D33,5,FALSE))) -> 494885 | E57: =IF(ISBLANK($C$57),0,IF($C$57=$D$9,HLOOKUP(E43,E14:E18,5,FALSE),HLOOKUP(E43,E29:E33,5,FALSE))) -> 2573404 | F57: =IF(ISBLANK($C$57),0,IF($C$57=$D$9,HLOOKUP(F43,F14:F18,5,FALSE),HLOOKUP(F43,F29:F33,5,FALSE))) -> 576 | G57: =IF(ISBLANK($C$57),0,IF($C$57=$D$9,HLOOKUP(G43,G14:G18,5,FALSE),HLOOKUP(G43,G29:G33,5,FALSE))) -> 0 | H57: =IF(ISBLANK($C$57),0,IF($C$57=$D$9,HLOOKUP(H43,H14:H18,5,FALSE),HLOOKUP(H43,H29:H33,5,FALSE))) -> 0 | I57: =IF(ISBLANK($C$57),0,IF($C$57=$D$9,HLOOKUP(I43,I14:I18,5,FALSE),HLOOKUP(I43,I29:I33,5,FALSE))) -> 0 | J57: =IF(ISBLANK($C$57),0,IF($C$57=$D$9,HLOOKUP(J43,J14:J18,5,FALSE),HLOOKUP(J43,J29:J33,5,FALSE))) -> 0 | K57: =IF(ISBLANK($C$57),0,IF($C$57=$D$9,HLOOKUP(K43,K14:K18,5,FALSE),HLOOKUP(K43,K29:K33,5,FALSE))) -> 0 | ... Q57: =IF(ISBLANK($C$57),0,IF($C$57=$D$9,HLOOKUP(Q43,Q14:Q18,5,FALSE),HLOOKUP(Q43,Q29:Q33,5,FALSE))) -> 0
B58: 2025 | C58: 2013 | D58: =IF(ISBLANK($C$58),0,IF($C$58=$D$9,HLOOKUP(D43,D14:D18,5,FALSE),HLOOKUP(D43,D29:D33,5,FALSE))) -> 494885 | E58: =IF(ISBLANK($C$58),0,IF($C$58=$D$9,HLOOKUP(E43,E14:E18,5,FALSE),HLOOKUP(E43,E29:E33,5,FALSE))) -> 2573404 | F58: =IF(ISBLANK($C$58),0,IF($C$58=$D$9,HLOOKUP(F43,F14:F18,5,FALSE),HLOOKUP(F43,F29:F33,5,FALSE))) -> 576 | G58: =IF(ISBLANK($C$58),0,IF($C$58=$D$9,HLOOKUP(G43,G14:G18,5,FALSE),HLOOKUP(G43,G29:G33,5,FALSE))) -> 0 | H58: =IF(ISBLANK($C$58),0,IF($C$58=$D$9,HLOOKUP(H43,H14:H18,5,FALSE),HLOOKUP(H43,H29:H33,5,FALSE))) -> 0 | I58: =IF(ISBLANK($C$58),0,IF($C$58=$D$9,HLOOKUP(I43,I14:I18,5,FALSE),HLOOKUP(I43,I29:I33,5,FALSE))) -> 0 | J58: =IF(ISBLANK($C$58),0,IF($C$58=$D$9,HLOOKUP(J43,J14:J18,5,FALSE),HLOOKUP(J43,J29:J33,5,FALSE))) -> 0 | K58: =IF(ISBLANK($C$58),0,IF($C$58=$D$9,HLOOKUP(K43,K14:K18,5,FALSE),HLOOKUP(K43,K29:K33,5,FALSE))) -> 0 | ... Q58: =IF(ISBLANK($C$58),0,IF($C$58=$D$9,HLOOKUP(Q43,Q14:Q18,5,FALSE),HLOOKUP(Q43,Q29:Q33,5,FALSE))) -> 0
B59: 2026 | C59: 2013 | D59: =IF(ISBLANK($C$59),0,IF($C$59=$D$9,HLOOKUP(D43,D14:D18,5,FALSE),HLOOKUP(D43,D29:D33,5,FALSE))) -> 494885 | E59: =IF(ISBLANK($C$59),0,IF($C$59=$D$9,HLOOKUP(E43,E14:E18,5,FALSE),HLOOKUP(E43,E29:E33,5,FALSE))) -> 2573404 | F59: =IF(ISBLANK($C$59),0,IF($C$59=$D$9,HLOOKUP(F43,F14:F18,5,FALSE),HLOOKUP(F43,F29:F33,5,FALSE))) -> 576 | G59: =IF(ISBLANK($C$59),0,IF($C$59=$D$9,HLOOKUP(G43,G14:G18,5,FALSE),HLOOKUP(G43,G29:G33,5,FALSE))) -> 0 | H59: =IF(ISBLANK($C$59),0,IF($C$59=$D$9,HLOOKUP(H43,H14:H18,5,FALSE),HLOOKUP(H43,H29:H33,5,FALSE))) -> 0 | I59: =IF(ISBLANK($C$59),0,IF($C$59=$D$9,HLOOKUP(I43,I14:I18,5,FALSE),HLOOKUP(I43,I29:I33,5,FALSE))) -> 0 | J59: =IF(ISBLANK($C$59),0,IF($C$59=$D$9,HLOOKUP(J43,J14:J18,5,FALSE),HLOOKUP(J43,J29:J33,5,FALSE))) -> 0 | K59: =IF(ISBLANK($C$59),0,IF($C$59=$D$9,HLOOKUP(K43,K14:K18,5,FALSE),HLOOKUP(K43,K29:K33,5,FALSE))) -> 0 | ... Q59: =IF(ISBLANK($C$59),0,IF($C$59=$D$9,HLOOKUP(Q43,Q14:Q18,5,FALSE),HLOOKUP(Q43,Q29:Q33,5,FALSE))) -> 0
B60: 2027 | C60: 2013 | D60: =IF(ISBLANK($C$60),0,IF($C$60=$D$9,HLOOKUP(D43,D14:D18,5,FALSE),HLOOKUP(D43,D29:D33,5,FALSE))) -> 494885 | E60: =IF(ISBLANK($C$60),0,IF($C$60=$D$9,HLOOKUP(E43,E14:E18,5,FALSE),HLOOKUP(E43,E29:E33,5,FALSE))) -> 2573404 | F60: =IF(ISBLANK($C$60),0,IF($C$60=$D$9,HLOOKUP(F43,F14:F18,5,FALSE),HLOOKUP(F43,F29:F33,5,FALSE))) -> 576 | G60: =IF(ISBLANK($C$60),0,IF($C$60=$D$9,HLOOKUP(G43,G14:G18,5,FALSE),HLOOKUP(G43,G29:G33,5,FALSE))) -> 0 | H60: =IF(ISBLANK($C$60),0,IF($C$60=$D$9,HLOOKUP(H43,H14:H18,5,FALSE),HLOOKUP(H43,H29:H33,5,FALSE))) -> 0 | I60: =IF(ISBLANK($C$60),0,IF($C$60=$D$9,HLOOKUP(I43,I14:I18,5,FALSE),HLOOKUP(I43,I29:I33,5,FALSE))) -> 0 | J60: =IF(ISBLANK($C$60),0,IF($C$60=$D$9,HLOOKUP(J43,J14:J18,5,FALSE),HLOOKUP(J43,J29:J33,5,FALSE))) -> 0 | K60: =IF(ISBLANK($C$60),0,IF($C$60=$D$9,HLOOKUP(K43,K14:K18,5,FALSE),HLOOKUP(K43,K29:K33,5,FALSE))) -> 0 | ... Q60: =IF(ISBLANK($C$60),0,IF($C$60=$D$9,HLOOKUP(Q43,Q14:Q18,5,FALSE),HLOOKUP(Q43,Q29:Q33,5,FALSE))) -> 0
B61: Note: LDC to make note of assumptions included above, if any

Sheet 3.  Distribution Rates
B4: Legend | C4: User Inputs (Green)
C5: Auto Populated Cells (White)
C6: Instructions (Grey)
B8: Tables | C8: Table 3
C9: Table 3-a.
B11: Table 3. Inputs for Distribution Rates and Adjustments by Rate Class
B12: Please complete Table 3 with the rate class specific distribution rates that pertain to the years of the LRAMVA disposition. Any adjustments that affect distribution rates can be incorporated in the calculation by expanding the "plus" button at the left hand bar. Table 3 will convert the distribution rates to a calendar year rate (January to December) based on the number of months entered in row 16 of each rate year starting from January to the start of the LDC's rate year. Please enter 0 in row 16, if the rate year begins on January 1. If there are additional adjustments (i.e., rows) added to Table 3, please adjust the formulas in Table 3-a accordingly.
C14: Billing Unit | D14: EB-2009-0236 | E14: EB-2010-0099 | F14: EB-2011-0434 | G14: EB-2012-0147 | H14: EB-2013-0151 | I14: EB-2014-0093 | J14: EB-2015-0088 | K14: EB-2016-0092 | L14: EB-2017-0060 | M14: EB-2018-0055 | N14: EB-2019-0055 | O14: EB-2020-0041 | P14: EB-2021-0044
B15: Rate Year | D15: 2010 | E15: 2011 | F15: 2012 | G15: 2013 | H15: 2014 | I15: 2015 | J15: 2016 | K15: 2017 | L15: 2018 | M15: 2019 | N15: 2020 | O15: 2021 | P15: 2022
B16: Period 1 (# months) | D16: 4 | E16: 4 | F16: 4 | G16: 4 | H16: 4 | I16: 4 | J16: 4 | K16: 4 | L16: 4 | M16: 4 | N16: 4 | O16: 4 | P16: 4
B17: Period 2 (# months) | D17: =12-D16 -> 8 | E17: =12-E16 -> 8 | F17: =12-F16 -> 8 | G17: =12-G16 -> 8 | H17: =12-H16 -> 8 | I17: =12-I16 -> 8 | J17: =12-J16 -> 8 | K17: =12-K16 -> 8 | ... P17: =12-P16 -> 8
B18: ='1. LRAMVA Summary'!B30 -> Residential | C18: ='2. LRAMVA Threshold'!D43 -> kWh | D18: 0.0194 | E18: 0.0194 | F18: 0.0196 | G18: 0.02 | H18: 0.0203 | I18: 0.0205 | J18: 0.0157 | K18: 0.0107 | L18: 0.0054
B19: Rate rider for tax sharing
B20: Rate rider for foregone revenue
B21: Other
B22: Adjusted rate | D22: =SUM(D18:D21) -> 0.0194 | E22: =SUM(E18:E21) -> 0.0194 | F22: =SUM(F18:F21) -> 0.0196 | G22: =SUM(G18:G21) -> 0.02 | H22: =SUM(H18:H21) -> 0.0203 | I22: =SUM(I18:I21) -> 0.0205 | J22: =SUM(J18:J21) -> 0.0157 | K22: =SUM(K18:K21) -> 0.0107 | ... P22: =SUM(P18:P21) -> 0
B23: Calendar year equivalent | E23: =ROUND(SUM(D22*E16+E22*E17)/12,4) -> 0.0194 | F23: =ROUND(SUM(E22*F16+F22*F17)/12,4) -> 0.0195 | G23: =ROUND(SUM(F22*G16+G22*G17)/12,4) -> 0.0199 | H23: =ROUND(SUM(G22*H16+H22*H17)/12,4) -> 0.0202 | I23: =ROUND(SUM(H22*I16+I22*I17)/12,4) -> 0.0204 | J23: =ROUND(SUM(I22*J16+J22*J17)/12,4) -> 0.0173 | K23: =ROUND(SUM(J22*K16+K22*K17)/12,4) -> 0.0124 | L23: =ROUND(SUM(K22*L16+L22*L17)/12,4) -> 0.0072 | ... P23: =ROUND(SUM(O22*P16+P22*P17)/12,4) -> 0
B25: ='1. LRAMVA Summary'!B31 -> GS<50 kW | C25: ='2. LRAMVA Threshold'!E43 -> kWh | D25: 0.0154 | E25: 0.0154 | F25: 0.0155 | G25: 0.0158 | H25: 0.016 | I25: 0.0162 | J25: 0.0165 | K25: 0.0167 | L25: 0.0168 | M25: 0.017 | N25: 0.0173 | O25: 0.0176 | P25: 0.0182
B26: Rate rider for tax sharing
B27: Rate rider for foregone revenue
B28: Other
B29: Adjusted rate | D29: =SUM(D25:D28) -> 0.0154 | E29: =SUM(E25:E28) -> 0.0154 | F29: =SUM(F25:F28) -> 0.0155 | G29: =SUM(G25:G28) -> 0.0158 | H29: =SUM(H25:H28) -> 0.016 | I29: =SUM(I25:I28) -> 0.0162 | J29: =SUM(J25:J28) -> 0.0165 | K29: =SUM(K25:K28) -> 0.0167 | ... P29: =SUM(P25:P28) -> 0.0182
B30: Calendar year equivalent | E30: =ROUND(SUM(D29*E16+E29*E17)/12,4) -> 0.0154 | F30: =ROUND(SUM(E29*F16+F29*F17)/12,4) -> 0.0155 | G30: =ROUND(SUM(F29*G16+G29*G17)/12,4) -> 0.0157 | H30: =ROUND(SUM(G29*H16+H29*H17)/12,4) -> 0.0159 | I30: =ROUND(SUM(H29*I16+I29*I17)/12,4) -> 0.0161 | J30: =ROUND(SUM(I29*J16+J29*J17)/12,4) -> 0.0164 | K30: =ROUND(SUM(J29*K16+K29*K17)/12,4) -> 0.0166 | L30: =ROUND(SUM(K29*L16+L29*L17)/12,4) -> 0.0168 | ... P30: =ROUND(SUM(O29*P16+P29*P17)/12,4) -> 0.018
B32: ='1. LRAMVA Summary'!B32 -> GS>50 KW | C32: ='2. LRAMVA Threshold'!F43 -> kW | D32: 2.964 | E32: 2.9693 | F32: 2.9954 | G32: 3.0849 | H32: 3.1235 | I32: 3.1594 | J32: 3.2115 | K32: 3.2581 | L32: 3.2825 | M32: 3.317 | N32: 3.5895 | O32: 3.6577 | P32: 3.7729
B33: Rate rider for tax sharing
B34: Rate rider for foregone revenue
B35: Other
B36: Adjusted rate | D36: =SUM(D32:D35) -> 2.964 | E36: =SUM(E32:E35) -> 2.9693 | F36: =SUM(F32:F35) -> 2.9954 | G36: =SUM(G32:G35) -> 3.0849 | H36: =SUM(H32:H35) -> 3.1235 | I36: =SUM(I32:I35) -> 3.1594 | J36: =SUM(J32:J35) -> 3.2115 | K36: =SUM(K32:K35) -> 3.2581 | ... P36: =SUM(P32:P35) -> 3.7729
B37: Calendar year equivalent | E37: =ROUND(SUM(D36*E16+E36*E17)/12,4) -> 2.9675 | F37: =ROUND(SUM(E36*F16+F36*F17)/12,4) -> 2.9867 | G37: =ROUND(SUM(F36*G16+G36*G17)/12,4) -> 3.0551 | H37: =ROUND(SUM(G36*H16+H36*H17)/12,4) -> 3.1106 | I37: =ROUND(SUM(H36*I16+I36*I17)/12,4) -> 3.1474 | J37: =ROUND(SUM(I36*J16+J36*J17)/12,4) -> 3.1941 | K37: =ROUND(SUM(J36*K16+K36*K17)/12,4) -> 3.2426 | L37: =ROUND(SUM(K36*L16+L36*L17)/12,4) -> 3.2744 | ... P37: =ROUND(SUM(O36*P16+P36*P17)/12,4) -> 3.7345
B39: ='1. LRAMVA Summary'!B33 -> Street Lights | C39: ='2. LRAMVA Threshold'!G43 -> kW | D39: 8.5358 | E39: 8.5512 | F39: 8.6265 | G39: 8.4572 | H39: 8.5629 | I39: 8.6614 | J39: 8.8043 | K39: 8.932 | L39: 8.999 | M39: 9.0935 | N39: 3.8429 | O39: 3.9159 | P39: 4.0393
B40: Rate rider for tax sharing
B41: Rate rider for foregone revenue
B42: Other
B43: Adjusted rate | D43: =SUM(D39:D42) -> 8.5358 | E43: =SUM(E39:E42) -> 8.5512 | F43: =SUM(F39:F42) -> 8.6265 | G43: =SUM(G39:G42) -> 8.4572 | H43: =SUM(H39:H42) -> 8.5629 | I43: =SUM(I39:I42) -> 8.6614 | J43: =SUM(J39:J42) -> 8.8043 | K43: =SUM(K39:K42) -> 8.932 | ... P43: =SUM(P39:P42) -> 4.0393
B44: Calendar year equivalent | E44: =ROUND(SUM(D43*E16+E43*E17)/12,4) -> 8.5461 | F44: =ROUND(SUM(E43*F16+F43*F17)/12,4) -> 8.6014 | G44: =ROUND(SUM(F43*G16+G43*G17)/12,4) -> 8.5136 | H44: =ROUND(SUM(G43*H16+H43*H17)/12,4) -> 8.5277 | I44: =ROUND(SUM(H43*I16+I43*I17)/12,4) -> 8.6286 | J44: =ROUND(SUM(I43*J16+J43*J17)/12,4) -> 8.7567 | K44: =ROUND(SUM(J43*K16+K43*K17)/12,4) -> 8.8894 | L44: =ROUND(SUM(K43*L16+L43*L17)/12,4) -> 8.9767 | ... P44: =ROUND(SUM(O43*P16+P43*P17)/12,4) -> 3.9982
B46: ='1. LRAMVA Summary'!B34 -> 0 | C46: ='2. LRAMVA Threshold'!H43 -> 0
B47: Rate rider for tax sharing
B48: Rate rider for foregone revenue
B49: Other
B50: Adjusted rate | D50: =SUM(D46:D49) -> 0 | E50: =SUM(E46:E49) -> 0 | F50: =SUM(F46:F49) -> 0 | G50: =SUM(G46:G49) -> 0 | H50: =SUM(H46:H49) -> 0 | I50: =SUM(I46:I49) -> 0 | J50: =SUM(J46:J49) -> 0 | K50: =SUM(K46:K49) -> 0 | ... P50: =SUM(P46:P49) -> 0
B51: Calendar year equivalent | E51: =ROUND(SUM(D50*E16+E50*E17)/12,4) -> 0 | F51: =ROUND(SUM(E50*F16+F50*F17)/12,4) -> 0 | G51: =ROUND(SUM(F50*G16+G50*G17)/12,4) -> 0 | H51: =ROUND(SUM(G50*H16+H50*H17)/12,4) -> 0 | I51: =ROUND(SUM(H50*I16+I50*I17)/12,4) -> 0 | J51: =ROUND(SUM(I50*J16+J50*J17)/12,4) -> 0 | K51: =ROUND(SUM(J50*K16+K50*K17)/12,4) -> 0 | L51: =ROUND(SUM(K50*L16+L50*L17)/12,4) -> 0 | ... P51: =ROUND(SUM(O50*P16+P50*P17)/12,4) -> 0
B53: ='1. LRAMVA Summary'!B35 -> 0 | C53: ='2. LRAMVA Threshold'!I43 -> 0
B54: Rate rider for tax sharing
B55: Rate rider for foregone revenue
B56: Other
B57: Adjusted rate | D57: =SUM(D53:D56) -> 0 | E57: =SUM(E53:E56) -> 0 | F57: =SUM(F53:F56) -> 0 | G57: =SUM(G53:G56) -> 0 | H57: =SUM(H53:H56) -> 0 | I57: =SUM(I53:I56) -> 0 | J57: =SUM(J53:J56) -> 0 | K57: =SUM(K53:K56) -> 0 | ... P57: =SUM(P53:P56) -> 0
B58: Calendar year equivalent | E58: =ROUND(SUM(D57*E16+E57*E17)/12,4) -> 0 | F58: =ROUND(SUM(E57*F16+F57*F17)/12,4) -> 0 | G58: =ROUND(SUM(F57*G16+G57*G17)/12,4) -> 0 | H58: =ROUND(SUM(G57*H16+H57*H17)/12,4) -> 0 | I58: =ROUND(SUM(H57*I16+I57*I17)/12,4) -> 0 | J58: =ROUND(SUM(I57*J16+J57*J17)/12,4) -> 0 | K58: =ROUND(SUM(J57*K16+K57*K17)/12,4) -> 0 | L58: =ROUND(SUM(K57*L16+L57*L17)/12,4) -> 0 | ... P58: =ROUND(SUM(O57*P16+P57*P17)/12,4) -> 0
B60: ='1. LRAMVA Summary'!B36 -> 0 | C60: ='2. LRAMVA Threshold'!J43 -> 0
B61: Rate rider for tax sharing
B62: Rate rider for foregone revenue
B63: Other
B64: Adjusted rate | D64: =SUM(D60:D63) -> 0 | E64: =SUM(E60:E63) -> 0 | F64: =SUM(F60:F63) -> 0 | G64: =SUM(G60:G63) -> 0 | H64: =SUM(H60:H63) -> 0 | I64: =SUM(I60:I63) -> 0 | J64: =SUM(J60:J63) -> 0 | K64: =SUM(K60:K63) -> 0 | ... P64: =SUM(P60:P63) -> 0
B65: Calendar year equivalent | E65: =ROUND(SUM(D64*E16+E64*E17)/12,4) -> 0 | F65: =ROUND(SUM(E64*F16+F64*F17)/12,4) -> 0 | G65: =ROUND(SUM(F64*G16+G64*G17)/12,4) -> 0 | H65: =ROUND(SUM(G64*H16+H64*H17)/12,4) -> 0 | I65: =ROUND(SUM(H64*I16+I64*I17)/12,4) -> 0 | J65: =ROUND(SUM(I64*J16+J64*J17)/12,4) -> 0 | K65: =ROUND(SUM(J64*K16+K64*K17)/12,4) -> 0 | L65: =ROUND(SUM(K64*L16+L64*L17)/12,4) -> 0 | ... P65: =ROUND(SUM(O64*P16+P64*P17)/12,4) -> 0
B67: ='1. LRAMVA Summary'!B37 -> 0 | C67: ='2. LRAMVA Threshold'!K43 -> 0
B68: Rate rider for tax sharing
B69: Rate rider for foregone revenue
B70: Other
B71: Adjusted rate | D71: =SUM(D67:D70) -> 0 | E71: =SUM(E67:E70) -> 0 | F71: =SUM(F67:F70) -> 0 | G71: =SUM(G67:G70) -> 0 | H71: =SUM(H67:H70) -> 0 | I71: =SUM(I67:I70) -> 0 | J71: =SUM(J67:J70) -> 0 | K71: =SUM(K67:K70) -> 0 | ... P71: =SUM(P67:P70) -> 0
B72: Calendar year equivalent | E72: =ROUND(SUM(D71*E16+E71*E17)/12,4) -> 0 | F72: =ROUND(SUM(E71*F16+F71*F17)/12,4) -> 0 | G72: =ROUND(SUM(F71*G16+G71*G17)/12,4) -> 0 | H72: =ROUND(SUM(G71*H16+H71*H17)/12,4) -> 0 | I72: =ROUND(SUM(H71*I16+I71*I17)/12,4) -> 0 | J72: =ROUND(SUM(I71*J16+J71*J17)/12,4) -> 0 | K72: =ROUND(SUM(J71*K16+K71*K17)/12,4) -> 0 | L72: =ROUND(SUM(K71*L16+L71*L17)/12,4) -> 0 | ... P72: =ROUND(SUM(O71*P16+P71*P17)/12,4) -> 0
B74: ='1. LRAMVA Summary'!B38 -> 0 | C74: ='2. LRAMVA Threshold'!L43 -> 0
B75: Rate rider for tax sharing
B76: Rate rider for foregone revenue
B77: Other
B78: Adjusted rate | D78: =SUM(D74:D77) -> 0 | E78: =SUM(E74:E77) -> 0 | F78: =SUM(F74:F77) -> 0 | G78: =SUM(G74:G77) -> 0 | H78: =SUM(H74:H77) -> 0 | I78: =SUM(I74:I77) -> 0 | J78: =SUM(J74:J77) -> 0 | K78: =SUM(K74:K77) -> 0 | ... P78: =SUM(P74:P77) -> 0
B79: Calendar year equivalent | E79: =ROUND(SUM(D78*E16+E78*E17)/12,4) -> 0 | F79: =ROUND(SUM(E78*F16+F78*F17)/12,4) -> 0 | G79: =ROUND(SUM(F78*G16+G78*G17)/12,4) -> 0 | H79: =ROUND(SUM(G78*H16+H78*H17)/12,4) -> 0 | I79: =ROUND(SUM(H78*I16+I78*I17)/12,4) -> 0 | J79: =ROUND(SUM(I78*J16+J78*J17)/12,4) -> 0 | K79: =ROUND(SUM(J78*K16+K78*K17)/12,4) -> 0 | L79: =ROUND(SUM(K78*L16+L78*L17)/12,4) -> 0 | ... P79: =ROUND(SUM(O78*P16+P78*P17)/12,4) -> 0
B81: ='1. LRAMVA Summary'!B39 -> 0 | C81: ='2. LRAMVA Threshold'!M43 -> 0
B82: Rate rider for tax sharing
B83: Rate rider for foregone revenue
B84: Other
B85: Adjusted rate | D85: =SUM(D81:D84) -> 0 | E85: =SUM(E81:E84) -> 0 | F85: =SUM(F81:F84) -> 0 | G85: =SUM(G81:G84) -> 0 | H85: =SUM(H81:H84) -> 0 | I85: =SUM(I81:I84) -> 0 | J85: =SUM(J81:J84) -> 0 | K85: =SUM(K81:K84) -> 0 | ... P85: =SUM(P81:P84) -> 0
B86: Calendar year equivalent | E86: =ROUND(SUM(D85*E16+E85*E17)/12,4) -> 0 | F86: =ROUND(SUM(E85*F16+F85*F17)/12,4) -> 0 | G86: =ROUND(SUM(F85*G16+G85*G17)/12,4) -> 0 | H86: =ROUND(SUM(G85*H16+H85*H17)/12,4) -> 0 | I86: =ROUND(SUM(H85*I16+I85*I17)/12,4) -> 0 | J86: =ROUND(SUM(I85*J16+J85*J17)/12,4) -> 0 | K86: =ROUND(SUM(J85*K16+K85*K17)/12,4) -> 0 | L86: =ROUND(SUM(K85*L16+L85*L17)/12,4) -> 0 | ... P86: =ROUND(SUM(O85*P16+P85*P17)/12,4) -> 0
B88: ='1. LRAMVA Summary'!B40 -> 0 | C88: ='2. LRAMVA Threshold'!N43 -> 0
B89: Rate rider for tax sharing
B90: Rate rider for foregone revenue
B91: Other
B92: Adjusted rate | D92: =SUM(D88:D91) -> 0 | E92: =SUM(E88:E91) -> 0 | F92: =SUM(F88:F91) -> 0 | G92: =SUM(G88:G91) -> 0 | H92: =SUM(H88:H91) -> 0 | I92: =SUM(I88:I91) -> 0 | J92: =SUM(J88:J91) -> 0 | K92: =SUM(K88:K91) -> 0 | ... P92: =SUM(P88:P91) -> 0
B93: Calendar year equivalent | E93: =ROUND(SUM(D92*E16+E92*E17)/12,4) -> 0 | F93: =ROUND(SUM(E92*F16+F92*F17)/12,4) -> 0 | G93: =ROUND(SUM(F92*G16+G92*G17)/12,4) -> 0 | H93: =ROUND(SUM(G92*H16+H92*H17)/12,4) -> 0 | I93: =ROUND(SUM(H92*I16+I92*I17)/12,4) -> 0 | J93: =ROUND(SUM(I92*J16+J92*J17)/12,4) -> 0 | K93: =ROUND(SUM(J92*K16+K92*K17)/12,4) -> 0 | L93: =ROUND(SUM(K92*L16+L92*L17)/12,4) -> 0 | ... P93: =ROUND(SUM(O92*P16+P92*P17)/12,4) -> 0
B95: ='1. LRAMVA Summary'!B41 -> 0 | C95: ='2. LRAMVA Threshold'!O43 -> 0
B96: Rate rider for tax sharing
B97: Rate rider for foregone revenue
B98: Other
B99: Adjusted rate | D99: =SUM(D95:D98) -> 0 | E99: =SUM(E95:E98) -> 0 | F99: =SUM(F95:F98) -> 0 | G99: =SUM(G95:G98) -> 0 | H99: =SUM(H95:H98) -> 0 | I99: =SUM(I95:I98) -> 0 | J99: =SUM(J95:J98) -> 0 | K99: =SUM(K95:K98) -> 0 | ... P99: =SUM(P95:P98) -> 0
B100: Calendar year equivalent | E100: =ROUND(SUM(D99*E16+E99*E17)/12,4) -> 0 | F100: =ROUND(SUM(E99*F16+F99*F17)/12,4) -> 0 | G100: =ROUND(SUM(F99*G16+G99*G17)/12,4) -> 0 | H100: =ROUND(SUM(G99*H16+H99*H17)/12,4) -> 0 | I100: =ROUND(SUM(H99*I16+I99*I17)/12,4) -> 0 | J100: =ROUND(SUM(I99*J16+J99*J17)/12,4) -> 0 | K100: =ROUND(SUM(J99*K16+K99*K17)/12,4) -> 0 | L100: =ROUND(SUM(K99*L16+L99*L17)/12,4) -> 0 | ... P100: =ROUND(SUM(O99*P16+P99*P17)/12,4) -> 0
B102: ='1. LRAMVA Summary'!B42 -> 0 | C102: ='2. LRAMVA Threshold'!P43 -> 0
B103: Rate rider for tax sharing
B104: Rate rider for foregone revenue
B105: Other
B106: Adjusted rate | D106: =SUM(D102:D105) -> 0 | E106: =SUM(E102:E105) -> 0 | F106: =SUM(F102:F105) -> 0 | G106: =SUM(G102:G105) -> 0 | H106: =SUM(H102:H105) -> 0 | I106: =SUM(I102:I105) -> 0 | J106: =SUM(J102:J105) -> 0 | K106: =SUM(K102:K105) -> 0 | ... P106: =SUM(P102:P105) -> 0
B107: Calendar year equivalent | E107: =ROUND(SUM(D106*E16+E106*E17)/12,4) -> 0 | F107: =ROUND(SUM(E106*F16+F106*F17)/12,4) -> 0 | G107: =ROUND(SUM(F106*G16+G106*G17)/12,4) -> 0 | H107: =ROUND(SUM(G106*H16+H106*H17)/12,4) -> 0 | I107: =ROUND(SUM(H106*I16+I106*I17)/12,4) -> 0 | J107: =ROUND(SUM(I106*J16+J106*J17)/12,4) -> 0 | K107: =ROUND(SUM(J106*K16+K106*K17)/12,4) -> 0 | L107: =ROUND(SUM(K106*L16+L106*L17)/12,4) -> 0 | ... P107: =ROUND(SUM(O106*P16+P106*P17)/12,4) -> 0
B109: ='1. LRAMVA Summary'!B43 -> 0 | C109: ='2. LRAMVA Threshold'!Q43 -> 0
B110: Rate rider for tax sharing
B111: Rate rider for foregone revenue
B112: Other
B113: Adjusted rate | D113: =SUM(D109:D112) -> 0 | E113: =SUM(E109:E112) -> 0 | F113: =SUM(F109:F112) -> 0 | G113: =SUM(G109:G112) -> 0 | H113: =SUM(H109:H112) -> 0 | I113: =SUM(I109:I112) -> 0 | J113: =SUM(J109:J112) -> 0 | K113: =SUM(K109:K112) -> 0 | ... P113: =SUM(P109:P112) -> 0
B114: Calendar year equivalent | E114: =ROUND(SUM(D113*E16+E113*E17)/12,4) -> 0 | F114: =ROUND(SUM(E113*F16+F113*F17)/12,4) -> 0 | G114: =ROUND(SUM(F113*G16+G113*G17)/12,4) -> 0 | H114: =ROUND(SUM(G113*H16+H113*H17)/12,4) -> 0 | I114: =ROUND(SUM(H113*I16+I113*I17)/12,4) -> 0 | J114: =ROUND(SUM(I113*J16+J113*J17)/12,4) -> 0 | K114: =ROUND(SUM(J113*K16+K113*K17)/12,4) -> 0 | L114: =ROUND(SUM(K113*L16+L113*L17)/12,4) -> 0 | ... P114: =ROUND(SUM(O113*P16+P113*P17)/12,4) -> 0
B116: Note: LDC to make note of adjustments made to Table 3 to accommodate the LDC's specific circumstances
B119: Table 3-a. Distribution Rates by Rate Class
B120: Table 3-a below autopopulates the average distribution rates from Table 3. Please ensure that the distribution rates relevant to the years of the LRAMVA disposition are used. Please clear the rates related to the year(s) that are not part of the LRAMVA claim. The distribution rates that remain in Table 3-a will be used in Tabs 4 and 5 of the work form to calculate actual and forecast lost revenues. If there are additional adjustments (i.e., rows) added to Table 3, please adjust the formulas from Table 3-a, as well as the distribution rate links in Tabs 4 and 5.
B122: Year | C122: ='1. LRAMVA Summary'!D53 -> Residential | D122: ='1. LRAMVA Summary'!E53 -> GS<50 kW | E122: ='1. LRAMVA Summary'!F53 -> GS>50 KW | F122: ='1. LRAMVA Summary'!G53 -> Street Lights | G122: ='1. LRAMVA Summary'!H53 | H122: ='1. LRAMVA Summary'!I53 | I122: ='1. LRAMVA Summary'!J53 | J122: ='1. LRAMVA Summary'!K53 | ... P122: ='1. LRAMVA Summary'!Q53
C123: ='1. LRAMVA Summary'!D54 -> kWh | D123: ='1. LRAMVA Summary'!E54 -> kWh | E123: ='1. LRAMVA Summary'!F54 -> kW | F123: ='1. LRAMVA Summary'!G54 -> kW | G123: ='1. LRAMVA Summary'!H54 -> 0 | H123: ='1. LRAMVA Summary'!I54 -> 0 | I123: ='1. LRAMVA Summary'!J54 -> 0 | J123: ='1. LRAMVA Summary'!K54 -> 0 | ... P123: ='1. LRAMVA Summary'!Q54 -> 0
...

Sheet 4.  2011-2014 LRAM
B3: Legend | C3: User Inputs (Green)
C4: Auto Populated Cells (White)
C5: Instructions (Grey)
B7: Instructions | C7: 1. The following LRAMVA work forms apply to LDCs that need to recover lost revenues arising from CDM activity from the 2011-2014 period. Please input or manually link the savings, adjustments and program savings persistence data in these tables from the LDC's Persistence Reports provided by the IESO (in Tab 7). As noted earlier, persistence data is available upon request from the IESO. Please also be advised that the same rate classes (of up to 14) are carried over from the Summary Tab 1.
C8: 2. Please ensure that the IESO verified savings adjustments apply back to the program year it relates to. For example, savings adjustments related to 2012 programs that were reported by the IESO in 2013 should be included in the 2012 program savings table. In order for persisting savings to be claimed in future years, past year's initiative level savings results need to be filled out in the tables below. If the IESO adjustments were made available to the LDC after the LRAMVA was approved, the persistence of those savings adjustments in the future can be claimed as approved LRAMVA amounts are considered to be final.
C9: 3. The work forms below include the monthly multipliers for most programs in order to claim demand savings from energy efficiency programs, consistent with the monthly multipliers indicated in the OEB's updated LRAM policy related to peak demand savings in EB-2016-0182. Demand Response (DR3) savings should generally not be included with the LRAMVA calculation, unless suported by empirical evidence. LDCs are requested to confirm the monthly multipliers for all programs each year as placeholder values are provided. If a different monthly multiplier is used, please include rationale in Tab 1-a and highlight the new multiplier that has been used.
C10: 4. LDC are requested to input the applicable rate class allocation percentages to allocate actual savings to the rate classes. The generic template currently includes the same allocation percentage for program savings and its savings adjustments. If a different allocation is proposed for savings adjustments, LDCs must provide supporting rationale in Tab 1-a and highlight the change.
C11: 5. The persistence of future savings is expected to be included in the distributor's load forecast after re-basing. LDCs are requested to delete the applicable savings persistence rows (auto-calculated after the LRAMVA totals for the year) if future year's persistence of savings is already captured in the updated load forecast. Please also provide assumptions about the years in which persistence is captured in the load forecast calculation in the "Notes" section below each table.
B13: Tables | C13: Table 4-a. 2011 Lost Revenues
C14: Table 4-b. 2012 Lost Revenues
C15: Table 4-c. 2013 Lost Revenues
C16: Table 4-d. 2014 Lost Revenues
B18: Table 4-a. 2011 Lost Revenues Work Form
B19: Program | C19: Results Status | D19: Net Energy Savings (kWh) | E19: Net Energy Savings Persistence (kWh) | U19: Monthly Multiplier | V19: Net Demand Savings (kW) | W19: Net Peak Demand Savings Persistence (kW) | AM19: Rate Allocations for LRAMVA
D20: 2011 | E20: 2012 | F20: 2013 | G20: 2014 | H20: 2015 | I20: 2016 | J20: 2017 | K20: 2018 | L20: 2019 | M20: 2020 | N20: 2021 | O20: 2022 | P20: 2023 | Q20: 2024 | R20: 2025 | S20: 2026 | T20: 2027 | V20: 2011 | W20: 2012 | X20: 2013 | Y20: 2014 | Z20: 2015 | AA20: 2016 | AB20: 2017 | AC20: 2018 | AD20: 2019 | AE20: 2020 | AF20: 2021 | AG20: 2022 | AH20: 2023 | AI20: 2024 | AJ20: 2025 | AK20: 2026 | AL20: 2027 | AM20: ='1. LRAMVA Summary'!D53 -> Residential | AN20: ='1. LRAMVA Summary'!E53 -> GS<50 kW | AO20: ='1. LRAMVA Summary'!F53 -> GS>50 KW | AP20: ='1. LRAMVA Summary'!G53 -> Street Lights | AQ20: ='1. LRAMVA Summary'!H53 | AR20: ='1. LRAMVA Summary'!I53 | AS20: ='1. LRAMVA Summary'!J53 | AT20: ='1. LRAMVA Summary'!K53 | ... BA20: ='1. LRAMVA Summary'!R53 -> Total
B21: Consumer Program | AM21: ='1. LRAMVA Summary'!D54 -> kWh | AN21: ='1. LRAMVA Summary'!E54 -> kWh | AO21: ='1. LRAMVA Summary'!F54 -> kW | AP21: ='1. LRAMVA Summary'!G54 -> kW | AQ21: ='1. LRAMVA Summary'!H54 -> 0 | AR21: ='1. LRAMVA Summary'!I54 -> 0 | AS21: ='1. LRAMVA Summary'!J54 -> 0 | AT21: ='1. LRAMVA Summary'!K54 -> 0 | ... AZ21: ='1. LRAMVA Summary'!Q54 -> 0
A22: 1 | B22: Appliance Retirement | C22: Verified | BA22: =SUM(AM22:AZ22) -> 0
B23: Adjustment to 2011 savings | C23: True-up | AM23: =AM22 -> 0 | AN23: =AN22 -> 0 | AO23: =AO22 -> 0 | AP23: =AP22 -> 0 | AQ23: =AQ22 -> 0 | AR23: =AR22 -> 0 | AS23: =AS22 -> 0 | AT23: =AT22 -> 0 | ... AZ23: =AZ22 -> 0
A25: 2 | B25: Appliance Exchange | C25: Verified | BA25: =SUM(AM25:AZ25) -> 0
B26: Adjustment to 2011 savings | C26: True-up | AM26: =AM25 -> 0 | AN26: =AN25 -> 0 | AO26: =AO25 -> 0 | AP26: =AP25 -> 0 | AQ26: =AQ25 -> 0 | AR26: =AR25 -> 0 | AS26: =AS25 -> 0 | AT26: =AT25 -> 0 | ... AZ26: =AZ25 -> 0
A28: 3 | B28: HVAC Incentives | C28: Verified | BA28: =SUM(AM28:AZ28) -> 0
B29: Adjustment to 2011 savings | C29: True-up | AM29: =AM28 -> 0 | AN29: =AN28 -> 0 | AO29: =AO28 -> 0 | AP29: =AP28 -> 0 | AQ29: =AQ28 -> 0 | AR29: =AR28 -> 0 | AS29: =AS28 -> 0 | AT29: =AT28 -> 0 | ... AZ29: =AZ28 -> 0
A31: 4 | B31: Conservation Instant Coupon Booklet | C31: Verified | BA31: =SUM(AM31:AZ31) -> 0
B32: Adjustment to 2011 savings | C32: True-up | AM32: =AM31 -> 0 | AN32: =AN31 -> 0 | AO32: =AO31 -> 0 | AP32: =AP31 -> 0 | AQ32: =AQ31 -> 0 | AR32: =AR31 -> 0 | AS32: =AS31 -> 0 | AT32: =AT31 -> 0 | ... AZ32: =AZ31 -> 0
A34: 5 | B34: Bi-Annual Retailer Event | C34: Verified | BA34: =SUM(AM34:AZ34) -> 0
B35: Adjustment to 2011 savings | C35: True-up | AM35: =AM34 -> 0 | AN35: =AN34 -> 0 | AO35: =AO34 -> 0 | AP35: =AP34 -> 0 | AQ35: =AQ34 -> 0 | AR35: =AR34 -> 0 | AS35: =AS34 -> 0 | AT35: =AT34 -> 0 | ... AZ35: =AZ34 -> 0
A37: 6 | B37: Retailer Co-op | C37: Verified | BA37: =SUM(AM37:AZ37) -> 0
B38: Adjustment to 2011 savings | C38: True-up | AM38: =AM37 -> 0 | AN38: =AN37 -> 0 | AO38: =AO37 -> 0 | AP38: =AP37 -> 0 | AQ38: =AQ37 -> 0 | AR38: =AR37 -> 0 | AS38: =AS37 -> 0 | AT38: =AT37 -> 0 | ... AZ38: =AZ37 -> 0
A40: 7 | B40: Residential Demand Response | C40: Verified | BA40: =SUM(AM40:AZ40) -> 0
B41: Adjustment to 2011 savings | C41: True-up | AM41: =AM40 -> 0 | AN41: =AN40 -> 0 | AO41: =AO40 -> 0 | AP41: =AP40 -> 0 | AQ41: =AQ40 -> 0 | AR41: =AR40 -> 0 | AS41: =AS40 -> 0 | AT41: =AT40 -> 0 | ... AZ41: =AZ40 -> 0
A43: 8 | B43: Residential Demand Response (IHD) | C43: Verified | BA43: =SUM(AM43:AZ43) -> 0
B44: Adjustment to 2011 savings | C44: True-up | AM44: =AM43 -> 0 | AN44: =AN43 -> 0 | AO44: =AO43 -> 0 | AP44: =AP43 -> 0 | AQ44: =AQ43 -> 0 | AR44: =AR43 -> 0 | AS44: =AS43 -> 0 | AT44: =AT43 -> 0 | ... AZ44: =AZ43 -> 0
A46: 9 | B46: Residential New Construction | C46: Verified | BA46: =SUM(AM46:AZ46) -> 0
B47: Adjustment to 2011 savings | C47: True-up | AM47: =AM46 -> 0 | AN47: =AN46 -> 0 | AO47: =AO46 -> 0 | AP47: =AP46 -> 0 | AQ47: =AQ46 -> 0 | AR47: =AR46 -> 0 | AS47: =AS46 -> 0 | AT47: =AT46 -> 0 | ... AZ47: =AZ46 -> 0
B49: Business Program
A50: 10 | B50: Retrofit | C50: Verified | U50: 12 | BA50: =SUM(AM50:AZ50) -> 0
B51: Adjustment to 2011 savings | C51: True-up | U51: =U50 -> 12 | AM51: =AM50 -> 0 | AN51: =AN50 -> 0 | AO51: =AO50 -> 0 | AP51: =AP50 -> 0 | AQ51: =AQ50 -> 0 | AR51: =AR50 -> 0 | AS51: =AS50 -> 0 | AT51: =AT50 -> 0 | ... AZ51: =AZ50 -> 0
A53: 11 | B53: Direct Install Lighting | C53: Verified | U53: 12 | BA53: =SUM(AM53:AZ53) -> 0
B54: Adjustment to 2011 savings | C54: True-up | U54: =U53 -> 12 | AM54: =AM53 -> 0 | AN54: =AN53 -> 0 | AO54: =AO53 -> 0 | AP54: =AP53 -> 0 | AQ54: =AQ53 -> 0 | AR54: =AR53 -> 0 | AS54: =AS53 -> 0 | AT54: =AT53 -> 0 | ... AZ54: =AZ53 -> 0
A56: 12 | B56: Building Commissioning | C56: Verified | U56: 3 | BA56: =SUM(AM56:AZ56) -> 0
B57: Adjustment to 2011 savings | C57: True-up | U57: =U56 -> 3 | AM57: =AM56 -> 0 | AN57: =AN56 -> 0 | AO57: =AO56 -> 0 | AP57: =AP56 -> 0 | AQ57: =AQ56 -> 0 | AR57: =AR56 -> 0 | AS57: =AS56 -> 0 | AT57: =AT56 -> 0 | ... AZ57: =AZ56 -> 0
A59: 13 | B59: New Construction | C59: Verified | U59: 12 | BA59: =SUM(AM59:AZ59) -> 0
B60: Adjustment to 2011 savings | C60: True-up | U60: =U59 -> 12 | AM60: =AM59 -> 0 | AN60: =AN59 -> 0 | AO60: =AO59 -> 0 | AP60: =AP59 -> 0 | AQ60: =AQ59 -> 0 | AR60: =AR59 -> 0 | AS60: =AS59 -> 0 | AT60: =AT59 -> 0 | ... AZ60: =AZ59 -> 0
A62: 14 | B62: Energy Audit | C62: Verified | U62: 12 | BA62: =SUM(AM62:AZ62) -> 0
B63: Adjustment to 2011 savings | C63: True-up | U63: =U62 -> 12 | AM63: =AM62 -> 0 | AN63: =AN62 -> 0 | AO63: =AO62 -> 0 | AP63: =AP62 -> 0 | AQ63: =AQ62 -> 0 | AR63: =AR62 -> 0 | AS63: =AS62 -> 0 | AT63: =AT62 -> 0 | ... AZ63: =AZ62 -> 0
A65: 15 | B65: Small Commercial Demand Response | C65: Verified | BA65: =SUM(AM65:AZ65) -> 0
B66: Adjustment to 2011 savings | C66: True-up | AM66: =AM65 -> 0 | AN66: =AN65 -> 0 | AO66: =AO65 -> 0 | AP66: =AP65 -> 0 | AQ66: =AQ65 -> 0 | AR66: =AR65 -> 0 | AS66: =AS65 -> 0 | AT66: =AT65 -> 0 | ... AZ66: =AZ65 -> 0
A68: 16 | B68: Small Commercial Demand Response (IHD) | C68: Verified | BA68: =SUM(AM68:AZ68) -> 0
B69: Adjustment to 2011 savings | C69: True-up | AM69: =AM68 -> 0 | AN69: =AN68 -> 0 | AO69: =AO68 -> 0 | AP69: =AP68 -> 0 | AQ69: =AQ68 -> 0 | AR69: =AR68 -> 0 | AS69: =AS68 -> 0 | AT69: =AT68 -> 0 | ... AZ69: =AZ68 -> 0
A71: 17 | B71: Demand Response 3 | C71: Verified | BA71: =SUM(AM71:AZ71) -> 0
B72: Adjustment to 2011 savings | C72: True-up | AM72: =AM71 -> 0 | AN72: =AN71 -> 0 | AO72: =AO71 -> 0 | AP72: =AP71 -> 0 | AQ72: =AQ71 -> 0 | AR72: =AR71 -> 0 | AS72: =AS71 -> 0 | AT72: =AT71 -> 0 | ... AZ72: =AZ71 -> 0
B74: Industrial Program
A75: 18 | B75: Process & System Upgrades | C75: Verified | U75: 12 | BA75: =SUM(AM75:AZ75) -> 0
B76: Adjustment to 2011 savings | C76: True-up | U76: =U75 -> 12 | AM76: =AM75 -> 0 | AN76: =AN75 -> 0 | AO76: =AO75 -> 0 | AP76: =AP75 -> 0 | AQ76: =AQ75 -> 0 | AR76: =AR75 -> 0 | AS76: =AS75 -> 0 | AT76: =AT75 -> 0 | ... AZ76: =AZ75 -> 0
A78: 19 | B78: Monitoring & Targeting | C78: Verified | U78: 12 | BA78: =SUM(AM78:AZ78) -> 0
B79: Adjustment to 2011 savings | C79: True-up | U79: =U78 -> 12 | AM79: =AM78 -> 0 | AN79: =AN78 -> 0 | AO79: =AO78 -> 0 | AP79: =AP78 -> 0 | AQ79: =AQ78 -> 0 | AR79: =AR78 -> 0 | AS79: =AS78 -> 0 | AT79: =AT78 -> 0 | ... AZ79: =AZ78 -> 0
A81: 20 | B81: Energy Manager | C81: Verified | U81: 12 | BA81: =SUM(AM81:AZ81) -> 0
B82: Adjustment to 2011 savings | C82: True-up | U82: =U81 -> 12 | AM82: =AM81 -> 0 | AN82: =AN81 -> 0 | AO82: =AO81 -> 0 | AP82: =AP81 -> 0 | AQ82: =AQ81 -> 0 | AR82: =AR81 -> 0 | AS82: =AS81 -> 0 | AT82: =AT81 -> 0 | ... AZ82: =AZ81 -> 0
A84: 21 | B84: Retrofit | C84: Verified | U84: 12 | BA84: =SUM(AM84:AZ84) -> 0
B85: Adjustment to 2011 savings | C85: True-up | U85: =U84 -> 12 | AM85: =AM84 -> 0 | AN85: =AN84 -> 0 | AO85: =AO84 -> 0 | AP85: =AP84 -> 0 | AQ85: =AQ84 -> 0 | AR85: =AR84 -> 0 | AS85: =AS84 -> 0 | AT85: =AT84 -> 0 | ... AZ85: =AZ84 -> 0
A87: 22 | B87: Demand Response 3 | C87: Verified | BA87: =SUM(AM87:AZ87) -> 0
B88: Adjustment to 2011 savings | C88: True-up | AM88: =AM87 -> 0 | AN88: =AN87 -> 0 | AO88: =AO87 -> 0 | AP88: =AP87 -> 0 | AQ88: =AQ87 -> 0 | AR88: =AR87 -> 0 | AS88: =AS87 -> 0 | AT88: =AT87 -> 0 | ... AZ88: =AZ87 -> 0
B90: Home Assistance Program
A91: 23 | B91: Home Assistance Program | C91: Verified | BA91: =SUM(AM91:AZ91) -> 0
B92: Adjustment to 2011 savings | C92: True-up | AM92: =AM91 -> 0 | AN92: =AN91 -> 0 | AO92: =AO91 -> 0 | AP92: =AP91 -> 0 | AQ92: =AQ91 -> 0 | AR92: =AR91 -> 0 | AS92: =AS91 -> 0 | AT92: =AT91 -> 0 | ... AZ92: =AZ91 -> 0
B94: Aboriginal Program
A95: 24 | B95: Home Assistance Program | C95: Verified | BA95: =SUM(AM95:AZ95) -> 0
B96: Adjustment to 2011 savings | C96: True-up | AM96: =AM95 -> 0 | AN96: =AN95 -> 0 | AO96: =AO95 -> 0 | AP96: =AP95 -> 0 | AQ96: =AQ95 -> 0 | AR96: =AR95 -> 0 | AS96: =AS95 -> 0 | AT96: =AT95 -> 0 | ... AZ96: =AZ95 -> 0
A98: 25 | B98: Direct Install Lighting | C98: Verified | U98: 0 | BA98: =SUM(AM98:AZ98) -> 0
B99: Adjustment to 2011 savings | C99: True-up | U99: =U98 -> 0 | AM99: =AM98 -> 0 | AN99: =AN98 -> 0 | AO99: =AO98 -> 0 | AP99: =AP98 -> 0 | AQ99: =AQ98 -> 0 | AR99: =AR98 -> 0 | AS99: =AS98 -> 0 | AT99: =AT98 -> 0 | ... AZ99: =AZ98 -> 0
B101: Pre-2011 Programs completed in 2011
A102: 26 | B102: Electricity Retrofit Incentive Program | C102: Verified | U102: 12 | BA102: =SUM(AM102:AZ102) -> 0
B103: Adjustment to 2011 savings | C103: True-up | U103: =U102 -> 12 | AM103: =AM102 -> 0 | AN103: =AN102 -> 0 | AO103: =AO102 -> 0 | AP103: =AP102 -> 0 | AQ103: =AQ102 -> 0 | AR103: =AR102 -> 0 | AS103: =AS102 -> 0 | AT103: =AT102 -> 0 | ... AZ103: =AZ102 -> 0
A105: 27 | B105: High Performance New Construction | C105: Verified | U105: 12 | BA105: =SUM(AM105:AZ105) -> 0
B106: Adjustment to 2011 savings | C106: True-up | U106: =U105 -> 12 | AM106: =AM105 -> 0 | AN106: =AN105 -> 0 | AO106: =AO105 -> 0 | AP106: =AP105 -> 0 | AQ106: =AQ105 -> 0 | AR106: =AR105 -> 0 | AS106: =AS105 -> 0 | AT106: =AT105 -> 0 | ... AZ106: =AZ105 -> 0
A108: 28 | B108: Toronto Comprehensive | C108: Verified | U108: 0 | BA108: =SUM(AM108:AZ108) -> 0
B109: Adjustment to 2011 savings | C109: True-up | U109: =U108 -> 0 | AM109: =AM108 -> 0 | AN109: =AN108 -> 0 | AO109: =AO108 -> 0 | AP109: =AP108 -> 0 | AQ109: =AQ108 -> 0 | AR109: =AR108 -> 0 | AS109: =AS108 -> 0 | AT109: =AT108 -> 0 | ... AZ109: =AZ108 -> 0
A111: 29 | B111: Multifamily Energy Efficiency Rebates | C111: Verified | U111: 0 | BA111: =SUM(AM111:AZ111) -> 0
B112: Adjustment to 2011 savings | C112: True-up | U112: =U111 -> 0 | AM112: =AM111 -> 0 | AN112: =AN111 -> 0 | AO112: =AO111 -> 0 | AP112: =AP111 -> 0 | AQ112: =AQ111 -> 0 | AR112: =AR111 -> 0 | AS112: =AS111 -> 0 | AT112: =AT111 -> 0 | ... AZ112: =AZ111 -> 0
A114: 30 | B114: LDC Custom Programs | C114: Verified | U114: 0 | BA114: =SUM(AM114:AZ114) -> 0
B115: Adjustment to 2011 savings | C115: True-up | U115: =U114 -> 0 | AM115: =AM114 -> 0 | AN115: =AN114 -> 0 | AO115: =AO114 -> 0 | AP115: =AP114 -> 0 | AQ115: =AQ114 -> 0 | AR115: =AR114 -> 0 | AS115: =AS114 -> 0 | AT115: =AT114 -> 0 | ... AZ115: =AZ114 -> 0
B117: Other
A118: 31 | B118: Program Enabled Savings | C118: Verified | U118: 0 | BA118: =SUM(AM118:AZ118) -> 0
B119: Adjustment to 2011 savings | C119: True-up | U119: =U118 -> 0 | AM119: =AM118 -> 0 | AN119: =AN118 -> 0 | AO119: =AO118 -> 0 | AP119: =AP118 -> 0 | AQ119: =AQ118 -> 0 | AR119: =AR118 -> 0 | AS119: =AS118 -> 0 | AT119: =AT118 -> 0 | ... AZ119: =AZ118 -> 0
A121: 32 | B121: Time of Use Savings | C121: Verified | U121: 0 | BA121: =SUM(AM121:AZ121) -> 0
B122: Adjustment to 2011 savings | C122: True-up | U122: =U121 -> 0 | AM122: =AM121 -> 0 | AN122: =AN121 -> 0 | AO122: =AO121 -> 0 | AP122: =AP121 -> 0 | AQ122: =AQ121 -> 0 | AR122: =AR121 -> 0 | AS122: =AS121 -> 0 | AT122: =AT121 -> 0 | ... AZ122: =AZ121 -> 0
A124: 33 | B124: LDC Pilots | C124: Verified | U124: 12 | BA124: =SUM(AM124:AZ124) -> 0
B125: Adjustment to 2011 savings | C125: True-up | U125: =U124 -> 12 | AM125: =AM124 -> 0 | AN125: =AN124 -> 0 | AO125: =AO124 -> 0 | AP125: =AP124 -> 0 | AQ125: =AQ124 -> 0 | AR125: =AR124 -> 0 | AS125: =AS124 -> 0 | AT125: =AT124 -> 0 | ... AZ125: =AZ124 -> 0
B127: Actual CDM Savings in 2011 | D127: =SUM(D22:D125) -> 0 | V127: =SUM(V22:V125) -> 0 | AM127: =IF(AM21="kWh",SUMPRODUCT(D22:D125,AM22:AM125)) -> 0 | AN127: =IF(AN21="kWh",SUMPRODUCT(D22:D125,AN22:AN125)) -> 0 | AO127: =IF(AO21="kW",SUMPRODUCT(U22:U125,V22:V125,AO22:AO125),SUMPRODUCT(D22:D125,AO22:AO125)) -> 0 | AP127: =IF(AP21="kW",SUMPRODUCT(U22:U125,V22:V125,AP22:AP125),SUMPRODUCT(D22:D125,AP22:AP125)) -> 0 | AQ127: =IF(AQ21="kW",SUMPRODUCT(U22:U125,V22:V125,AQ22:AQ125),SUMPRODUCT(D22:D125,AQ22:AQ125)) -> 0 | AR127: =IF(AR21="kW",SUMPRODUCT(U22:U125,V22:V125,AR22:AR125),SUMPRODUCT(D22:D125,AR22:AR125)) -> 0 | AS127: =IF(AS21="kW",SUMPRODUCT(U22:U125,V22:V125,AS22:AS125),SUMPRODUCT(D22:D125,AS22:AS125)) -> 0 | AT127: =IF(AT21="kW",SUMPRODUCT(U22:U125,V22:V125,AT22:AT125),SUMPRODUCT(D22:D125,AT22:AT125)) -> 0 | AU127: =IF(AU21="kW",SUMPRODUCT(U22:U125,V22:V125,AU22:AU125),SUMPRODUCT(D22:D125,AU22:AU125)) -> 0 | AV127: =IF(AV21="kW",SUMPRODUCT(U22:U125,V22:V125,AV22:AV125),SUMPRODUCT(D22:D125,AV22:AV125)) -> 0 | AW127: =IF(AW21="kW",SUMPRODUCT(U22:U125,V22:V125,AW22:AW125),SUMPRODUCT(D22:D125,AW22:AW125)) -> 0 | AX127: =IF(AX21="kW",SUMPRODUCT(U22:U125,V22:V125,AX22:AX125),SUMPRODUCT(D22:D125,AX22:AX125)) -> 0 | AY127: =IF(AY21="kW",SUMPRODUCT(U22:U125,V22:V125,AY22:AY125),SUMPRODUCT(D22:D125,AY22:AY125)) -> 0 | AZ127: =IF(AZ21="kW",SUMPRODUCT(U22:U125,V22:V125,AZ22:AZ125),SUMPRODUCT(D22:D125,AZ22:AZ125)) -> 0
B128: Forecast CDM Savings in 2011 | AM128: =HLOOKUP(AM20,'2. LRAMVA Threshold'!$B$42:$Q$53,3,FALSE) -> 0 | AN128: =HLOOKUP(AN20,'2. LRAMVA Threshold'!$B$42:$Q$53,3,FALSE) -> 0 | AO128: =HLOOKUP(AO20,'2. LRAMVA Threshold'!$B$42:$Q$53,3,FALSE) -> 0 | AP128: =HLOOKUP(AP20,'2. LRAMVA Threshold'!$B$42:$Q$53,3,FALSE) -> 0 | AQ128: =HLOOKUP(AQ20,'2. LRAMVA Threshold'!$B$42:$Q$53,3,FALSE) -> 0 | AR128: =HLOOKUP(AR20,'2. LRAMVA Threshold'!$B$42:$Q$53,3,FALSE) -> 0 | AS128: =HLOOKUP(AS20,'2. LRAMVA Threshold'!$B$42:$Q$53,3,FALSE) -> 0 | AT128: =HLOOKUP(AT20,'2. LRAMVA Threshold'!$B$42:$Q$53,3,FALSE) -> 0 | ... AZ128: =HLOOKUP(AZ20,'2. LRAMVA Threshold'!$B$42:$Q$53,3,FALSE) -> 0
B130: Distribution Rate in 2011 | AM130: =HLOOKUP(AM$20,'3. Distribution Rates'!$C$122:$P$133,3,FALSE) -> 0.0194 | AN130: =HLOOKUP(AN$20,'3. Distribution Rates'!$C$122:$P$133,3,FALSE) -> 0.0154 | AO130: =HLOOKUP(AO$20,'3. Distribution Rates'!$C$122:$P$133,3,FALSE) -> 2.9675 | AP130: =HLOOKUP(AP$20,'3. Distribution Rates'!$C$122:$P$133,3,FALSE) -> 8.5461 | AQ130: =HLOOKUP(AQ$20,'3. Distribution Rates'!$C$122:$P$133,3,FALSE) -> 0 | AR130: =HLOOKUP(AR$20,'3. Distribution Rates'!$C$122:$P$133,3,FALSE) -> 0 | AS130: =HLOOKUP(AS$20,'3. Distribution Rates'!$C$122:$P$133,3,FALSE) -> 0 | AT130: =HLOOKUP(AT$20,'3. Distribution Rates'!$C$122:$P$133,3,FALSE) -> 0 | ... AZ130: =HLOOKUP(AZ$20,'3. Distribution Rates'!$C$122:$P$133,3,FALSE) -> 0
B131: Lost Revenue in 2011 from 2011 programs | AM131: =AM127*AM130 -> 0 | AN131: =AN127*AN130 -> 0 | AO131: =AO127*AO130 -> 0 | AP131: =AP127*AP130 -> 0 | AQ131: =AQ127*AQ130 -> 0 | AR131: =AR127*AR130 -> 0 | AS131: =AS127*AS130 -> 0 | AT131: =AT127*AT130 -> 0 | ... AZ131: =AZ127*AZ130 -> 0 | BA131: =SUM(AM131:AZ131) -> 0
B132: Forecast Lost Revenues in 2011 | AM132: =AM128*AM130 -> 0 | AN132: =AN128*AN130 -> 0 | AO132: =AO128*AO130 -> 0 | AP132: =AP128*AP130 -> 0 | AQ132: =AQ128*AQ130 -> 0 | AR132: =AR128*AR130 -> 0 | AS132: =AS128*AS130 -> 0 | AT132: =AT128*AT130 -> 0 | ... AZ132: =AZ128*AZ130 -> 0 | BA132: =SUM(AM132:AZ132) -> 0
B133: LRAMVA in 2011 | BA133: =BA131-BA132 -> 0
B135: 2011 Savings Persisting in 2012 | AM135: =SUMPRODUCT($E$22:$E$125,AM22:AM125) -> 0 | AN135: =SUMPRODUCT($E$22:$E$125,AN22:AN125) -> 0 | AO135: =IF(AO21="kW",SUMPRODUCT($U$22:$U$125,$W$22:$W$125,AO22:AO125),SUMPRODUCT($E$22:$E$125,AO22:AO125)) -> 0 | AP135: =IF(AP21="kW",SUMPRODUCT($U$22:$U$125,$W$22:$W$125,AP22:AP125),SUMPRODUCT($E$22:$E$125,AP22:AP125)) -> 0 | AQ135: =IF(AQ21="kW",SUMPRODUCT($U$22:$U$125,$W$22:$W$125,AQ22:AQ125),SUMPRODUCT($E$22:$E$125,AQ22:AQ125)) -> 0 | AR135: =IF(AR21="kW",SUMPRODUCT($U$22:$U$125,$W$22:$W$125,AR22:AR125),SUMPRODUCT($E$22:$E$125,AR22:AR125)) -> 0 | AS135: =IF(AS21="kW",SUMPRODUCT($U$22:$U$125,$W$22:$W$125,AS22:AS125),SUMPRODUCT($E$22:$E$125,AS22:AS125)) -> 0 | AT135: =IF(AT21="kW",SUMPRODUCT($U$22:$U$125,$W$22:$W$125,AT22:AT125),SUMPRODUCT($E$22:$E$125,AT22:AT125)) -> 0 | AU135: =IF(AU21="kW",SUMPRODUCT($U$22:$U$125,$W$22:$W$125,AU22:AU125),SUMPRODUCT($E$22:$E$125,AU22:AU125)) -> 0 | AV135: =IF(AV21="kW",SUMPRODUCT($U$22:$U$125,$W$22:$W$125,AV22:AV125),SUMPRODUCT($E$22:$E$125,AV22:AV125)) -> 0 | ... AZ135: =IF(AZ21="kW",SUMPRODUCT($U$22:$U$125,$W$22:$W$125,AZ22:AZ125),SUMPRODUCT($E$22:$E$125,AZ22:AZ125)) -> 0
B136: 2011 Savings Persisting in 2013 | AM136: =SUMPRODUCT($F$22:$F$125,AM22:AM125) -> 0 | AN136: =SUMPRODUCT($F$22:$F$125,AN22:AN125) -> 0 | AO136: =IF(AO21="kW",SUMPRODUCT($U$22:$U$125,$X$22:$X$125,AO22:AO125),SUMPRODUCT($F$22:$F$125,AO22:AO125)) -> 0 | AP136: =IF(AP21="kW",SUMPRODUCT($U$22:$U$125,$X$22:$X$125,AP22:AP125),SUMPRODUCT($F$22:$F$125,AP22:AP125)) -> 0 | AQ136: =IF(AQ21="kW",SUMPRODUCT($U$22:$U$125,$X$22:$X$125,AQ22:AQ125),SUMPRODUCT($F$22:$F$125,AQ22:AQ125)) -> 0 | AR136: =IF(AR21="kW",SUMPRODUCT($U$22:$U$125,$X$22:$X$125,AR22:AR125),SUMPRODUCT($F$22:$F$125,AR22:AR125)) -> 0 | AS136: =IF(AS21="kW",SUMPRODUCT($U$22:$U$125,$X$22:$X$125,AS22:AS125),SUMPRODUCT($F$22:$F$125,AS22:AS125)) -> 0 | AT136: =IF(AT21="kW",SUMPRODUCT($U$22:$U$125,$X$22:$X$125,AT22:AT125),SUMPRODUCT($F$22:$F$125,AT22:AT125)) -> 0 | AU136: =IF(AU21="kW",SUMPRODUCT($U$22:$U$125,$X$22:$X$125,AU22:AU125),SUMPRODUCT($F$22:$F$125,AU22:AU125)) -> 0 | AV136: =IF(AV21="kW",SUMPRODUCT($U$22:$U$125,$X$22:$X$125,AV22:AV125),SUMPRODUCT($F$22:$F$125,AV22:AV125)) -> 0 | ... AZ136: =IF(AZ21="kW",SUMPRODUCT($U$22:$U$125,$X$22:$X$125,AZ22:AZ125),SUMPRODUCT($F$22:$F$125,AZ22:AZ125)) -> 0
B137: 2011 Savings Persisting in 2014 | AM137: =SUMPRODUCT($G$22:$G$125,AM22:AM125) -> 0 | AN137: =SUMPRODUCT($G$22:$G$125,AN22:AN125) -> 0 | AO137: =IF(AO21="kW",SUMPRODUCT($U$22:$U$125,$Y$22:$Y$125,AO22:AO125),SUMPRODUCT($G$22:$G$125,AO22:AO125)) -> 0 | AP137: =IF(AP21="kW",SUMPRODUCT($U$22:$U$125,$Y$22:$Y$125,AP22:AP125),SUMPRODUCT($G$22:$G$125,AP22:AP125)) -> 0 | AQ137: =IF(AQ21="kW",SUMPRODUCT($U$22:$U$125,$Y$22:$Y$125,AQ22:AQ125),SUMPRODUCT($G$22:$G$125,AQ22:AQ125)) -> 0 | AR137: =IF(AR21="kW",SUMPRODUCT($U$22:$U$125,$Y$22:$Y$125,AR22:AR125),SUMPRODUCT($G$22:$G$125,AR22:AR125)) -> 0 | AS137: =IF(AS21="kW",SUMPRODUCT($U$22:$U$125,$Y$22:$Y$125,AS22:AS125),SUMPRODUCT($G$22:$G$125,AS22:AS125)) -> 0 | AT137: =IF(AT21="kW",SUMPRODUCT($U$22:$U$125,$Y$22:$Y$125,AT22:AT125),SUMPRODUCT($G$22:$G$125,AT22:AT125)) -> 0 | AU137: =IF(AU21="kW",SUMPRODUCT($U$22:$U$125,$Y$22:$Y$125,AU22:AU125),SUMPRODUCT($G$22:$G$125,AU22:AU125)) -> 0 | AV137: =IF(AV21="kW",SUMPRODUCT($U$22:$U$125,$Y$22:$Y$125,AV22:AV125),SUMPRODUCT($G$22:$G$125,AV22:AV125)) -> 0 | ... AZ137: =IF(AZ21="kW",SUMPRODUCT($U$22:$U$125,$Y$22:$Y$125,AZ22:AZ125),SUMPRODUCT($G$22:$G$125,AZ22:AZ125)) -> 0
B138: 2011 Savings Persisting in 2015 | AM138: =SUMPRODUCT($H$22:$H$125,AM22:AM125) -> 0 | AN138: =SUMPRODUCT($H$22:$H$125,AN22:AN125) -> 0 | AO138: =IF(AO21="kW",SUMPRODUCT($U$22:$U$125,$Z$22:$Z$125,AO22:AO125),SUMPRODUCT($H$22:$H$125,AO22:AO125)) -> 0 | AP138: =IF(AP21="kW",SUMPRODUCT($U$22:$U$125,$Z$22:$Z$125,AP22:AP125),SUMPRODUCT($H$22:$H$125,AP22:AP125)) -> 0 | AQ138: =IF(AQ21="kW",SUMPRODUCT($U$22:$U$125,$Z$22:$Z$125,AQ22:AQ125),SUMPRODUCT($H$22:$H$125,AQ22:AQ125)) -> 0 | AR138: =IF(AR21="kW",SUMPRODUCT($U$22:$U$125,$Z$22:$Z$125,AR22:AR125),SUMPRODUCT($H$22:$H$125,AR22:AR125)) -> 0 | AS138: =IF(AS21="kW",SUMPRODUCT($U$22:$U$125,$Z$22:$Z$125,AS22:AS125),SUMPRODUCT($H$22:$H$125,AS22:AS125)) -> 0 | AT138: =IF(AT21="kW",SUMPRODUCT($U$22:$U$125,$Z$22:$Z$125,AT22:AT125),SUMPRODUCT($H$22:$H$125,AT22:AT125)) -> 0 | AU138: =IF(AU21="kW",SUMPRODUCT($U$22:$U$125,$Z$22:$Z$125,AU22:AU125),SUMPRODUCT($H$22:$H$125,AU22:AU125)) -> 0 | AV138: =IF(AV21="kW",SUMPRODUCT($U$22:$U$125,$Z$22:$Z$125,AV22:AV125),SUMPRODUCT($H$22:$H$125,AV22:AV125)) -> 0 | ... AZ138: =IF(AZ21="kW",SUMPRODUCT($U$22:$U$125,$Z$22:$Z$125,AZ22:AZ125),SUMPRODUCT($H$22:$H$125,AZ22:AZ125)) -> 0
B139: 2011 Savings Persisting in 2016 | AM139: =SUMPRODUCT($I$22:$I$125,AM22:AM125) -> 0 | AN139: =SUMPRODUCT($I$22:$I$125,AN22:AN125) -> 0 | AO139: =IF(AO21="kW",SUMPRODUCT($U$22:$U$125,$AA$22:$AA$125,AO22:AO125),SUMPRODUCT($I$22:$I$125,AO22:AO125)) -> 0 | AP139: =IF(AP21="kW",SUMPRODUCT($U$22:$U$125,$AA$22:$AA$125,AP22:AP125),SUMPRODUCT($I$22:$I$125,AP22:AP125)) -> 0 | AQ139: =IF(AQ21="kW",SUMPRODUCT($U$22:$U$125,$AA$22:$AA$125,AQ22:AQ125),SUMPRODUCT($I$22:$I$125,AQ22:AQ125)) -> 0 | AR139: =IF(AR21="kW",SUMPRODUCT($U$22:$U$125,$AA$22:$AA$125,AR22:AR125),SUMPRODUCT($I$22:$I$125,AR22:AR125)) -> 0 | AS139: =IF(AS21="kW",SUMPRODUCT($U$22:$U$125,$AA$22:$AA$125,AS22:AS125),SUMPRODUCT($I$22:$I$125,AS22:AS125)) -> 0 | AT139: =IF(AT21="kW",SUMPRODUCT($U$22:$U$125,$AA$22:$AA$125,AT22:AT125),SUMPRODUCT($I$22:$I$125,AT22:AT125)) -> 0 | AU139: =IF(AU21="kW",SUMPRODUCT($U$22:$U$125,$AA$22:$AA$125,AU22:AU125),SUMPRODUCT($I$22:$I$125,AU22:AU125)) -> 0 | AV139: =IF(AV21="kW",SUMPRODUCT($U$22:$U$125,$AA$22:$AA$125,AV22:AV125),SUMPRODUCT($I$22:$I$125,AV22:AV125)) -> 0 | ... AZ139: =IF(AZ21="kW",SUMPRODUCT($U$22:$U$125,$AA$22:$AA$125,AZ22:AZ125),SUMPRODUCT($I$22:$I$125,AZ22:AZ125)) -> 0
B140: 2011 Savings Persisting in 2017 | AM140: =SUMPRODUCT($J$22:$J$125,AM22:AM125) -> 0 | AN140: =SUMPRODUCT($J$22:$J$125,AN22:AN125) -> 0 | AO140: =IF(AO21="kW",SUMPRODUCT($U$22:$U$125,$AB$22:$AB$125,AO22:AO125),SUMPRODUCT($J$22:$J$125,AO22:AO125)) -> 0 | AP140: =IF(AP21="kW",SUMPRODUCT($U$22:$U$125,$AB$22:$AB$125,AP22:AP125),SUMPRODUCT($J$22:$J$125,AP22:AP125)) -> 0 | AQ140: =IF(AQ21="kW",SUMPRODUCT($U$22:$U$125,$AB$22:$AB$125,AQ22:AQ125),SUMPRODUCT($J$22:$J$125,AQ22:AQ125)) -> 0 | AR140: =IF(AR21="kW",SUMPRODUCT($U$22:$U$125,$AB$22:$AB$125,AR22:AR125),SUMPRODUCT($J$22:$J$125,AR22:AR125)) -> 0 | AS140: =IF(AS21="kW",SUMPRODUCT($U$22:$U$125,$AB$22:$AB$125,AS22:AS125),SUMPRODUCT($J$22:$J$125,AS22:AS125)) -> 0 | AT140: =IF(AT21="kW",SUMPRODUCT($U$22:$U$125,$AB$22:$AB$125,AT22:AT125),SUMPRODUCT($J$22:$J$125,AT22:AT125)) -> 0 | AU140: =IF(AU21="kW",SUMPRODUCT($U$22:$U$125,$AB$22:$AB$125,AU22:AU125),SUMPRODUCT($J$22:$J$125,AU22:AU125)) -> 0 | AV140: =IF(AV21="kW",SUMPRODUCT($U$22:$U$125,$AB$22:$AB$125,AV22:AV125),SUMPRODUCT($J$22:$J$125,AV22:AV125)) -> 0 | ... AZ140: =IF(AZ21="kW",SUMPRODUCT($U$22:$U$125,$AB$22:$AB$125,AZ22:AZ125),SUMPRODUCT($J$22:$J$125,AZ22:AZ125)) -> 0
...

Sheet 5.  2015-2027 LRAM
B14: Legend | C14: User Inputs (Green)
C15: Auto Populated Cells (White)
C16: Instructions (Grey)
B18: Instructions | C18: 1. LDCs are expected to apply for disposition of all LRAMVA balances, incluidng persisting amounts that extend to the LDCs next COS, as part of 2023 rate applications. The following LRAMVA work forms apply to all LDCs that need to recover lost revenues for the 2015-2027 period, resulting from CDM activity in the 2015-2022 period. This includes the ability to recover lost revenues that persist until the LDCs next COS application. The 2021 CDM Guidelines indicate that distributors filing an application for 2023 rates should seek disposition of all outstanding LRAMVA balances related to previously established thresholds. Distributors not rebasing for 2023 rates who have complete information on eligible savings (i.e., needing only to account for persistence of savings in future years) may seek a rate adjustment on a prospective basis to address amounts that would otherwise be recorded in the LRAMVA for all years until their next rebasing application. Prospective treatment will not be necessary for cost-of-service applications. More detailed instructions related to prospective LRAM-eligible amounts are included above Table 5-i (2023 Lost Revenue Work Form). Please input or manually link the savings, adjustments and program savings persistence data in these tables from the LDC's Persistence Reports provided by the IESO (in Tab 7). As noted earlier, persistence data is available upon request from the IESO. Please also be advised that the same rate classes (of up to 14) are carried over from the Summary Tab 1.
C19: 2. Please ensure that the IESO verified savings adjustments apply back to the program year it relates to. For example, savings adjustments related to 2016 programs that were reported by the IESO in 2017 should be included in the 2016 program savings table. In order for persisting savings to be claimed in future years, past year's initiative level savings results need to be filled out in the tables below. If the IESO adjustments were made available to the LDC after the LRAMVA was approved, the persistence of those savings adjustments in the future cannot be claimed as approved LRAMVA amounts are considered to be final.
C20: 3. The work forms below include the monthly multipliers for most programs in order to claim demand savings from energy efficiency programs, consistent with the monthly multipliers indicated in the OEB's updated LRAM policy related to peak demand savings in EB-2016-0182. Demand Response (DR3) savings should generally not be included with the LRAMVA calculation, unless suported by empirical evidence. LDCs are requested to confirm the monthly multipliers for all programs each year as placeholder values are provided. If a different monthly multiplier is used, please include rationale in Tab 1-a and highlight the new multiplier that has been used.
C21: 4. LDC are requested to input the applicable rate class allocation percentages to allocate actual savings to the rate classes. The generic template currently includes the same allocation percentage for program savings and its savings adjustments. If a different allocation is proposed for savings adjustments, LDCs must provide supporting rationale in Tab 1-a and highlight the change.
C22: 5. The persistence of future savings is expected to be included in the distributor's load forecast after re-basing. LDCs are requested to delete the applicable savings persistence rows (auto-calculated after the LRAMVA totals for the year) if future year's persistence of savings is already captured in the updated load forecast. Please also provide assumptions about the years in which persistence is captured in the load forecast calculation in the "Notes" section below each table. note #5: As noted above, the work form has been expanded to allow for persistence of savings and lost revenues into the future, up to the time of an LDCs next cost of service application. LDCs should include all persisting lost revenues in order to be able to close its LRAMVA balances entirely.
B24: Tables | C24: Table 5-a. 2015 Lost Revenues | F24: Table 5-f. 2021 Lost Revenues | J24: Table 5-f. 2027 Lost Revenues
C25: Table 5-b. 2016 Lost Revenues | F25: Table 5-f. 2022 Lost Revenues
C26: Table 5-c. 2017 Lost Revenues | F26: Table 5-f. 2023 Lost Revenues
C27: Table 5-d. 2018 Lost Revenues | F27: Table 5-f. 2024 Lost Revenues
C28: Table 5-e. 2019 Lost Revenues | F28: Table 5-f. 2025 Lost Revenues
C29: Table 5-f. 2020 Lost Revenues | F29: Table 5-f. 2026 Lost Revenues
B33: Table 5-a. 2015 Lost Revenues Work Form
B34: Program | C34: Results Status | D34: Net Energy Savings (kWh) | E34: Net Energy Savings Persistence (kWh) | R34: Monthly Multiplier | S34: Net Demand Savings (kW) | T34: Net Peak Demand Savings Persistence (kW) | AG34: Rate Allocations for LRAMVA
D35: 2015 | E35: 2016 | F35: 2017 | G35: 2018 | H35: 2019 | I35: 2020 | J35: 2021 | K35: 2022 | L35: 2023 | M35: 2024 | N35: 2025 | O35: 2026 | P35: 2027 | Q35: 2028 | S35: 2015 | T35: 2016 | U35: 2017 | V35: 2018 | W35: 2019 | X35: 2020 | Y35: 2021 | Z35: 2022 | AA35: 2023 | AB35: 2024 | AC35: 2025 | AD35: 2026 | AE35: 2027 | AF35: 2028 | AG35: ='1. LRAMVA Summary'!$D$53 -> Residential | AH35: ='1. LRAMVA Summary'!$E$53 -> GS<50 kW | AI35: ='1. LRAMVA Summary'!$F$53 -> GS>50 KW | AJ35: ='1. LRAMVA Summary'!$G$53 -> Street Lights | AK35: ='1. LRAMVA Summary'!$H$53 | AL35: ='1. LRAMVA Summary'!$I$53 | AM35: ='1. LRAMVA Summary'!$J$53 | AN35: ='1. LRAMVA Summary'!$K$53 | AO35: ='1. LRAMVA Summary'!$L$53 | AP35: ='1. LRAMVA Summary'!$M$53 | AQ35: ='1. LRAMVA Summary'!$N$53 | AR35: ='1. LRAMVA Summary'!$O$53 | AS35: ='1. LRAMVA Summary'!$P$53 | AT35: ='1. LRAMVA Summary'!$Q$53 | AU35: ='1. LRAMVA Summary'!$R$53 -> Total
B36: Legacy Framework | AG36: ='1. LRAMVA Summary'!$D$54 -> kWh | AH36: ='1. LRAMVA Summary'!$E$54 -> kWh | AI36: ='1. LRAMVA Summary'!$F$54 -> kW | AJ36: ='1. LRAMVA Summary'!$G$54 -> kW | AK36: ='1. LRAMVA Summary'!$H$54 -> 0 | AL36: ='1. LRAMVA Summary'!$I$54 -> 0 | AM36: ='1. LRAMVA Summary'!$J$54 -> 0 | AN36: ='1. LRAMVA Summary'!$K$54 -> 0 | AO36: ='1. LRAMVA Summary'!$L$54 -> 0 | AP36: ='1. LRAMVA Summary'!$M$54 -> 0 | AQ36: ='1. LRAMVA Summary'!$N$54 -> 0 | AR36: ='1. LRAMVA Summary'!$O$54 -> 0 | AS36: ='1. LRAMVA Summary'!$P$54 -> 0 | AT36: ='1. LRAMVA Summary'!$Q$54 -> 0
B37: Residential Program
A38: 1 | B38: Coupon Initiative | C38: Verified | J38: ='7. Persistence Report'!BA42 -> 269265 | K38: ='7. Persistence Report'!BB42 -> 269252 | L38: ='7. Persistence Report'!BC42 -> 269252 | M38: ='7. Persistence Report'!BD42 -> 269252 | N38: ='7. Persistence Report'!BE42 -> 256228 | O38: ='7. Persistence Report'!BF42 -> 254169 | P38: ='7. Persistence Report'!BG42 -> 254169 | Q38: ='7. Persistence Report'!BH42 -> 253981 | Y38: ='7. Persistence Report'!V42 -> 18 | Z38: ='7. Persistence Report'!W42 -> 18 | AA38: ='7. Persistence Report'!X42 -> 18 | AB38: ='7. Persistence Report'!Y42 -> 18 | AC38: ='7. Persistence Report'!Z42 -> 16 | AD38: ='7. Persistence Report'!AA42 -> 16 | AE38: ='7. Persistence Report'!AB42 -> 16 | AF38: ='7. Persistence Report'!AC42 -> 16 | AU38: =SUM(AG38:AT38) -> 0
B39: Adjustment to 2015 savings | C39: True-up | J39: ='7. Persistence Report'!BA40 -> 71372 | K39: ='7. Persistence Report'!BB40 -> 71368 | L39: ='7. Persistence Report'!BC40 -> 71368 | M39: ='7. Persistence Report'!BD40 -> 71368 | N39: ='7. Persistence Report'!BE40 -> 63835 | O39: ='7. Persistence Report'!BF40 -> 62894 | P39: ='7. Persistence Report'!BG40 -> 62894 | Q39: ='7. Persistence Report'!BH40 -> 62790 | Y39: ='7. Persistence Report'!V40 -> 5 | Z39: ='7. Persistence Report'!W40 -> 5 | AA39: ='7. Persistence Report'!X40 -> 5 | AB39: ='7. Persistence Report'!Y40 -> 5 | AC39: ='7. Persistence Report'!Z40 -> 4 | AD39: ='7. Persistence Report'!AA40 -> 4 | AE39: ='7. Persistence Report'!AB40 -> 4 | AF39: ='7. Persistence Report'!AC40 -> 4 | AG39: =AG38 -> 0 | AH39: =AH38 -> 0 | AI39: =AI38 -> 0 | AJ39: =AJ38 -> 0 | AK39: =AK38 -> 0 | AL39: =AL38 -> 0 | AM39: =AM38 -> 0 | AN39: =AN38 -> 0 | ... AT39: =AT38 -> 0
A41: 2 | B41: Bi-Annual Retailer Event Initiative | C41: Verified | J41: ='7. Persistence Report'!BA37 -> 108358 | K41: ='7. Persistence Report'!BB37 -> 108301 | L41: ='7. Persistence Report'!BC37 -> 108301 | M41: ='7. Persistence Report'!BD37 -> 108301 | N41: ='7. Persistence Report'!BE37 -> 99869 | O41: ='7. Persistence Report'!BF37 -> 94727 | P41: ='7. Persistence Report'!BG37 -> 94727 | Q41: ='7. Persistence Report'!BH37 -> 92690 | Y41: ='7. Persistence Report'!V37 -> 7 | Z41: ='7. Persistence Report'!W37 -> 7 | AA41: ='7. Persistence Report'!X37 -> 7 | AB41: ='7. Persistence Report'!Y37 -> 7 | AC41: ='7. Persistence Report'!Z37 -> 6 | AD41: ='7. Persistence Report'!AA37 -> 6 | AE41: ='7. Persistence Report'!AB37 -> 6 | AF41: ='7. Persistence Report'!AC37 -> 6 | AU41: =SUM(AG41:AT41) -> 0
B42: Adjustment to 2015 savings | C42: True-up | J42: ='7. Persistence Report'!BA36 -> 1128 | K42: ='7. Persistence Report'!BB36 -> 1125 | L42: ='7. Persistence Report'!BC36 -> 1125 | M42: ='7. Persistence Report'!BD36 -> 1125 | N42: ='7. Persistence Report'!BE36 -> 954 | O42: ='7. Persistence Report'!BF36 -> 946 | P42: ='7. Persistence Report'!BG36 -> 946 | Q42: ='7. Persistence Report'!BH36 -> 917 | Y42: ='7. Persistence Report'!V36 -> 0 | Z42: ='7. Persistence Report'!W36 -> 0 | AA42: ='7. Persistence Report'!X36 -> 0 | AB42: ='7. Persistence Report'!Y36 -> 0 | AC42: ='7. Persistence Report'!Z36 -> 0 | AD42: ='7. Persistence Report'!AA36 -> 0 | AE42: ='7. Persistence Report'!AB36 -> 0 | AF42: ='7. Persistence Report'!AC36 -> 0 | AG42: =AG41 -> 0 | AH42: =AH41 -> 0 | AI42: =AI41 -> 0 | AJ42: =AJ41 -> 0 | AK42: =AK41 -> 0 | AL42: =AL41 -> 0 | AM42: =AM41 -> 0 | AN42: =AN41 -> 0 | ... AT42: =AT41 -> 0
A44: 3 | B44: Appliance Retirement Initiative | C44: Verified | J44: ='7. Persistence Report'!BA30 -> 0 | K44: ='7. Persistence Report'!BB30 -> 0 | L44: ='7. Persistence Report'!BC30 -> 0 | M44: ='7. Persistence Report'!BD30 -> 0 | N44: ='7. Persistence Report'!BE30 -> 0 | O44: ='7. Persistence Report'!BF30 -> 0 | P44: ='7. Persistence Report'!BG30 -> 0 | Q44: ='7. Persistence Report'!BH30 -> 0 | Y44: ='7. Persistence Report'!V30 -> 0 | Z44: ='7. Persistence Report'!W30 -> 0 | AA44: ='7. Persistence Report'!X30 -> 0 | AB44: ='7. Persistence Report'!Y30 -> 0 | AC44: ='7. Persistence Report'!Z30 -> 0 | AD44: ='7. Persistence Report'!AA30 -> 0 | AE44: ='7. Persistence Report'!AB30 -> 0 | AF44: ='7. Persistence Report'!AC30 -> 0 | AU44: =SUM(AG44:AT44) -> 0
B45: Adjustment to 2015 savings | C45: True-up | AG45: =AG44 -> 0 | AH45: =AH44 -> 0 | AI45: =AI44 -> 0 | AJ45: =AJ44 -> 0 | AK45: =AK44 -> 0 | AL45: =AL44 -> 0 | AM45: =AM44 -> 0 | AN45: =AN44 -> 0 | ... AT45: =AT44 -> 0
A47: 4 | B47: HVAC Incentives Initiative | C47: Verified | J47: ='7. Persistence Report'!BA66 -> 50362 | K47: ='7. Persistence Report'!BB66 -> 50362 | L47: ='7. Persistence Report'!BC66 -> 50362 | M47: ='7. Persistence Report'!BD66 -> 50362 | N47: ='7. Persistence Report'!BE66 -> 50362 | O47: ='7. Persistence Report'!BF66 -> 50362 | P47: ='7. Persistence Report'!BG66 -> 50362 | Q47: ='7. Persistence Report'!BH66 -> 50362 | Y47: ='7. Persistence Report'!V66 -> 26 | Z47: ='7. Persistence Report'!W66 -> 26 | AA47: ='7. Persistence Report'!X66 -> 26 | AB47: ='7. Persistence Report'!Y66 -> 26 | AC47: ='7. Persistence Report'!Z66 -> 26 | AD47: ='7. Persistence Report'!AA66 -> 26 | AE47: ='7. Persistence Report'!AB66 -> 26 | AF47: ='7. Persistence Report'!AC66 -> 26 | AU47: =SUM(AG47:AT47) -> 0
B48: Adjustment to 2015 savings | C48: True-up | J48: ='7. Persistence Report'!BA63 -> 1934 | K48: ='7. Persistence Report'!BB63 -> 1934 | L48: ='7. Persistence Report'!BC63 -> 1934 | M48: ='7. Persistence Report'!BD63 -> 1934 | N48: ='7. Persistence Report'!BE63 -> 1934 | O48: ='7. Persistence Report'!BF63 -> 1934 | P48: ='7. Persistence Report'!BG63 -> 1934 | Q48: ='7. Persistence Report'!BH63 -> 1934 | Y48: ='7. Persistence Report'!V63 -> 1 | Z48: ='7. Persistence Report'!W63 -> 1 | AA48: ='7. Persistence Report'!X63 -> 1 | AB48: ='7. Persistence Report'!Y63 -> 1 | AC48: ='7. Persistence Report'!Z63 -> 1 | AD48: ='7. Persistence Report'!AA63 -> 1 | AE48: ='7. Persistence Report'!AB63 -> 1 | AF48: ='7. Persistence Report'!AC63 -> 1 | AG48: =AG47 -> 0 | AH48: =AH47 -> 0 | AI48: =AI47 -> 0 | AJ48: =AJ47 -> 0 | AK48: =AK47 -> 0 | AL48: =AL47 -> 0 | AM48: =AM47 -> 0 | AN48: =AN47 -> 0 | ... AT48: =AT47 -> 0
A50: 5 | B50: Residential New Construction and Major Renovation Initiative | C50: Verified | AU50: =SUM(AG50:AT50) -> 0
B51: Adjustment to 2015 savings | C51: True-up | AG51: =AG50 -> 0 | AH51: =AH50 -> 0 | AI51: =AI50 -> 0 | AJ51: =AJ50 -> 0 | AK51: =AK50 -> 0 | AL51: =AL50 -> 0 | AM51: =AM50 -> 0 | AN51: =AN50 -> 0 | ... AT51: =AT50 -> 0
B53: Commercial & Institutional Program
A54: 6 | B54: Energy Audit Initiative | C54: Verified | J54: ='7. Persistence Report'!BA61 -> 0 | K54: ='7. Persistence Report'!BB61 -> 0 | L54: ='7. Persistence Report'!BC61 -> 0 | M54: ='7. Persistence Report'!BD61 -> 0 | N54: ='7. Persistence Report'!BE61 -> 0 | O54: ='7. Persistence Report'!BF61 -> 0 | P54: ='7. Persistence Report'!BG61 -> 0 | Q54: ='7. Persistence Report'!BH61 -> 0 | R54: 12 | Y54: ='7. Persistence Report'!V61 -> 0 | Z54: ='7. Persistence Report'!W61 -> 0 | AA54: ='7. Persistence Report'!X61 -> 0 | AB54: ='7. Persistence Report'!Y61 -> 0 | AC54: ='7. Persistence Report'!Z61 -> 0 | AD54: ='7. Persistence Report'!AA61 -> 0 | AE54: ='7. Persistence Report'!AB61 -> 0 | AF54: ='7. Persistence Report'!AC61 -> 0 | AI54: 1 | AU54: =SUM(AG54:AT54) -> 1
B55: Adjustment to 2015 savings | C55: True-up | J55: ='7. Persistence Report'!BA60 -> 156788 | K55: ='7. Persistence Report'!BB60 -> 156788 | L55: ='7. Persistence Report'!BC60 -> 156788 | M55: ='7. Persistence Report'!BD60 -> 156788 | N55: ='7. Persistence Report'!BE60 -> 156788 | O55: ='7. Persistence Report'!BF60 -> 156788 | P55: ='7. Persistence Report'!BG60 -> 156788 | Q55: ='7. Persistence Report'!BH60 -> 109751 | R55: =R54 -> 12 | Y55: ='7. Persistence Report'!V60 -> 33 | Z55: ='7. Persistence Report'!W60 -> 33 | AA55: ='7. Persistence Report'!X60 -> 33 | AB55: ='7. Persistence Report'!Y60 -> 33 | AC55: ='7. Persistence Report'!Z60 -> 33 | AD55: ='7. Persistence Report'!AA60 -> 33 | AE55: ='7. Persistence Report'!AB60 -> 33 | AF55: ='7. Persistence Report'!AC60 -> 23 | AG55: =AG54 -> 0 | AH55: =AH54 -> 0 | AI55: =AI54 -> 1 | AJ55: =AJ54 -> 0 | AK55: =AK54 -> 0 | AL55: =AL54 -> 0 | AM55: =AM54 -> 0 | AN55: =AN54 -> 0 | ... AT55: =AT54 -> 0
A57: 7 | B57: Efficiency: Equipment Replacement Incentive Initiative | C57: Verified | J57: ='7. Persistence Report'!BA57 -> 2310710 | K57: ='7. Persistence Report'!BB57 -> 2310710 | L57: ='7. Persistence Report'!BC57 -> 2297779 | M57: ='7. Persistence Report'!BD57 -> 2113122 | N57: ='7. Persistence Report'!BE57 -> 1625603 | O57: ='7. Persistence Report'!BF57 -> 1591271 | P57: ='7. Persistence Report'!BG57 -> 1064692 | Q57: ='7. Persistence Report'!BH57 -> 1064692 | R57: 12 | Y57: ='7. Persistence Report'!V57 -> 294 | Z57: ='7. Persistence Report'!W57 -> 294 | AA57: ='7. Persistence Report'!X57 -> 291 | AB57: ='7. Persistence Report'!Y57 -> 259 | AC57: ='7. Persistence Report'!Z57 -> 171 | AD57: ='7. Persistence Report'!AA57 -> 165 | AE57: ='7. Persistence Report'!AB57 -> 149 | AF57: ='7. Persistence Report'!AC57 -> 149 | AH57: 0.12 | AI57: 0.88 | AU57: =SUM(AG57:AT57) -> 1
B58: Adjustment to 2015 savings | C58: True-up | J58: ='7. Persistence Report'!BA51+'7. Persistence Report'!BA53 -> 376962 | K58: ='7. Persistence Report'!BB51+'7. Persistence Report'!BB53 -> 376962 | L58: ='7. Persistence Report'!BC51+'7. Persistence Report'!BC53 -> 389894 | M58: ='7. Persistence Report'!BD51+'7. Persistence Report'!BD53 -> 349330 | N58: ='7. Persistence Report'!BE51+'7. Persistence Report'!BE53 -> 271550 | O58: ='7. Persistence Report'!BF51+'7. Persistence Report'!BF53 -> 264020 | P58: ='7. Persistence Report'!BG51+'7. Persistence Report'!BG53 -> 179244 | Q58: ='7. Persistence Report'!BH51+'7. Persistence Report'!BH53 -> 179244 | R58: =R57 -> 12 | Y58: ='7. Persistence Report'!V51+'7. Persistence Report'!V53 -> 49 | Z58: ='7. Persistence Report'!W51+'7. Persistence Report'!W53 -> 49 | AA58: ='7. Persistence Report'!X51+'7. Persistence Report'!X53 -> 52 | AB58: ='7. Persistence Report'!Y51+'7. Persistence Report'!Y53 -> 45 | AC58: ='7. Persistence Report'!Z51+'7. Persistence Report'!Z53 -> 33 | AD58: ='7. Persistence Report'!AA51+'7. Persistence Report'!AA53 -> 32 | AE58: ='7. Persistence Report'!AB51+'7. Persistence Report'!AB53 -> 13 | AF58: ='7. Persistence Report'!AC51+'7. Persistence Report'!AC53 -> 13 | AG58: =AG57 -> 0 | AH58: =AH57 -> 0.12 | AI58: =AI57 -> 0.88 | AJ58: =AJ57 -> 0 | AK58: =AK57 -> 0 | AL58: =AL57 -> 0 | AM58: =AM57 -> 0 | AN58: =AN57 -> 0 | ... AT58: =AT57 -> 0
A60: 8 | B60: Direct Install Lighting and Water Heating Initiative | C60: Verified | J60: ='7. Persistence Report'!BA49 -> 47312 | K60: ='7. Persistence Report'!BB49 -> 47312 | L60: ='7. Persistence Report'!BC49 -> 47312 | M60: ='7. Persistence Report'!BD49 -> 47312 | N60: ='7. Persistence Report'!BE49 -> 43992 | O60: ='7. Persistence Report'!BF49 -> 4530 | P60: ='7. Persistence Report'!BG49 -> 0 | Q60: ='7. Persistence Report'!BH49 -> 0 | R60: 12 | Y60: ='7. Persistence Report'!V49 -> 11 | Z60: ='7. Persistence Report'!W49 -> 11 | AA60: ='7. Persistence Report'!X49 -> 11 | AB60: ='7. Persistence Report'!Y49 -> 11 | AC60: ='7. Persistence Report'!Z49 -> 10 | AD60: ='7. Persistence Report'!AA49 -> 1 | AE60: ='7. Persistence Report'!AB49 -> 0 | AF60: ='7. Persistence Report'!AC49 -> 0 | AI60: 1 | AU60: =SUM(AG60:AT60) -> 1
B61: Adjustment to 2015 savings | C61: True-up | J61: ='7. Persistence Report'!BA47 -> 5757 | K61: ='7. Persistence Report'!BB47 -> 5757 | L61: ='7. Persistence Report'!BC47 -> 5757 | M61: ='7. Persistence Report'!BD47 -> 5757 | N61: ='7. Persistence Report'!BE47 -> 5757 | O61: ='7. Persistence Report'!BF47 -> 3173 | P61: ='7. Persistence Report'!BG47 -> 0 | Q61: ='7. Persistence Report'!BH47 -> 0 | R61: =R60 -> 12 | Y61: ='7. Persistence Report'!V47 -> 1 | Z61: ='7. Persistence Report'!W47 -> 1 | AA61: ='7. Persistence Report'!X47 -> 1 | AB61: ='7. Persistence Report'!Y47 -> 1 | AC61: ='7. Persistence Report'!Z47 -> 1 | AD61: ='7. Persistence Report'!AA47 -> 1 | AE61: ='7. Persistence Report'!AB47 -> 0 | AF61: ='7. Persistence Report'!AC47 -> 0 | AG61: =AG60 -> 0 | AH61: =AH60 -> 0 | AI61: =AI60 -> 1 | AJ61: =AJ60 -> 0 | AK61: =AK60 -> 0 | AL61: =AL60 -> 0 | AM61: =AM60 -> 0 | AN61: =AN60 -> 0 | ... AT61: =AT60 -> 0
A63: 9 | B63: New Construction and Major Renovation Initiative | C63: Verified | R63: 12 | AU63: =SUM(AG63:AT63) -> 0
B64: Adjustment to 2015 savings | C64: True-up | R64: =R63 -> 12 | AG64: =AG63 -> 0 | AH64: =AH63 -> 0 | AI64: =AI63 -> 0 | AJ64: =AJ63 -> 0 | AK64: =AK63 -> 0 | AL64: =AL63 -> 0 | AM64: =AM63 -> 0 | AN64: =AN63 -> 0 | ... AT64: =AT63 -> 0
A66: 10 | B66: Existing Building Commissioning Incentive Initiative | C66: Verified | R66: 3 | AU66: =SUM(AG66:AT66) -> 0
B67: Adjustment to 2015 savings | C67: True-up | R67: =R66 -> 3 | AG67: =AG66 -> 0 | AH67: =AH66 -> 0 | AI67: =AI66 -> 0 | AJ67: =AJ66 -> 0 | AK67: =AK66 -> 0 | AL67: =AL66 -> 0 | AM67: =AM66 -> 0 | AN67: =AN66 -> 0 | ... AT67: =AT66 -> 0
B69: Industrial Program
A70: 11 | B70: Process and Systems Upgrades Initiatives - Project Incentive Initiative | C70: Verified | R70: 12 | AU70: =SUM(AG70:AT70) -> 0
B71: Adjustment to 2015 savings | C71: True-up | R71: =R70 -> 12 | AG71: =AG70 -> 0 | AH71: =AH70 -> 0 | AI71: =AI70 -> 0 | AJ71: =AJ70 -> 0 | AK71: =AK70 -> 0 | AL71: =AL70 -> 0 | AM71: =AM70 -> 0 | AN71: =AN70 -> 0 | ... AT71: =AT70 -> 0
A73: 12 | B73: Process and Systems Upgrades Initiatives - Monitoring and Targeting Initiative | C73: Verified | R73: 12 | AU73: =SUM(AG73:AT73) -> 0
B74: Adjustment to 2015 savings | C74: True-up | R74: =R73 -> 12 | AG74: =AG73 -> 0 | AH74: =AH73 -> 0 | AI74: =AI73 -> 0 | AJ74: =AJ73 -> 0 | AK74: =AK73 -> 0 | AL74: =AL73 -> 0 | AM74: =AM73 -> 0 | AN74: =AN73 -> 0 | ... AT74: =AT73 -> 0
A76: 13 | B76: Process and Systems Upgrades Initiatives - Energy Manager Initiative | C76: Verified | J76: ='7. Persistence Report'!BA76 -> 9610 | K76: ='7. Persistence Report'!BB76 -> 9610 | L76: ='7. Persistence Report'!BC76 -> 9610 | M76: ='7. Persistence Report'!BD76 -> 9610 | N76: ='7. Persistence Report'!BE76 -> 0 | O76: ='7. Persistence Report'!BF76 -> 0 | P76: ='7. Persistence Report'!BG76 -> 0 | Q76: ='7. Persistence Report'!BH76 -> 0 | R76: 12 | Y76: ='7. Persistence Report'!V76 -> 3 | Z76: ='7. Persistence Report'!W76 -> 3 | AA76: ='7. Persistence Report'!X76 -> 3 | AB76: ='7. Persistence Report'!Y76 -> 3 | AC76: ='7. Persistence Report'!Z76 -> 0 | AD76: ='7. Persistence Report'!AA76 -> 0 | AE76: ='7. Persistence Report'!AB76 -> 0 | AF76: ='7. Persistence Report'!AC76 -> 0 | AI76: 1 | AU76: =SUM(AG76:AT76) -> 1
B77: Adjustment to 2015 savings | C77: True-up | R77: =R76 -> 12 | AG77: =AG76 -> 0 | AH77: =AH76 -> 0 | AI77: =AI76 -> 1 | AJ77: =AJ76 -> 0 | AK77: =AK76 -> 0 | AL77: =AL76 -> 0 | AM77: =AM76 -> 0 | AN77: =AN76 -> 0 | ... AT77: =AT76 -> 0
B79: Low Income Program
A80: 14 | B80: Low Income Initiative | C80: Verified | J80: ='7. Persistence Report'!BA75 -> 9386 | K80: ='7. Persistence Report'!BB75 -> 8836 | L80: ='7. Persistence Report'!BC75 -> 4382 | M80: ='7. Persistence Report'!BD75 -> 4382 | N80: ='7. Persistence Report'!BE75 -> 4382 | O80: ='7. Persistence Report'!BF75 -> 4382 | P80: ='7. Persistence Report'!BG75 -> 4062 | Q80: ='7. Persistence Report'!BH75 -> 4062 | R80: 12 | Y80: ='7. Persistence Report'!V75 -> 1 | Z80: ='7. Persistence Report'!W75 -> 1 | AA80: ='7. Persistence Report'!X75 -> 1 | AB80: ='7. Persistence Report'!Y75 -> 1 | AC80: ='7. Persistence Report'!Z75 -> 1 | AD80: ='7. Persistence Report'!AA75 -> 1 | AE80: ='7. Persistence Report'!AB75 -> 1 | AF80: ='7. Persistence Report'!AC75 -> 1 | AU80: =SUM(AG80:AT80) -> 0
B81: Adjustment to 2015 savings | C81: True-up | R81: =R80 -> 12 | AG81: =AG80 -> 0 | AH81: =AH80 -> 0 | AI81: =AI80 -> 0 | AJ81: =AJ80 -> 0 | AK81: =AK80 -> 0 | AL81: =AL80 -> 0 | AM81: =AM80 -> 0 | AN81: =AN80 -> 0 | ... AT81: =AT80 -> 0
B83: Other
A84: 15 | B84: Aboriginal Conservation Program | C84: Verified | R84: 0 | AU84: =SUM(AG84:AT84) -> 0
B85: Adjustment to 2015 savings | C85: True-up | R85: =R84 -> 0 | AG85: =AG84 -> 0 | AH85: =AH84 -> 0 | AI85: =AI84 -> 0 | AJ85: =AJ84 -> 0 | AK85: =AK84 -> 0 | AL85: =AL84 -> 0 | AM85: =AM84 -> 0 | AN85: =AN84 -> 0 | ... AT85: =AT84 -> 0
A87: 16 | B87: Program Enabled Savings | C87: Verified | R87: 0 | AU87: =SUM(AG87:AT87) -> 0
B88: Adjustment to 2015 savings | C88: True-up | R88: =R87 -> 0 | AG88: =AG87 -> 0 | AH88: =AH87 -> 0 | AI88: =AI87 -> 0 | AJ88: =AJ87 -> 0 | AK88: =AK87 -> 0 | AL88: =AL87 -> 0 | AM88: =AM87 -> 0 | AN88: =AN87 -> 0 | ... AT88: =AT87 -> 0
B90: Conservation Fund Pilots
A91: 17 | B91: Conservation Fund Pilot - EnerNOC | C91: Verified | R91: 12 | AU91: =SUM(AG91:AT91) -> 0
B92: Adjustment to 2015 savings | C92: True-up | R92: =R91 -> 12 | AG92: =AG91 -> 0 | AH92: =AH91 -> 0 | AI92: =AI91 -> 0 | AJ92: =AJ91 -> 0 | AK92: =AK91 -> 0 | AL92: =AL91 -> 0 | AM92: =AM91 -> 0 | AN92: =AN91 -> 0 | ... AT92: =AT91 -> 0
A94: 18 | B94: Loblaws Pilot | C94: Verified | R94: 12 | AU94: =SUM(AG94:AT94) -> 0
B95: Adjustment to 2015 savings | C95: True-up | R95: =R94 -> 12 | AG95: =AG94 -> 0 | AH95: =AH94 -> 0 | AI95: =AI94 -> 0 | AJ95: =AJ94 -> 0 | AK95: =AK94 -> 0 | AL95: =AL94 -> 0 | AM95: =AM94 -> 0 | AN95: =AN94 -> 0 | ... AT95: =AT94 -> 0
A97: 19 | B97: Conservation Fund Pilot - SEG | C97: Verified | R97: 12 | AU97: =SUM(AG97:AT97) -> 0
B98: Adjustment to 2015 savings | C98: True-up | R98: =R97 -> 12 | AG98: =AG97 -> 0 | AH98: =AH97 -> 0 | AI98: =AI97 -> 0 | AJ98: =AJ97 -> 0 | AK98: =AK97 -> 0 | AL98: =AL97 -> 0 | AM98: =AM97 -> 0 | AN98: =AN97 -> 0 | ... AT98: =AT97 -> 0
A100: 20 | B100: Social Benchmarking Pliot | C100: Verified | R100: 12 | AU100: =SUM(AG100:AT100) -> 0
B101: Adjustment to 2015 savings | C101: True-up | R101: =R100 -> 12 | AG101: =AG100 -> 0 | AH101: =AH100 -> 0 | AI101: =AI100 -> 0 | AJ101: =AJ100 -> 0 | AK101: =AK100 -> 0 | AL101: =AL100 -> 0 | AM101: =AM100 -> 0 | AN101: =AN100 -> 0 | ... AT101: =AT100 -> 0
B103: Conservation First Framework
B104: Residential Province-Wide Programs
A105: 21 | B105: Save on Energy Coupon Program | C105: Verified | AU105: =SUM(AG105:AT105) -> 0
B106: Adjustment to 2015 savings | C106: True-up | AG106: =AG105 -> 0 | AH106: =AH105 -> 0 | AI106: =AI105 -> 0 | AJ106: =AJ105 -> 0 | AK106: =AK105 -> 0 | AL106: =AL105 -> 0 | AM106: =AM105 -> 0 | AN106: =AN105 -> 0 | ... AT106: =AT105 -> 0
A108: 22 | B108: Save on Energy Heating and Cooling Program | C108: Verified | AU108: =SUM(AG108:AT108) -> 0
B109: Adjustment to 2015 savings | C109: True-up | AG109: =AG108 -> 0 | AH109: =AH108 -> 0 | AI109: =AI108 -> 0 | AJ109: =AJ108 -> 0 | AK109: =AK108 -> 0 | AL109: =AL108 -> 0 | AM109: =AM108 -> 0 | AN109: =AN108 -> 0 | ... AT109: =AT108 -> 0
A111: 23 | B111: Save on Energy New Construction Program | C111: Verified | AU111: =SUM(AG111:AT111) -> 0
B112: Adjustment to 2015 savings | C112: True-up | AG112: =AG111 -> 0 | AH112: =AH111 -> 0 | AI112: =AI111 -> 0 | AJ112: =AJ111 -> 0 | AK112: =AK111 -> 0 | AL112: =AL111 -> 0 | AM112: =AM111 -> 0 | AN112: =AN111 -> 0 | ... AT112: =AT111 -> 0
A114: 24 | B114: Save on Energy Home Assistance Program | C114: Verified | AU114: =SUM(AG114:AT114) -> 0
B115: Adjustment to 2015 savings | C115: True-up | AG115: =AG114 -> 0 | AH115: =AH114 -> 0 | AI115: =AI114 -> 0 | AJ115: =AJ114 -> 0 | AK115: =AK114 -> 0 | AL115: =AL114 -> 0 | AM115: =AM114 -> 0 | AN115: =AN114 -> 0 | ... AT115: =AT114 -> 0
B117: Non-Residential Province-Wide Programs
A118: 25 | B118: Save on Energy Audit Funding Program | C118: Verified | R118: 12 | AU118: =SUM(AG118:AT118) -> 0
B119: Adjustment to 2015 savings | C119: True-up | R119: =R118 -> 12 | AG119: =AG118 -> 0 | AH119: =AH118 -> 0 | AI119: =AI118 -> 0 | AJ119: =AJ118 -> 0 | AK119: =AK118 -> 0 | AL119: =AL118 -> 0 | AM119: =AM118 -> 0 | AN119: =AN118 -> 0 | ... AT119: =AT118 -> 0
A121: 26 | B121: Save on Energy Retrofit Program | C121: Verified | R121: 12 | AU121: =SUM(AG121:AT121) -> 0
B122: Adjustment to 2015 savings | C122: True-up | R122: =R121 -> 12 | AG122: =AG121 -> 0 | AH122: =AH121 -> 0 | AI122: =AI121 -> 0 | AJ122: =AJ121 -> 0 | AK122: =AK121 -> 0 | AL122: =AL121 -> 0 | AM122: =AM121 -> 0 | AN122: =AN121 -> 0 | ... AT122: =AT121 -> 0
A124: 27 | B124: Save on Energy Small Business Lighting Program | C124: Verified | R124: 12 | AU124: =SUM(AG124:AT124) -> 0
B125: Adjustment to 2015 savings | C125: True-up | R125: =R124 -> 12 | AG125: =AG124 -> 0 | AH125: =AH124 -> 0 | AI125: =AI124 -> 0 | AJ125: =AJ124 -> 0 | AK125: =AK124 -> 0 | AL125: =AL124 -> 0 | AM125: =AM124 -> 0 | AN125: =AN124 -> 0 | ... AT125: =AT124 -> 0
A127: 28 | B127: Save on Energy High Performance New Construction Program | C127: Verified | R127: 12 | AU127: =SUM(AG127:AT127) -> 0
B128: Adjustment to 2015 savings | C128: True-up | R128: =R127 -> 12 | AG128: =AG127 -> 0 | AH128: =AH127 -> 0 | AI128: =AI127 -> 0 | AJ128: =AJ127 -> 0 | AK128: =AK127 -> 0 | AL128: =AL127 -> 0 | AM128: =AM127 -> 0 | AN128: =AN127 -> 0 | ... AT128: =AT127 -> 0
A130: 29 | B130: Save on Energy Existing Building Commissioning Program | C130: Verified | R130: 3 | AU130: =SUM(AG130:AT130) -> 0
B131: Adjustment to 2015 savings | C131: True-up | R131: =R130 -> 3 | AG131: =AG130 -> 0 | AH131: =AH130 -> 0 | AI131: =AI130 -> 0 | AJ131: =AJ130 -> 0 | AK131: =AK130 -> 0 | AL131: =AL130 -> 0 | AM131: =AM130 -> 0 | AN131: =AN130 -> 0 | ... AT131: =AT130 -> 0
A133: 30 | B133: Save on Energy Process & Systems Upgrades Program | C133: Verified | R133: 12 | AU133: =SUM(AG133:AT133) -> 0
B134: Adjustment to 2015 savings | C134: True-up | R134: =R133 -> 12 | AG134: =AG133 -> 0 | AH134: =AH133 -> 0 | AI134: =AI133 -> 0 | AJ134: =AJ133 -> 0 | AK134: =AK133 -> 0 | AL134: =AL133 -> 0 | AM134: =AM133 -> 0 | AN134: =AN133 -> 0 | ... AT134: =AT133 -> 0
A136: 31 | B136: Save on Energy Monitoring & Targeting Program | C136: Verified | R136: 12 | AU136: =SUM(AG136:AT136) -> 0
B137: Adjustment to 2015 savings | C137: True-up | R137: =R136 -> 12 | AG137: =AG136 -> 0 | AH137: =AH136 -> 0 | AI137: =AI136 -> 0 | AJ137: =AJ136 -> 0 | AK137: =AK136 -> 0 | AL137: =AL136 -> 0 | AM137: =AM136 -> 0 | AN137: =AN136 -> 0 | ... AT137: =AT136 -> 0
A139: 32 | B139: Save on Energy Energy Manager Program | C139: Verified | R139: 12 | AU139: =SUM(AG139:AT139) -> 0
B140: Adjustment to 2015 savings | C140: True-up | R140: =R139 -> 12 | AG140: =AG139 -> 0 | AH140: =AH139 -> 0 | AI140: =AI139 -> 0 | AJ140: =AJ139 -> 0 | AK140: =AK139 -> 0 | AL140: =AL139 -> 0 | AM140: =AM139 -> 0 | AN140: =AN139 -> 0 | ... AT140: =AT139 -> 0
B142: Local & Regional Programs
A143: 33 | B143: Business Refrigeration Local Program | C143: Verified | R143: 0 | AU143: =SUM(AG143:AT143) -> 0
B144: Adjustment to 2015 savings | C144: True-up | R144: =R143 -> 0 | AG144: =AG143 -> 0 | AH144: =AH143 -> 0 | AI144: =AI143 -> 0 | AJ144: =AJ143 -> 0 | AK144: =AK143 -> 0 | AL144: =AL143 -> 0 | AM144: =AM143 -> 0 | AN144: =AN143 -> 0 | ... AT144: =AT143 -> 0
A146: 34 | B146: First Nation Conservation Local Program | C146: Verified | R146: 0 | AU146: =SUM(AG146:AT146) -> 0
B147: Adjustment to 2015 savings | C147: True-up | R147: =R146 -> 0 | AG147: =AG146 -> 0 | AH147: =AH146 -> 0 | AI147: =AI146 -> 0 | AJ147: =AJ146 -> 0 | AK147: =AK146 -> 0 | AL147: =AL146 -> 0 | AM147: =AM146 -> 0 | AN147: =AN146 -> 0 | ... AT147: =AT146 -> 0
A149: 35 | B149: Social Benchmarking Local Program | C149: Verified | R149: 0 | AU149: =SUM(AG149:AT149) -> 0
B150: Adjustment to 2015 savings | C150: True-up | R150: =R149 -> 0 | AG150: =AG149 -> 0 | AH150: =AH149 -> 0 | AI150: =AI149 -> 0 | AJ150: =AJ149 -> 0 | AK150: =AK149 -> 0 | AL150: =AL149 -> 0 | AM150: =AM149 -> 0 | AN150: =AN149 -> 0 | ... AT150: =AT149 -> 0
B152: Pilot Programs
A153: 36 | B153: Enersource Hydro Mississauga Inc. - Performance-Based Conservation Pilot Program - Conservation Fund | C153: Verified | R153: 12 | AU153: =SUM(AG153:AT153) -> 0
...

Sheet 6.  Carrying Charges
B4: Legend | C4: User Inputs (Green)
C5: Auto Populated Cells (White)
C6: Instructions (Grey)
B8: Instructions | C8: 1. Please update Table 6 as new approved prescribed interest rates for deferral and variance accounts become available. Monthly interest rates are used to calculate the variance on the carrying charges for LRAMVA. Starting from column I, the principal will auto-populate as monthly variances in Table 6-a, and are multiplied by the interest rate from column H to determine the monthly variances on carrying charges for each rate class by year.
C9: 2. The annual carrying charges totals in Table 6-a below pertain to the amount that was originally collected in interest from forecasted CDM savings and what should have been collected based on actual CDM savings. As the amounts calculated in Table 6-a are cumulative, LDCs are requested to enter any collected interest amounts into the "Amounts Cleared" row in order to clear the balance and calculate outstanding variances on carrying charges.
C10: 3. Please calculate the projected interest amounts in the LRAMVA work form. Project carrying charges amounts incuded in Table 6-a should be consistent with the projected interest amounts included in the DVA Continuity Schedule. If there are additional adjustments required to the formulas to calculate the projected interest amounts, please adjust the formulas in Table 6-a accordingly.
B12: Table 6. Prescribed Interest Rates | E12: Table 6-a. Calculation of Carrying Costs by Rate Class | K12: Go to Tab 1: Summary
B14: Quarter | C14: Approved Deferral & Variance Accounts | E14: Month | F14: Period | G14: Quarter | H14: Monthly Rate | I14: ='1. LRAMVA Summary'!D53 -> Residential | J14: ='1. LRAMVA Summary'!E53 -> GS<50 kW | K14: ='1. LRAMVA Summary'!F53 -> GS>50 KW | L14: ='1. LRAMVA Summary'!G53 -> Street Lights | M14: ='1. LRAMVA Summary'!H53 | N14: ='1. LRAMVA Summary'!I53 | O14: ='1. LRAMVA Summary'!J53 | P14: ='1. LRAMVA Summary'!K53 | ... W14: ='1. LRAMVA Summary'!R53 -> Total
B15: 2011 Q1 | C15: 0.0147 | E15: 40544 | F15: 2011 | G15: Q1 | H15: =C$15/12 -> 0.001225 | I15: =SUM('1. LRAMVA Summary'!D$55:D$56)*(MONTH($E15)-1)/12*$H15 -> 0 | J15: =SUM('1. LRAMVA Summary'!E$55:E$56)*(MONTH($E15)-1)/12*$H15 -> 0 | K15: =SUM('1. LRAMVA Summary'!F$55:F$56)*(MONTH($E15)-1)/12*$H15 -> 0 | L15: =SUM('1. LRAMVA Summary'!G$55:G$56)*(MONTH($E15)-1)/12*$H15 -> 0 | M15: =SUM('1. LRAMVA Summary'!H$55:H$56)*(MONTH($E15)-1)/12*$H15 -> 0 | N15: =SUM('1. LRAMVA Summary'!I$55:I$56)*(MONTH($E15)-1)/12*$H15 -> 0 | O15: =SUM('1. LRAMVA Summary'!J$55:J$56)*(MONTH($E15)-1)/12*$H15 -> 0 | P15: =SUM('1. LRAMVA Summary'!K$55:K$56)*(MONTH($E15)-1)/12*$H15 -> 0 | ... V15: =SUM('1. LRAMVA Summary'!Q$55:Q$56)*(MONTH($E15)-1)/12*$H15 -> 0 | W15: =SUM(I15:V15) -> 0
B16: 2011 Q2 | C16: 0.0147 | E16: 40575 | F16: 2011 | G16: Q1 | H16: =C$15/12 -> 0.001225 | I16: =SUM('1. LRAMVA Summary'!D$55:D$56)*(MONTH($E16)-1)/12*$H16 -> 0 | J16: =SUM('1. LRAMVA Summary'!E$55:E$56)*(MONTH($E16)-1)/12*$H16 -> 0 | K16: =SUM('1. LRAMVA Summary'!F$55:F$56)*(MONTH($E16)-1)/12*$H16 -> 0 | L16: =SUM('1. LRAMVA Summary'!G$55:G$56)*(MONTH($E16)-1)/12*$H16 -> 0 | M16: =SUM('1. LRAMVA Summary'!H$55:H$56)*(MONTH($E16)-1)/12*$H16 -> 0 | N16: =SUM('1. LRAMVA Summary'!I$55:I$56)*(MONTH($E16)-1)/12*$H16 -> 0 | O16: =SUM('1. LRAMVA Summary'!J$55:J$56)*(MONTH($E16)-1)/12*$H16 -> 0 | P16: =SUM('1. LRAMVA Summary'!K$55:K$56)*(MONTH($E16)-1)/12*$H16 -> 0 | ... V16: =SUM('1. LRAMVA Summary'!Q$55:Q$56)*(MONTH($E16)-1)/12*$H16 -> 0 | W16: =SUM(I16:V16) -> 0
B17: 2011 Q3 | C17: 0.0147 | E17: 40603 | F17: 2011 | G17: Q1 | H17: =C$15/12 -> 0.001225 | I17: =SUM('1. LRAMVA Summary'!D$55:D$56)*(MONTH($E17)-1)/12*$H17 -> 0 | J17: =SUM('1. LRAMVA Summary'!E$55:E$56)*(MONTH($E17)-1)/12*$H17 -> 0 | K17: =SUM('1. LRAMVA Summary'!F$55:F$56)*(MONTH($E17)-1)/12*$H17 -> 0 | L17: =SUM('1. LRAMVA Summary'!G$55:G$56)*(MONTH($E17)-1)/12*$H17 -> 0 | M17: =SUM('1. LRAMVA Summary'!H$55:H$56)*(MONTH($E17)-1)/12*$H17 -> 0 | N17: =SUM('1. LRAMVA Summary'!I$55:I$56)*(MONTH($E17)-1)/12*$H17 -> 0 | O17: =SUM('1. LRAMVA Summary'!J$55:J$56)*(MONTH($E17)-1)/12*$H17 -> 0 | P17: =SUM('1. LRAMVA Summary'!K$55:K$56)*(MONTH($E17)-1)/12*$H17 -> 0 | ... V17: =SUM('1. LRAMVA Summary'!Q$55:Q$56)*(MONTH($E17)-1)/12*$H17 -> 0 | W17: =SUM(I17:V17) -> 0
B18: 2011 Q4 | C18: 0.0147 | E18: 40634 | F18: 2011 | G18: Q2 | H18: =C$16/12 -> 0.001225 | I18: =SUM('1. LRAMVA Summary'!D$55:D$56)*(MONTH($E18)-1)/12*$H18 -> 0 | J18: =SUM('1. LRAMVA Summary'!E$55:E$56)*(MONTH($E18)-1)/12*$H18 -> 0 | K18: =SUM('1. LRAMVA Summary'!F$55:F$56)*(MONTH($E18)-1)/12*$H18 -> 0 | L18: =SUM('1. LRAMVA Summary'!G$55:G$56)*(MONTH($E18)-1)/12*$H18 -> 0 | M18: =SUM('1. LRAMVA Summary'!H$55:H$56)*(MONTH($E18)-1)/12*$H18 -> 0 | N18: =SUM('1. LRAMVA Summary'!I$55:I$56)*(MONTH($E18)-1)/12*$H18 -> 0 | O18: =SUM('1. LRAMVA Summary'!J$55:J$56)*(MONTH($E18)-1)/12*$H18 -> 0 | P18: =SUM('1. LRAMVA Summary'!K$55:K$56)*(MONTH($E18)-1)/12*$H18 -> 0 | ... V18: =SUM('1. LRAMVA Summary'!Q$55:Q$56)*(MONTH($E18)-1)/12*$H18 -> 0 | W18: =SUM(I18:V18) -> 0
B19: 2012 Q1 | C19: 0.0147 | E19: 40664 | F19: 2011 | G19: Q2 | H19: =C$16/12 -> 0.001225 | I19: =SUM('1. LRAMVA Summary'!D$55:D$56)*(MONTH($E19)-1)/12*$H19 -> 0 | J19: =SUM('1. LRAMVA Summary'!E$55:E$56)*(MONTH($E19)-1)/12*$H19 -> 0 | K19: =SUM('1. LRAMVA Summary'!F$55:F$56)*(MONTH($E19)-1)/12*$H19 -> 0 | L19: =SUM('1. LRAMVA Summary'!G$55:G$56)*(MONTH($E19)-1)/12*$H19 -> 0 | M19: =SUM('1. LRAMVA Summary'!H$55:H$56)*(MONTH($E19)-1)/12*$H19 -> 0 | N19: =SUM('1. LRAMVA Summary'!I$55:I$56)*(MONTH($E19)-1)/12*$H19 -> 0 | O19: =SUM('1. LRAMVA Summary'!J$55:J$56)*(MONTH($E19)-1)/12*$H19 -> 0 | P19: =SUM('1. LRAMVA Summary'!K$55:K$56)*(MONTH($E19)-1)/12*$H19 -> 0 | ... V19: =SUM('1. LRAMVA Summary'!Q$55:Q$56)*(MONTH($E19)-1)/12*$H19 -> 0 | W19: =SUM(I19:V19) -> 0
B20: 2012 Q2 | C20: 0.0147 | E20: 40695 | F20: 2011 | G20: Q2 | H20: =C$16/12 -> 0.001225 | I20: =SUM('1. LRAMVA Summary'!D$55:D$56)*(MONTH($E20)-1)/12*$H20 -> 0 | J20: =SUM('1. LRAMVA Summary'!E$55:E$56)*(MONTH($E20)-1)/12*$H20 -> 0 | K20: =SUM('1. LRAMVA Summary'!F$55:F$56)*(MONTH($E20)-1)/12*$H20 -> 0 | L20: =SUM('1. LRAMVA Summary'!G$55:G$56)*(MONTH($E20)-1)/12*$H20 -> 0 | M20: =SUM('1. LRAMVA Summary'!H$55:H$56)*(MONTH($E20)-1)/12*$H20 -> 0 | N20: =SUM('1. LRAMVA Summary'!I$55:I$56)*(MONTH($E20)-1)/12*$H20 -> 0 | O20: =SUM('1. LRAMVA Summary'!J$55:J$56)*(MONTH($E20)-1)/12*$H20 -> 0 | P20: =SUM('1. LRAMVA Summary'!K$55:K$56)*(MONTH($E20)-1)/12*$H20 -> 0 | ... V20: =SUM('1. LRAMVA Summary'!Q$55:Q$56)*(MONTH($E20)-1)/12*$H20 -> 0 | W20: =SUM(I20:V20) -> 0
B21: 2012 Q3 | C21: 0.0147 | E21: 40725 | F21: 2011 | G21: Q3 | H21: =C$17/12 -> 0.001225 | I21: =SUM('1. LRAMVA Summary'!D$55:D$56)*(MONTH($E21)-1)/12*$H21 -> 0 | J21: =SUM('1. LRAMVA Summary'!E$55:E$56)*(MONTH($E21)-1)/12*$H21 -> 0 | K21: =SUM('1. LRAMVA Summary'!F$55:F$56)*(MONTH($E21)-1)/12*$H21 -> 0 | L21: =SUM('1. LRAMVA Summary'!G$55:G$56)*(MONTH($E21)-1)/12*$H21 -> 0 | M21: =SUM('1. LRAMVA Summary'!H$55:H$56)*(MONTH($E21)-1)/12*$H21 -> 0 | N21: =SUM('1. LRAMVA Summary'!I$55:I$56)*(MONTH($E21)-1)/12*$H21 -> 0 | O21: =SUM('1. LRAMVA Summary'!J$55:J$56)*(MONTH($E21)-1)/12*$H21 -> 0 | P21: =SUM('1. LRAMVA Summary'!K$55:K$56)*(MONTH($E21)-1)/12*$H21 -> 0 | ... V21: =SUM('1. LRAMVA Summary'!Q$55:Q$56)*(MONTH($E21)-1)/12*$H21 -> 0 | W21: =SUM(I21:V21) -> 0
B22: 2012 Q4 | C22: 0.0147 | E22: 40756 | F22: 2011 | G22: Q3 | H22: =C$17/12 -> 0.001225 | I22: =SUM('1. LRAMVA Summary'!D$55:D$56)*(MONTH($E22)-1)/12*$H22 -> 0 | J22: =SUM('1. LRAMVA Summary'!E$55:E$56)*(MONTH($E22)-1)/12*$H22 -> 0 | K22: =SUM('1. LRAMVA Summary'!F$55:F$56)*(MONTH($E22)-1)/12*$H22 -> 0 | L22: =SUM('1. LRAMVA Summary'!G$55:G$56)*(MONTH($E22)-1)/12*$H22 -> 0 | M22: =SUM('1. LRAMVA Summary'!H$55:H$56)*(MONTH($E22)-1)/12*$H22 -> 0 | N22: =SUM('1. LRAMVA Summary'!I$55:I$56)*(MONTH($E22)-1)/12*$H22 -> 0 | O22: =SUM('1. LRAMVA Summary'!J$55:J$56)*(MONTH($E22)-1)/12*$H22 -> 0 | P22: =SUM('1. LRAMVA Summary'!K$55:K$56)*(MONTH($E22)-1)/12*$H22 -> 0 | ... V22: =SUM('1. LRAMVA Summary'!Q$55:Q$56)*(MONTH($E22)-1)/12*$H22 -> 0 | W22: =SUM(I22:V22) -> 0
B23: 2013 Q1 | C23: 0.0147 | E23: 40787 | F23: 2011 | G23: Q3 | H23: =C$17/12 -> 0.001225 | I23: =SUM('1. LRAMVA Summary'!D$55:D$56)*(MONTH($E23)-1)/12*$H23 -> 0 | J23: =SUM('1. LRAMVA Summary'!E$55:E$56)*(MONTH($E23)-1)/12*$H23 -> 0 | K23: =SUM('1. LRAMVA Summary'!F$55:F$56)*(MONTH($E23)-1)/12*$H23 -> 0 | L23: =SUM('1. LRAMVA Summary'!G$55:G$56)*(MONTH($E23)-1)/12*$H23 -> 0 | M23: =SUM('1. LRAMVA Summary'!H$55:H$56)*(MONTH($E23)-1)/12*$H23 -> 0 | N23: =SUM('1. LRAMVA Summary'!I$55:I$56)*(MONTH($E23)-1)/12*$H23 -> 0 | O23: =SUM('1. LRAMVA Summary'!J$55:J$56)*(MONTH($E23)-1)/12*$H23 -> 0 | P23: =SUM('1. LRAMVA Summary'!K$55:K$56)*(MONTH($E23)-1)/12*$H23 -> 0 | ... V23: =SUM('1. LRAMVA Summary'!Q$55:Q$56)*(MONTH($E23)-1)/12*$H23 -> 0 | W23: =SUM(I23:V23) -> 0
B24: 2013 Q2 | C24: 0.0147 | E24: 40817 | F24: 2011 | G24: Q4 | H24: =C$18/12 -> 0.001225 | I24: =SUM('1. LRAMVA Summary'!D$55:D$56)*(MONTH($E24)-1)/12*$H24 -> 0 | J24: =SUM('1. LRAMVA Summary'!E$55:E$56)*(MONTH($E24)-1)/12*$H24 -> 0 | K24: =SUM('1. LRAMVA Summary'!F$55:F$56)*(MONTH($E24)-1)/12*$H24 -> 0 | L24: =SUM('1. LRAMVA Summary'!G$55:G$56)*(MONTH($E24)-1)/12*$H24 -> 0 | M24: =SUM('1. LRAMVA Summary'!H$55:H$56)*(MONTH($E24)-1)/12*$H24 -> 0 | N24: =SUM('1. LRAMVA Summary'!I$55:I$56)*(MONTH($E24)-1)/12*$H24 -> 0 | O24: =SUM('1. LRAMVA Summary'!J$55:J$56)*(MONTH($E24)-1)/12*$H24 -> 0 | P24: =SUM('1. LRAMVA Summary'!K$55:K$56)*(MONTH($E24)-1)/12*$H24 -> 0 | ... V24: =SUM('1. LRAMVA Summary'!Q$55:Q$56)*(MONTH($E24)-1)/12*$H24 -> 0 | W24: =SUM(I24:V24) -> 0
B25: 2013 Q3 | C25: 0.0147 | E25: 40848 | F25: 2011 | G25: Q4 | H25: =C$18/12 -> 0.001225 | I25: =SUM('1. LRAMVA Summary'!D$55:D$56)*(MONTH($E25)-1)/12*$H25 -> 0 | J25: =SUM('1. LRAMVA Summary'!E$55:E$56)*(MONTH($E25)-1)/12*$H25 -> 0 | K25: =SUM('1. LRAMVA Summary'!F$55:F$56)*(MONTH($E25)-1)/12*$H25 -> 0 | L25: =SUM('1. LRAMVA Summary'!G$55:G$56)*(MONTH($E25)-1)/12*$H25 -> 0 | M25: =SUM('1. LRAMVA Summary'!H$55:H$56)*(MONTH($E25)-1)/12*$H25 -> 0 | N25: =SUM('1. LRAMVA Summary'!I$55:I$56)*(MONTH($E25)-1)/12*$H25 -> 0 | O25: =SUM('1. LRAMVA Summary'!J$55:J$56)*(MONTH($E25)-1)/12*$H25 -> 0 | P25: =SUM('1. LRAMVA Summary'!K$55:K$56)*(MONTH($E25)-1)/12*$H25 -> 0 | ... V25: =SUM('1. LRAMVA Summary'!Q$55:Q$56)*(MONTH($E25)-1)/12*$H25 -> 0 | W25: =SUM(I25:V25) -> 0
B26: 2013 Q4 | C26: 0.0147 | E26: 40878 | F26: 2011 | G26: Q4 | H26: =C$18/12 -> 0.001225 | I26: =SUM('1. LRAMVA Summary'!D$55:D$56)*(MONTH($E26)-1)/12*$H26 -> 0 | J26: =SUM('1. LRAMVA Summary'!E$55:E$56)*(MONTH($E26)-1)/12*$H26 -> 0 | K26: =SUM('1. LRAMVA Summary'!F$55:F$56)*(MONTH($E26)-1)/12*$H26 -> 0 | L26: =SUM('1. LRAMVA Summary'!G$55:G$56)*(MONTH($E26)-1)/12*$H26 -> 0 | M26: =SUM('1. LRAMVA Summary'!H$55:H$56)*(MONTH($E26)-1)/12*$H26 -> 0 | N26: =SUM('1. LRAMVA Summary'!I$55:I$56)*(MONTH($E26)-1)/12*$H26 -> 0 | O26: =SUM('1. LRAMVA Summary'!J$55:J$56)*(MONTH($E26)-1)/12*$H26 -> 0 | P26: =SUM('1. LRAMVA Summary'!K$55:K$56)*(MONTH($E26)-1)/12*$H26 -> 0 | ... V26: =SUM('1. LRAMVA Summary'!Q$55:Q$56)*(MONTH($E26)-1)/12*$H26 -> 0 | W26: =SUM(I26:V26) -> 0
B27: 2014 Q1 | C27: 0.0147 | E27: Total for 2011 | I27: =SUM(I15:I26) -> 0 | J27: =SUM(J15:J26) -> 0 | K27: =SUM(K15:K26) -> 0 | L27: =SUM(L15:L26) -> 0 | M27: =SUM(M15:M26) -> 0 | N27: =SUM(N15:N26) -> 0 | O27: =SUM(O15:O26) -> 0 | P27: =SUM(P15:P26) -> 0 | ... W27: =SUM(W15:W26) -> 0
B28: 2014 Q2 | C28: 0.0147 | E28: Amount Cleared
B29: 2014 Q3 | C29: 0.0147 | E29: Opening Balance for 2012 | I29: =I27+I28 -> 0 | J29: =J27+J28 -> 0 | K29: =K27+K28 -> 0 | L29: =L27+L28 -> 0 | M29: =M27+M28 -> 0 | N29: =N27+N28 -> 0 | O29: =O27+O28 -> 0 | P29: =P27+P28 -> 0 | ... W29: =W27+W28 -> 0
B30: 2014 Q4 | C30: 0.0147 | E30: 40909 | F30: 2011-2012 | G30: Q1 | H30: =C$19/12 -> 0.001225 | I30: =(SUM('1. LRAMVA Summary'!D$55:D$57)+SUM('1. LRAMVA Summary'!D$58:D$59)*(MONTH($E30)-1)/12)*$H30 -> 0 | J30: =(SUM('1. LRAMVA Summary'!E$55:E$57)+SUM('1. LRAMVA Summary'!E$58:E$59)*(MONTH($E30)-1)/12)*$H30 -> 0 | K30: =(SUM('1. LRAMVA Summary'!F$55:F$57)+SUM('1. LRAMVA Summary'!F$58:F$59)*(MONTH($E30)-1)/12)*$H30 -> 0 | L30: =(SUM('1. LRAMVA Summary'!G$55:G$57)+SUM('1. LRAMVA Summary'!G$58:G$59)*(MONTH($E30)-1)/12)*$H30 -> 0 | M30: =(SUM('1. LRAMVA Summary'!H$55:H$57)+SUM('1. LRAMVA Summary'!H$58:H$59)*(MONTH($E30)-1)/12)*$H30 -> 0 | N30: =(SUM('1. LRAMVA Summary'!I$55:I$57)+SUM('1. LRAMVA Summary'!I$58:I$59)*(MONTH($E30)-1)/12)*$H30 -> 0 | O30: =(SUM('1. LRAMVA Summary'!J$55:J$57)+SUM('1. LRAMVA Summary'!J$58:J$59)*(MONTH($E30)-1)/12)*$H30 -> 0 | P30: =(SUM('1. LRAMVA Summary'!K$55:K$57)+SUM('1. LRAMVA Summary'!K$58:K$59)*(MONTH($E30)-1)/12)*$H30 -> 0 | ... V30: =(SUM('1. LRAMVA Summary'!Q$55:Q$57)+SUM('1. LRAMVA Summary'!Q$58:Q$59)*(MONTH($E30)-1)/12)*$H30 -> 0 | W30: =SUM(I30:V30) -> 0
B31: 2015 Q1 | C31: 0.0147 | E31: 40940 | F31: 2011-2012 | G31: Q1 | H31: =C$19/12 -> 0.001225 | I31: =(SUM('1. LRAMVA Summary'!D$55:D$57)+SUM('1. LRAMVA Summary'!D$58:D$59)*(MONTH($E31)-1)/12)*$H31 -> 0 | J31: =(SUM('1. LRAMVA Summary'!E$55:E$57)+SUM('1. LRAMVA Summary'!E$58:E$59)*(MONTH($E31)-1)/12)*$H31 -> 0 | K31: =(SUM('1. LRAMVA Summary'!F$55:F$57)+SUM('1. LRAMVA Summary'!F$58:F$59)*(MONTH($E31)-1)/12)*$H31 -> 0 | L31: =(SUM('1. LRAMVA Summary'!G$55:G$57)+SUM('1. LRAMVA Summary'!G$58:G$59)*(MONTH($E31)-1)/12)*$H31 -> 0 | M31: =(SUM('1. LRAMVA Summary'!H$55:H$57)+SUM('1. LRAMVA Summary'!H$58:H$59)*(MONTH($E31)-1)/12)*$H31 -> 0 | N31: =(SUM('1. LRAMVA Summary'!I$55:I$57)+SUM('1. LRAMVA Summary'!I$58:I$59)*(MONTH($E31)-1)/12)*$H31 -> 0 | O31: =(SUM('1. LRAMVA Summary'!J$55:J$57)+SUM('1. LRAMVA Summary'!J$58:J$59)*(MONTH($E31)-1)/12)*$H31 -> 0 | P31: =(SUM('1. LRAMVA Summary'!K$55:K$57)+SUM('1. LRAMVA Summary'!K$58:K$59)*(MONTH($E31)-1)/12)*$H31 -> 0 | ... V31: =(SUM('1. LRAMVA Summary'!Q$55:Q$57)+SUM('1. LRAMVA Summary'!Q$58:Q$59)*(MONTH($E31)-1)/12)*$H31 -> 0 | W31: =SUM(I31:V31) -> 0
B32: 2015 Q2 | C32: 0.011 | E32: 40969 | F32: 2011-2012 | G32: Q1 | H32: =C$19/12 -> 0.001225 | I32: =(SUM('1. LRAMVA Summary'!D$55:D$57)+SUM('1. LRAMVA Summary'!D$58:D$59)*(MONTH($E32)-1)/12)*$H32 -> 0 | J32: =(SUM('1. LRAMVA Summary'!E$55:E$57)+SUM('1. LRAMVA Summary'!E$58:E$59)*(MONTH($E32)-1)/12)*$H32 -> 0 | K32: =(SUM('1. LRAMVA Summary'!F$55:F$57)+SUM('1. LRAMVA Summary'!F$58:F$59)*(MONTH($E32)-1)/12)*$H32 -> 0 | L32: =(SUM('1. LRAMVA Summary'!G$55:G$57)+SUM('1. LRAMVA Summary'!G$58:G$59)*(MONTH($E32)-1)/12)*$H32 -> 0 | M32: =(SUM('1. LRAMVA Summary'!H$55:H$57)+SUM('1. LRAMVA Summary'!H$58:H$59)*(MONTH($E32)-1)/12)*$H32 -> 0 | N32: =(SUM('1. LRAMVA Summary'!I$55:I$57)+SUM('1. LRAMVA Summary'!I$58:I$59)*(MONTH($E32)-1)/12)*$H32 -> 0 | O32: =(SUM('1. LRAMVA Summary'!J$55:J$57)+SUM('1. LRAMVA Summary'!J$58:J$59)*(MONTH($E32)-1)/12)*$H32 -> 0 | P32: =(SUM('1. LRAMVA Summary'!K$55:K$57)+SUM('1. LRAMVA Summary'!K$58:K$59)*(MONTH($E32)-1)/12)*$H32 -> 0 | ... V32: =(SUM('1. LRAMVA Summary'!Q$55:Q$57)+SUM('1. LRAMVA Summary'!Q$58:Q$59)*(MONTH($E32)-1)/12)*$H32 -> 0 | W32: =SUM(I32:V32) -> 0
B33: 2015 Q3 | C33: 0.011 | E33: 41000 | F33: 2011-2012 | G33: Q2 | H33: =C$20/12 -> 0.001225 | I33: =(SUM('1. LRAMVA Summary'!D$55:D$57)+SUM('1. LRAMVA Summary'!D$58:D$59)*(MONTH($E33)-1)/12)*$H33 -> 0 | J33: =(SUM('1. LRAMVA Summary'!E$55:E$57)+SUM('1. LRAMVA Summary'!E$58:E$59)*(MONTH($E33)-1)/12)*$H33 -> 0 | K33: =(SUM('1. LRAMVA Summary'!F$55:F$57)+SUM('1. LRAMVA Summary'!F$58:F$59)*(MONTH($E33)-1)/12)*$H33 -> 0 | L33: =(SUM('1. LRAMVA Summary'!G$55:G$57)+SUM('1. LRAMVA Summary'!G$58:G$59)*(MONTH($E33)-1)/12)*$H33 -> 0 | M33: =(SUM('1. LRAMVA Summary'!H$55:H$57)+SUM('1. LRAMVA Summary'!H$58:H$59)*(MONTH($E33)-1)/12)*$H33 -> 0 | N33: =(SUM('1. LRAMVA Summary'!I$55:I$57)+SUM('1. LRAMVA Summary'!I$58:I$59)*(MONTH($E33)-1)/12)*$H33 -> 0 | O33: =(SUM('1. LRAMVA Summary'!J$55:J$57)+SUM('1. LRAMVA Summary'!J$58:J$59)*(MONTH($E33)-1)/12)*$H33 -> 0 | P33: =(SUM('1. LRAMVA Summary'!K$55:K$57)+SUM('1. LRAMVA Summary'!K$58:K$59)*(MONTH($E33)-1)/12)*$H33 -> 0 | ... V33: =(SUM('1. LRAMVA Summary'!Q$55:Q$57)+SUM('1. LRAMVA Summary'!Q$58:Q$59)*(MONTH($E33)-1)/12)*$H33 -> 0 | W33: =SUM(I33:V33) -> 0
B34: 2015 Q4 | C34: 0.011 | E34: 41030 | F34: 2011-2012 | G34: Q2 | H34: =C$20/12 -> 0.001225 | I34: =(SUM('1. LRAMVA Summary'!D$55:D$57)+SUM('1. LRAMVA Summary'!D$58:D$59)*(MONTH($E34)-1)/12)*$H34 -> 0 | J34: =(SUM('1. LRAMVA Summary'!E$55:E$57)+SUM('1. LRAMVA Summary'!E$58:E$59)*(MONTH($E34)-1)/12)*$H34 -> 0 | K34: =(SUM('1. LRAMVA Summary'!F$55:F$57)+SUM('1. LRAMVA Summary'!F$58:F$59)*(MONTH($E34)-1)/12)*$H34 -> 0 | L34: =(SUM('1. LRAMVA Summary'!G$55:G$57)+SUM('1. LRAMVA Summary'!G$58:G$59)*(MONTH($E34)-1)/12)*$H34 -> 0 | M34: =(SUM('1. LRAMVA Summary'!H$55:H$57)+SUM('1. LRAMVA Summary'!H$58:H$59)*(MONTH($E34)-1)/12)*$H34 -> 0 | N34: =(SUM('1. LRAMVA Summary'!I$55:I$57)+SUM('1. LRAMVA Summary'!I$58:I$59)*(MONTH($E34)-1)/12)*$H34 -> 0 | O34: =(SUM('1. LRAMVA Summary'!J$55:J$57)+SUM('1. LRAMVA Summary'!J$58:J$59)*(MONTH($E34)-1)/12)*$H34 -> 0 | P34: =(SUM('1. LRAMVA Summary'!K$55:K$57)+SUM('1. LRAMVA Summary'!K$58:K$59)*(MONTH($E34)-1)/12)*$H34 -> 0 | ... V34: =(SUM('1. LRAMVA Summary'!Q$55:Q$57)+SUM('1. LRAMVA Summary'!Q$58:Q$59)*(MONTH($E34)-1)/12)*$H34 -> 0 | W34: =SUM(I34:V34) -> 0
B35: 2016 Q1 | C35: 0.011 | E35: 41061 | F35: 2011-2012 | G35: Q2 | H35: =C$20/12 -> 0.001225 | I35: =(SUM('1. LRAMVA Summary'!D$55:D$57)+SUM('1. LRAMVA Summary'!D$58:D$59)*(MONTH($E35)-1)/12)*$H35 -> 0 | J35: =(SUM('1. LRAMVA Summary'!E$55:E$57)+SUM('1. LRAMVA Summary'!E$58:E$59)*(MONTH($E35)-1)/12)*$H35 -> 0 | K35: =(SUM('1. LRAMVA Summary'!F$55:F$57)+SUM('1. LRAMVA Summary'!F$58:F$59)*(MONTH($E35)-1)/12)*$H35 -> 0 | L35: =(SUM('1. LRAMVA Summary'!G$55:G$57)+SUM('1. LRAMVA Summary'!G$58:G$59)*(MONTH($E35)-1)/12)*$H35 -> 0 | M35: =(SUM('1. LRAMVA Summary'!H$55:H$57)+SUM('1. LRAMVA Summary'!H$58:H$59)*(MONTH($E35)-1)/12)*$H35 -> 0 | N35: =(SUM('1. LRAMVA Summary'!I$55:I$57)+SUM('1. LRAMVA Summary'!I$58:I$59)*(MONTH($E35)-1)/12)*$H35 -> 0 | O35: =(SUM('1. LRAMVA Summary'!J$55:J$57)+SUM('1. LRAMVA Summary'!J$58:J$59)*(MONTH($E35)-1)/12)*$H35 -> 0 | P35: =(SUM('1. LRAMVA Summary'!K$55:K$57)+SUM('1. LRAMVA Summary'!K$58:K$59)*(MONTH($E35)-1)/12)*$H35 -> 0 | ... V35: =(SUM('1. LRAMVA Summary'!Q$55:Q$57)+SUM('1. LRAMVA Summary'!Q$58:Q$59)*(MONTH($E35)-1)/12)*$H35 -> 0 | W35: =SUM(I35:V35) -> 0
B36: 2016 Q2 | C36: 0.011 | E36: 41091 | F36: 2011-2012 | G36: Q3 | H36: =C$21/12 -> 0.001225 | I36: =(SUM('1. LRAMVA Summary'!D$55:D$57)+SUM('1. LRAMVA Summary'!D$58:D$59)*(MONTH($E36)-1)/12)*$H36 -> 0 | J36: =(SUM('1. LRAMVA Summary'!E$55:E$57)+SUM('1. LRAMVA Summary'!E$58:E$59)*(MONTH($E36)-1)/12)*$H36 -> 0 | K36: =(SUM('1. LRAMVA Summary'!F$55:F$57)+SUM('1. LRAMVA Summary'!F$58:F$59)*(MONTH($E36)-1)/12)*$H36 -> 0 | L36: =(SUM('1. LRAMVA Summary'!G$55:G$57)+SUM('1. LRAMVA Summary'!G$58:G$59)*(MONTH($E36)-1)/12)*$H36 -> 0 | M36: =(SUM('1. LRAMVA Summary'!H$55:H$57)+SUM('1. LRAMVA Summary'!H$58:H$59)*(MONTH($E36)-1)/12)*$H36 -> 0 | N36: =(SUM('1. LRAMVA Summary'!I$55:I$57)+SUM('1. LRAMVA Summary'!I$58:I$59)*(MONTH($E36)-1)/12)*$H36 -> 0 | O36: =(SUM('1. LRAMVA Summary'!J$55:J$57)+SUM('1. LRAMVA Summary'!J$58:J$59)*(MONTH($E36)-1)/12)*$H36 -> 0 | P36: =(SUM('1. LRAMVA Summary'!K$55:K$57)+SUM('1. LRAMVA Summary'!K$58:K$59)*(MONTH($E36)-1)/12)*$H36 -> 0 | ... V36: =(SUM('1. LRAMVA Summary'!Q$55:Q$57)+SUM('1. LRAMVA Summary'!Q$58:Q$59)*(MONTH($E36)-1)/12)*$H36 -> 0 | W36: =SUM(I36:V36) -> 0
B37: 2016 Q3 | C37: 0.011 | E37: 41122 | F37: 2011-2012 | G37: Q3 | H37: =C$21/12 -> 0.001225 | I37: =(SUM('1. LRAMVA Summary'!D$55:D$57)+SUM('1. LRAMVA Summary'!D$58:D$59)*(MONTH($E37)-1)/12)*$H37 -> 0 | J37: =(SUM('1. LRAMVA Summary'!E$55:E$57)+SUM('1. LRAMVA Summary'!E$58:E$59)*(MONTH($E37)-1)/12)*$H37 -> 0 | K37: =(SUM('1. LRAMVA Summary'!F$55:F$57)+SUM('1. LRAMVA Summary'!F$58:F$59)*(MONTH($E37)-1)/12)*$H37 -> 0 | L37: =(SUM('1. LRAMVA Summary'!G$55:G$57)+SUM('1. LRAMVA Summary'!G$58:G$59)*(MONTH($E37)-1)/12)*$H37 -> 0 | M37: =(SUM('1. LRAMVA Summary'!H$55:H$57)+SUM('1. LRAMVA Summary'!H$58:H$59)*(MONTH($E37)-1)/12)*$H37 -> 0 | N37: =(SUM('1. LRAMVA Summary'!I$55:I$57)+SUM('1. LRAMVA Summary'!I$58:I$59)*(MONTH($E37)-1)/12)*$H37 -> 0 | O37: =(SUM('1. LRAMVA Summary'!J$55:J$57)+SUM('1. LRAMVA Summary'!J$58:J$59)*(MONTH($E37)-1)/12)*$H37 -> 0 | P37: =(SUM('1. LRAMVA Summary'!K$55:K$57)+SUM('1. LRAMVA Summary'!K$58:K$59)*(MONTH($E37)-1)/12)*$H37 -> 0 | ... V37: =(SUM('1. LRAMVA Summary'!Q$55:Q$57)+SUM('1. LRAMVA Summary'!Q$58:Q$59)*(MONTH($E37)-1)/12)*$H37 -> 0 | W37: =SUM(I37:V37) -> 0
B38: 2016 Q4 | C38: 0.011 | E38: 41153 | F38: 2011-2012 | G38: Q3 | H38: =C$21/12 -> 0.001225 | I38: =(SUM('1. LRAMVA Summary'!D$55:D$57)+SUM('1. LRAMVA Summary'!D$58:D$59)*(MONTH($E38)-1)/12)*$H38 -> 0 | J38: =(SUM('1. LRAMVA Summary'!E$55:E$57)+SUM('1. LRAMVA Summary'!E$58:E$59)*(MONTH($E38)-1)/12)*$H38 -> 0 | K38: =(SUM('1. LRAMVA Summary'!F$55:F$57)+SUM('1. LRAMVA Summary'!F$58:F$59)*(MONTH($E38)-1)/12)*$H38 -> 0 | L38: =(SUM('1. LRAMVA Summary'!G$55:G$57)+SUM('1. LRAMVA Summary'!G$58:G$59)*(MONTH($E38)-1)/12)*$H38 -> 0 | M38: =(SUM('1. LRAMVA Summary'!H$55:H$57)+SUM('1. LRAMVA Summary'!H$58:H$59)*(MONTH($E38)-1)/12)*$H38 -> 0 | N38: =(SUM('1. LRAMVA Summary'!I$55:I$57)+SUM('1. LRAMVA Summary'!I$58:I$59)*(MONTH($E38)-1)/12)*$H38 -> 0 | O38: =(SUM('1. LRAMVA Summary'!J$55:J$57)+SUM('1. LRAMVA Summary'!J$58:J$59)*(MONTH($E38)-1)/12)*$H38 -> 0 | P38: =(SUM('1. LRAMVA Summary'!K$55:K$57)+SUM('1. LRAMVA Summary'!K$58:K$59)*(MONTH($E38)-1)/12)*$H38 -> 0 | ... V38: =(SUM('1. LRAMVA Summary'!Q$55:Q$57)+SUM('1. LRAMVA Summary'!Q$58:Q$59)*(MONTH($E38)-1)/12)*$H38 -> 0 | W38: =SUM(I38:V38) -> 0
B39: 2017 Q1 | C39: 0.011 | E39: 41183 | F39: 2011-2012 | G39: Q4 | H39: =C$22/12 -> 0.001225 | I39: =(SUM('1. LRAMVA Summary'!D$55:D$57)+SUM('1. LRAMVA Summary'!D$58:D$59)*(MONTH($E39)-1)/12)*$H39 -> 0 | J39: =(SUM('1. LRAMVA Summary'!E$55:E$57)+SUM('1. LRAMVA Summary'!E$58:E$59)*(MONTH($E39)-1)/12)*$H39 -> 0 | K39: =(SUM('1. LRAMVA Summary'!F$55:F$57)+SUM('1. LRAMVA Summary'!F$58:F$59)*(MONTH($E39)-1)/12)*$H39 -> 0 | L39: =(SUM('1. LRAMVA Summary'!G$55:G$57)+SUM('1. LRAMVA Summary'!G$58:G$59)*(MONTH($E39)-1)/12)*$H39 -> 0 | M39: =(SUM('1. LRAMVA Summary'!H$55:H$57)+SUM('1. LRAMVA Summary'!H$58:H$59)*(MONTH($E39)-1)/12)*$H39 -> 0 | N39: =(SUM('1. LRAMVA Summary'!I$55:I$57)+SUM('1. LRAMVA Summary'!I$58:I$59)*(MONTH($E39)-1)/12)*$H39 -> 0 | O39: =(SUM('1. LRAMVA Summary'!J$55:J$57)+SUM('1. LRAMVA Summary'!J$58:J$59)*(MONTH($E39)-1)/12)*$H39 -> 0 | P39: =(SUM('1. LRAMVA Summary'!K$55:K$57)+SUM('1. LRAMVA Summary'!K$58:K$59)*(MONTH($E39)-1)/12)*$H39 -> 0 | ... V39: =(SUM('1. LRAMVA Summary'!Q$55:Q$57)+SUM('1. LRAMVA Summary'!Q$58:Q$59)*(MONTH($E39)-1)/12)*$H39 -> 0 | W39: =SUM(I39:V39) -> 0
B40: 2017 Q2 | C40: 0.011 | E40: 41214 | F40: 2011-2012 | G40: Q4 | H40: =C$22/12 -> 0.001225 | I40: =(SUM('1. LRAMVA Summary'!D$55:D$57)+SUM('1. LRAMVA Summary'!D$58:D$59)*(MONTH($E40)-1)/12)*$H40 -> 0 | J40: =(SUM('1. LRAMVA Summary'!E$55:E$57)+SUM('1. LRAMVA Summary'!E$58:E$59)*(MONTH($E40)-1)/12)*$H40 -> 0 | K40: =(SUM('1. LRAMVA Summary'!F$55:F$57)+SUM('1. LRAMVA Summary'!F$58:F$59)*(MONTH($E40)-1)/12)*$H40 -> 0 | L40: =(SUM('1. LRAMVA Summary'!G$55:G$57)+SUM('1. LRAMVA Summary'!G$58:G$59)*(MONTH($E40)-1)/12)*$H40 -> 0 | M40: =(SUM('1. LRAMVA Summary'!H$55:H$57)+SUM('1. LRAMVA Summary'!H$58:H$59)*(MONTH($E40)-1)/12)*$H40 -> 0 | N40: =(SUM('1. LRAMVA Summary'!I$55:I$57)+SUM('1. LRAMVA Summary'!I$58:I$59)*(MONTH($E40)-1)/12)*$H40 -> 0 | O40: =(SUM('1. LRAMVA Summary'!J$55:J$57)+SUM('1. LRAMVA Summary'!J$58:J$59)*(MONTH($E40)-1)/12)*$H40 -> 0 | P40: =(SUM('1. LRAMVA Summary'!K$55:K$57)+SUM('1. LRAMVA Summary'!K$58:K$59)*(MONTH($E40)-1)/12)*$H40 -> 0 | ... V40: =(SUM('1. LRAMVA Summary'!Q$55:Q$57)+SUM('1. LRAMVA Summary'!Q$58:Q$59)*(MONTH($E40)-1)/12)*$H40 -> 0 | W40: =SUM(I40:V40) -> 0
B41: 2017 Q3 | C41: 0.011 | E41: 41244 | F41: 2011-2012 | G41: Q4 | H41: =C$22/12 -> 0.001225 | I41: =(SUM('1. LRAMVA Summary'!D$55:D$57)+SUM('1. LRAMVA Summary'!D$58:D$59)*(MONTH($E41)-1)/12)*$H41 -> 0 | J41: =(SUM('1. LRAMVA Summary'!E$55:E$57)+SUM('1. LRAMVA Summary'!E$58:E$59)*(MONTH($E41)-1)/12)*$H41 -> 0 | K41: =(SUM('1. LRAMVA Summary'!F$55:F$57)+SUM('1. LRAMVA Summary'!F$58:F$59)*(MONTH($E41)-1)/12)*$H41 -> 0 | L41: =(SUM('1. LRAMVA Summary'!G$55:G$57)+SUM('1. LRAMVA Summary'!G$58:G$59)*(MONTH($E41)-1)/12)*$H41 -> 0 | M41: =(SUM('1. LRAMVA Summary'!H$55:H$57)+SUM('1. LRAMVA Summary'!H$58:H$59)*(MONTH($E41)-1)/12)*$H41 -> 0 | N41: =(SUM('1. LRAMVA Summary'!I$55:I$57)+SUM('1. LRAMVA Summary'!I$58:I$59)*(MONTH($E41)-1)/12)*$H41 -> 0 | O41: =(SUM('1. LRAMVA Summary'!J$55:J$57)+SUM('1. LRAMVA Summary'!J$58:J$59)*(MONTH($E41)-1)/12)*$H41 -> 0 | P41: =(SUM('1. LRAMVA Summary'!K$55:K$57)+SUM('1. LRAMVA Summary'!K$58:K$59)*(MONTH($E41)-1)/12)*$H41 -> 0 | ... V41: =(SUM('1. LRAMVA Summary'!Q$55:Q$57)+SUM('1. LRAMVA Summary'!Q$58:Q$59)*(MONTH($E41)-1)/12)*$H41 -> 0 | W41: =SUM(I41:V41) -> 0
B42: 2017 Q4 | C42: 0.015 | E42: Total for 2012 | I42: =SUM(I29:I41) -> 0 | J42: =SUM(J29:J41) -> 0 | K42: =SUM(K29:K41) -> 0 | L42: =SUM(L29:L41) -> 0 | M42: =SUM(M29:M41) -> 0 | N42: =SUM(N29:N41) -> 0 | O42: =SUM(O29:O41) -> 0 | P42: =SUM(P29:P41) -> 0 | ... W42: =SUM(W29:W41) -> 0
B43: 2018 Q1 | C43: 0.015 | E43: Amount Cleared
B44: 2018 Q2 | C44: 0.0189 | E44: Opening Balance for 2013 | I44: =I42+I43 -> 0 | J44: =J42+J43 -> 0 | K44: =K42+K43 -> 0 | L44: =L42+L43 -> 0 | M44: =M42+M43 -> 0 | N44: =N42+N43 -> 0 | O44: =O42+O43 -> 0 | P44: =P42+P43 -> 0 | ... W44: =W42+W43 -> 0
B45: 2018 Q3 | C45: 0.0189 | E45: 41275 | F45: 2011-2013 | G45: Q1 | H45: =C$23/12 -> 0.001225 | I45: =(SUM('1. LRAMVA Summary'!D$55:D$60)+SUM('1. LRAMVA Summary'!D$61:D$62)*(MONTH($E45)-1)/12)*$H45 -> 0 | J45: =(SUM('1. LRAMVA Summary'!E$55:E$60)+SUM('1. LRAMVA Summary'!E$61:E$62)*(MONTH($E45)-1)/12)*$H45 -> 0 | K45: =(SUM('1. LRAMVA Summary'!F$55:F$60)+SUM('1. LRAMVA Summary'!F$61:F$62)*(MONTH($E45)-1)/12)*$H45 -> 0 | L45: =(SUM('1. LRAMVA Summary'!G$55:G$60)+SUM('1. LRAMVA Summary'!G$61:G$62)*(MONTH($E45)-1)/12)*$H45 -> 0 | M45: =(SUM('1. LRAMVA Summary'!H$55:H$60)+SUM('1. LRAMVA Summary'!H$61:H$62)*(MONTH($E45)-1)/12)*$H45 -> 0 | N45: =(SUM('1. LRAMVA Summary'!I$55:I$60)+SUM('1. LRAMVA Summary'!I$61:I$62)*(MONTH($E45)-1)/12)*$H45 -> 0 | O45: =(SUM('1. LRAMVA Summary'!J$55:J$60)+SUM('1. LRAMVA Summary'!J$61:J$62)*(MONTH($E45)-1)/12)*$H45 -> 0 | P45: =(SUM('1. LRAMVA Summary'!K$55:K$60)+SUM('1. LRAMVA Summary'!K$61:K$62)*(MONTH($E45)-1)/12)*$H45 -> 0 | ... V45: =(SUM('1. LRAMVA Summary'!Q$55:Q$60)+SUM('1. LRAMVA Summary'!Q$61:Q$62)*(MONTH($E45)-1)/12)*$H45 -> 0 | W45: =SUM(I45:V45) -> 0
B46: 2018 Q4 | C46: 0.0217 | E46: 41306 | F46: 2011-2013 | G46: Q1 | H46: =C$23/12 -> 0.001225 | I46: =(SUM('1. LRAMVA Summary'!D$55:D$60)+SUM('1. LRAMVA Summary'!D$61:D$62)*(MONTH($E46)-1)/12)*$H46 -> 0 | J46: =(SUM('1. LRAMVA Summary'!E$55:E$60)+SUM('1. LRAMVA Summary'!E$61:E$62)*(MONTH($E46)-1)/12)*$H46 -> 0 | K46: =(SUM('1. LRAMVA Summary'!F$55:F$60)+SUM('1. LRAMVA Summary'!F$61:F$62)*(MONTH($E46)-1)/12)*$H46 -> 0 | L46: =(SUM('1. LRAMVA Summary'!G$55:G$60)+SUM('1. LRAMVA Summary'!G$61:G$62)*(MONTH($E46)-1)/12)*$H46 -> 0 | M46: =(SUM('1. LRAMVA Summary'!H$55:H$60)+SUM('1. LRAMVA Summary'!H$61:H$62)*(MONTH($E46)-1)/12)*$H46 -> 0 | N46: =(SUM('1. LRAMVA Summary'!I$55:I$60)+SUM('1. LRAMVA Summary'!I$61:I$62)*(MONTH($E46)-1)/12)*$H46 -> 0 | O46: =(SUM('1. LRAMVA Summary'!J$55:J$60)+SUM('1. LRAMVA Summary'!J$61:J$62)*(MONTH($E46)-1)/12)*$H46 -> 0 | P46: =(SUM('1. LRAMVA Summary'!K$55:K$60)+SUM('1. LRAMVA Summary'!K$61:K$62)*(MONTH($E46)-1)/12)*$H46 -> 0 | ... V46: =(SUM('1. LRAMVA Summary'!Q$55:Q$60)+SUM('1. LRAMVA Summary'!Q$61:Q$62)*(MONTH($E46)-1)/12)*$H46 -> 0 | W46: =SUM(I46:V46) -> 0
B47: 2019 Q1 | C47: 0.0245 | E47: 41334 | F47: 2011-2013 | G47: Q1 | H47: =C$23/12 -> 0.001225 | I47: =(SUM('1. LRAMVA Summary'!D$55:D$60)+SUM('1. LRAMVA Summary'!D$61:D$62)*(MONTH($E47)-1)/12)*$H47 -> 0 | J47: =(SUM('1. LRAMVA Summary'!E$55:E$60)+SUM('1. LRAMVA Summary'!E$61:E$62)*(MONTH($E47)-1)/12)*$H47 -> 0 | K47: =(SUM('1. LRAMVA Summary'!F$55:F$60)+SUM('1. LRAMVA Summary'!F$61:F$62)*(MONTH($E47)-1)/12)*$H47 -> 0 | L47: =(SUM('1. LRAMVA Summary'!G$55:G$60)+SUM('1. LRAMVA Summary'!G$61:G$62)*(MONTH($E47)-1)/12)*$H47 -> 0 | M47: =(SUM('1. LRAMVA Summary'!H$55:H$60)+SUM('1. LRAMVA Summary'!H$61:H$62)*(MONTH($E47)-1)/12)*$H47 -> 0 | N47: =(SUM('1. LRAMVA Summary'!I$55:I$60)+SUM('1. LRAMVA Summary'!I$61:I$62)*(MONTH($E47)-1)/12)*$H47 -> 0 | O47: =(SUM('1. LRAMVA Summary'!J$55:J$60)+SUM('1. LRAMVA Summary'!J$61:J$62)*(MONTH($E47)-1)/12)*$H47 -> 0 | P47: =(SUM('1. LRAMVA Summary'!K$55:K$60)+SUM('1. LRAMVA Summary'!K$61:K$62)*(MONTH($E47)-1)/12)*$H47 -> 0 | ... V47: =(SUM('1. LRAMVA Summary'!Q$55:Q$60)+SUM('1. LRAMVA Summary'!Q$61:Q$62)*(MONTH($E47)-1)/12)*$H47 -> 0 | W47: =SUM(I47:V47) -> 0
B48: 2019 Q2 | C48: 0.0218 | E48: 41365 | F48: 2011-2013 | G48: Q2 | H48: =C$24/12 -> 0.001225 | I48: =(SUM('1. LRAMVA Summary'!D$55:D$60)+SUM('1. LRAMVA Summary'!D$61:D$62)*(MONTH($E48)-1)/12)*$H48 -> 0 | J48: =(SUM('1. LRAMVA Summary'!E$55:E$60)+SUM('1. LRAMVA Summary'!E$61:E$62)*(MONTH($E48)-1)/12)*$H48 -> 0 | K48: =(SUM('1. LRAMVA Summary'!F$55:F$60)+SUM('1. LRAMVA Summary'!F$61:F$62)*(MONTH($E48)-1)/12)*$H48 -> 0 | L48: =(SUM('1. LRAMVA Summary'!G$55:G$60)+SUM('1. LRAMVA Summary'!G$61:G$62)*(MONTH($E48)-1)/12)*$H48 -> 0 | M48: =(SUM('1. LRAMVA Summary'!H$55:H$60)+SUM('1. LRAMVA Summary'!H$61:H$62)*(MONTH($E48)-1)/12)*$H48 -> 0 | N48: =(SUM('1. LRAMVA Summary'!I$55:I$60)+SUM('1. LRAMVA Summary'!I$61:I$62)*(MONTH($E48)-1)/12)*$H48 -> 0 | O48: =(SUM('1. LRAMVA Summary'!J$55:J$60)+SUM('1. LRAMVA Summary'!J$61:J$62)*(MONTH($E48)-1)/12)*$H48 -> 0 | P48: =(SUM('1. LRAMVA Summary'!K$55:K$60)+SUM('1. LRAMVA Summary'!K$61:K$62)*(MONTH($E48)-1)/12)*$H48 -> 0 | ... V48: =(SUM('1. LRAMVA Summary'!Q$55:Q$60)+SUM('1. LRAMVA Summary'!Q$61:Q$62)*(MONTH($E48)-1)/12)*$H48 -> 0 | W48: =SUM(I48:V48) -> 0
B49: 2019 Q3 | C49: 0.0218 | E49: 41395 | F49: 2011-2013 | G49: Q2 | H49: =C$24/12 -> 0.001225 | I49: =(SUM('1. LRAMVA Summary'!D$55:D$60)+SUM('1. LRAMVA Summary'!D$61:D$62)*(MONTH($E49)-1)/12)*$H49 -> 0 | J49: =(SUM('1. LRAMVA Summary'!E$55:E$60)+SUM('1. LRAMVA Summary'!E$61:E$62)*(MONTH($E49)-1)/12)*$H49 -> 0 | K49: =(SUM('1. LRAMVA Summary'!F$55:F$60)+SUM('1. LRAMVA Summary'!F$61:F$62)*(MONTH($E49)-1)/12)*$H49 -> 0 | L49: =(SUM('1. LRAMVA Summary'!G$55:G$60)+SUM('1. LRAMVA Summary'!G$61:G$62)*(MONTH($E49)-1)/12)*$H49 -> 0 | M49: =(SUM('1. LRAMVA Summary'!H$55:H$60)+SUM('1. LRAMVA Summary'!H$61:H$62)*(MONTH($E49)-1)/12)*$H49 -> 0 | N49: =(SUM('1. LRAMVA Summary'!I$55:I$60)+SUM('1. LRAMVA Summary'!I$61:I$62)*(MONTH($E49)-1)/12)*$H49 -> 0 | O49: =(SUM('1. LRAMVA Summary'!J$55:J$60)+SUM('1. LRAMVA Summary'!J$61:J$62)*(MONTH($E49)-1)/12)*$H49 -> 0 | P49: =(SUM('1. LRAMVA Summary'!K$55:K$60)+SUM('1. LRAMVA Summary'!K$61:K$62)*(MONTH($E49)-1)/12)*$H49 -> 0 | ... V49: =(SUM('1. LRAMVA Summary'!Q$55:Q$60)+SUM('1. LRAMVA Summary'!Q$61:Q$62)*(MONTH($E49)-1)/12)*$H49 -> 0 | W49: =SUM(I49:V49) -> 0
B50: 2019 Q4 | C50: 0.0218 | E50: 41426 | F50: 2011-2013 | G50: Q2 | H50: =C$24/12 -> 0.001225 | I50: =(SUM('1. LRAMVA Summary'!D$55:D$60)+SUM('1. LRAMVA Summary'!D$61:D$62)*(MONTH($E50)-1)/12)*$H50 -> 0 | J50: =(SUM('1. LRAMVA Summary'!E$55:E$60)+SUM('1. LRAMVA Summary'!E$61:E$62)*(MONTH($E50)-1)/12)*$H50 -> 0 | K50: =(SUM('1. LRAMVA Summary'!F$55:F$60)+SUM('1. LRAMVA Summary'!F$61:F$62)*(MONTH($E50)-1)/12)*$H50 -> 0 | L50: =(SUM('1. LRAMVA Summary'!G$55:G$60)+SUM('1. LRAMVA Summary'!G$61:G$62)*(MONTH($E50)-1)/12)*$H50 -> 0 | M50: =(SUM('1. LRAMVA Summary'!H$55:H$60)+SUM('1. LRAMVA Summary'!H$61:H$62)*(MONTH($E50)-1)/12)*$H50 -> 0 | N50: =(SUM('1. LRAMVA Summary'!I$55:I$60)+SUM('1. LRAMVA Summary'!I$61:I$62)*(MONTH($E50)-1)/12)*$H50 -> 0 | O50: =(SUM('1. LRAMVA Summary'!J$55:J$60)+SUM('1. LRAMVA Summary'!J$61:J$62)*(MONTH($E50)-1)/12)*$H50 -> 0 | P50: =(SUM('1. LRAMVA Summary'!K$55:K$60)+SUM('1. LRAMVA Summary'!K$61:K$62)*(MONTH($E50)-1)/12)*$H50 -> 0 | ... V50: =(SUM('1. LRAMVA Summary'!Q$55:Q$60)+SUM('1. LRAMVA Summary'!Q$61:Q$62)*(MONTH($E50)-1)/12)*$H50 -> 0 | W50: =SUM(I50:V50) -> 0
B51: 2020 Q1 | C51: 0.0218 | E51: 41456 | F51: 2011-2013 | G51: Q3 | H51: =C$25/12 -> 0.001225 | I51: =(SUM('1. LRAMVA Summary'!D$55:D$60)+SUM('1. LRAMVA Summary'!D$61:D$62)*(MONTH($E51)-1)/12)*$H51 -> 0 | J51: =(SUM('1. LRAMVA Summary'!E$55:E$60)+SUM('1. LRAMVA Summary'!E$61:E$62)*(MONTH($E51)-1)/12)*$H51 -> 0 | K51: =(SUM('1. LRAMVA Summary'!F$55:F$60)+SUM('1. LRAMVA Summary'!F$61:F$62)*(MONTH($E51)-1)/12)*$H51 -> 0 | L51: =(SUM('1. LRAMVA Summary'!G$55:G$60)+SUM('1. LRAMVA Summary'!G$61:G$62)*(MONTH($E51)-1)/12)*$H51 -> 0 | M51: =(SUM('1. LRAMVA Summary'!H$55:H$60)+SUM('1. LRAMVA Summary'!H$61:H$62)*(MONTH($E51)-1)/12)*$H51 -> 0 | N51: =(SUM('1. LRAMVA Summary'!I$55:I$60)+SUM('1. LRAMVA Summary'!I$61:I$62)*(MONTH($E51)-1)/12)*$H51 -> 0 | O51: =(SUM('1. LRAMVA Summary'!J$55:J$60)+SUM('1. LRAMVA Summary'!J$61:J$62)*(MONTH($E51)-1)/12)*$H51 -> 0 | P51: =(SUM('1. LRAMVA Summary'!K$55:K$60)+SUM('1. LRAMVA Summary'!K$61:K$62)*(MONTH($E51)-1)/12)*$H51 -> 0 | ... V51: =(SUM('1. LRAMVA Summary'!Q$55:Q$60)+SUM('1. LRAMVA Summary'!Q$61:Q$62)*(MONTH($E51)-1)/12)*$H51 -> 0 | W51: =SUM(I51:V51) -> 0
B52: 2020 Q2 | C52: 0.0218 | E52: 41487 | F52: 2011-2013 | G52: Q3 | H52: =C$25/12 -> 0.001225 | I52: =(SUM('1. LRAMVA Summary'!D$55:D$60)+SUM('1. LRAMVA Summary'!D$61:D$62)*(MONTH($E52)-1)/12)*$H52 -> 0 | J52: =(SUM('1. LRAMVA Summary'!E$55:E$60)+SUM('1. LRAMVA Summary'!E$61:E$62)*(MONTH($E52)-1)/12)*$H52 -> 0 | K52: =(SUM('1. LRAMVA Summary'!F$55:F$60)+SUM('1. LRAMVA Summary'!F$61:F$62)*(MONTH($E52)-1)/12)*$H52 -> 0 | L52: =(SUM('1. LRAMVA Summary'!G$55:G$60)+SUM('1. LRAMVA Summary'!G$61:G$62)*(MONTH($E52)-1)/12)*$H52 -> 0 | M52: =(SUM('1. LRAMVA Summary'!H$55:H$60)+SUM('1. LRAMVA Summary'!H$61:H$62)*(MONTH($E52)-1)/12)*$H52 -> 0 | N52: =(SUM('1. LRAMVA Summary'!I$55:I$60)+SUM('1. LRAMVA Summary'!I$61:I$62)*(MONTH($E52)-1)/12)*$H52 -> 0 | O52: =(SUM('1. LRAMVA Summary'!J$55:J$60)+SUM('1. LRAMVA Summary'!J$61:J$62)*(MONTH($E52)-1)/12)*$H52 -> 0 | P52: =(SUM('1. LRAMVA Summary'!K$55:K$60)+SUM('1. LRAMVA Summary'!K$61:K$62)*(MONTH($E52)-1)/12)*$H52 -> 0 | ... V52: =(SUM('1. LRAMVA Summary'!Q$55:Q$60)+SUM('1. LRAMVA Summary'!Q$61:Q$62)*(MONTH($E52)-1)/12)*$H52 -> 0 | W52: =SUM(I52:V52) -> 0
B53: 2020 Q3 | C53: 0.0057 | E53: 41518 | F53: 2011-2013 | G53: Q3 | H53: =C$25/12 -> 0.001225 | I53: =(SUM('1. LRAMVA Summary'!D$55:D$60)+SUM('1. LRAMVA Summary'!D$61:D$62)*(MONTH($E53)-1)/12)*$H53 -> 0 | J53: =(SUM('1. LRAMVA Summary'!E$55:E$60)+SUM('1. LRAMVA Summary'!E$61:E$62)*(MONTH($E53)-1)/12)*$H53 -> 0 | K53: =(SUM('1. LRAMVA Summary'!F$55:F$60)+SUM('1. LRAMVA Summary'!F$61:F$62)*(MONTH($E53)-1)/12)*$H53 -> 0 | L53: =(SUM('1. LRAMVA Summary'!G$55:G$60)+SUM('1. LRAMVA Summary'!G$61:G$62)*(MONTH($E53)-1)/12)*$H53 -> 0 | M53: =(SUM('1. LRAMVA Summary'!H$55:H$60)+SUM('1. LRAMVA Summary'!H$61:H$62)*(MONTH($E53)-1)/12)*$H53 -> 0 | N53: =(SUM('1. LRAMVA Summary'!I$55:I$60)+SUM('1. LRAMVA Summary'!I$61:I$62)*(MONTH($E53)-1)/12)*$H53 -> 0 | O53: =(SUM('1. LRAMVA Summary'!J$55:J$60)+SUM('1. LRAMVA Summary'!J$61:J$62)*(MONTH($E53)-1)/12)*$H53 -> 0 | P53: =(SUM('1. LRAMVA Summary'!K$55:K$60)+SUM('1. LRAMVA Summary'!K$61:K$62)*(MONTH($E53)-1)/12)*$H53 -> 0 | ... V53: =(SUM('1. LRAMVA Summary'!Q$55:Q$60)+SUM('1. LRAMVA Summary'!Q$61:Q$62)*(MONTH($E53)-1)/12)*$H53 -> 0 | W53: =SUM(I53:V53) -> 0
B54: 2020 Q4 | C54: 0.0057 | E54: 41548 | F54: 2011-2013 | G54: Q4 | H54: =C$26/12 -> 0.001225 | I54: =(SUM('1. LRAMVA Summary'!D$55:D$60)+SUM('1. LRAMVA Summary'!D$61:D$62)*(MONTH($E54)-1)/12)*$H54 -> 0 | J54: =(SUM('1. LRAMVA Summary'!E$55:E$60)+SUM('1. LRAMVA Summary'!E$61:E$62)*(MONTH($E54)-1)/12)*$H54 -> 0 | K54: =(SUM('1. LRAMVA Summary'!F$55:F$60)+SUM('1. LRAMVA Summary'!F$61:F$62)*(MONTH($E54)-1)/12)*$H54 -> 0 | L54: =(SUM('1. LRAMVA Summary'!G$55:G$60)+SUM('1. LRAMVA Summary'!G$61:G$62)*(MONTH($E54)-1)/12)*$H54 -> 0 | M54: =(SUM('1. LRAMVA Summary'!H$55:H$60)+SUM('1. LRAMVA Summary'!H$61:H$62)*(MONTH($E54)-1)/12)*$H54 -> 0 | N54: =(SUM('1. LRAMVA Summary'!I$55:I$60)+SUM('1. LRAMVA Summary'!I$61:I$62)*(MONTH($E54)-1)/12)*$H54 -> 0 | O54: =(SUM('1. LRAMVA Summary'!J$55:J$60)+SUM('1. LRAMVA Summary'!J$61:J$62)*(MONTH($E54)-1)/12)*$H54 -> 0 | P54: =(SUM('1. LRAMVA Summary'!K$55:K$60)+SUM('1. LRAMVA Summary'!K$61:K$62)*(MONTH($E54)-1)/12)*$H54 -> 0 | ... V54: =(SUM('1. LRAMVA Summary'!Q$55:Q$60)+SUM('1. LRAMVA Summary'!Q$61:Q$62)*(MONTH($E54)-1)/12)*$H54 -> 0 | W54: =SUM(I54:V54) -> 0
B55: 2021 Q1 | C55: 0.0057 | E55: 41579 | F55: 2011-2013 | G55: Q4 | H55: =C$26/12 -> 0.001225 | I55: =(SUM('1. LRAMVA Summary'!D$55:D$60)+SUM('1. LRAMVA Summary'!D$61:D$62)*(MONTH($E55)-1)/12)*$H55 -> 0 | J55: =(SUM('1. LRAMVA Summary'!E$55:E$60)+SUM('1. LRAMVA Summary'!E$61:E$62)*(MONTH($E55)-1)/12)*$H55 -> 0 | K55: =(SUM('1. LRAMVA Summary'!F$55:F$60)+SUM('1. LRAMVA Summary'!F$61:F$62)*(MONTH($E55)-1)/12)*$H55 -> 0 | L55: =(SUM('1. LRAMVA Summary'!G$55:G$60)+SUM('1. LRAMVA Summary'!G$61:G$62)*(MONTH($E55)-1)/12)*$H55 -> 0 | M55: =(SUM('1. LRAMVA Summary'!H$55:H$60)+SUM('1. LRAMVA Summary'!H$61:H$62)*(MONTH($E55)-1)/12)*$H55 -> 0 | N55: =(SUM('1. LRAMVA Summary'!I$55:I$60)+SUM('1. LRAMVA Summary'!I$61:I$62)*(MONTH($E55)-1)/12)*$H55 -> 0 | O55: =(SUM('1. LRAMVA Summary'!J$55:J$60)+SUM('1. LRAMVA Summary'!J$61:J$62)*(MONTH($E55)-1)/12)*$H55 -> 0 | P55: =(SUM('1. LRAMVA Summary'!K$55:K$60)+SUM('1. LRAMVA Summary'!K$61:K$62)*(MONTH($E55)-1)/12)*$H55 -> 0 | ... V55: =(SUM('1. LRAMVA Summary'!Q$55:Q$60)+SUM('1. LRAMVA Summary'!Q$61:Q$62)*(MONTH($E55)-1)/12)*$H55 -> 0 | W55: =SUM(I55:V55) -> 0
B56: 2021 Q2 | C56: 0.0057 | E56: 41609 | F56: 2011-2013 | G56: Q4 | H56: =C$26/12 -> 0.001225 | I56: =(SUM('1. LRAMVA Summary'!D$55:D$60)+SUM('1. LRAMVA Summary'!D$61:D$62)*(MONTH($E56)-1)/12)*$H56 -> 0 | J56: =(SUM('1. LRAMVA Summary'!E$55:E$60)+SUM('1. LRAMVA Summary'!E$61:E$62)*(MONTH($E56)-1)/12)*$H56 -> 0 | K56: =(SUM('1. LRAMVA Summary'!F$55:F$60)+SUM('1. LRAMVA Summary'!F$61:F$62)*(MONTH($E56)-1)/12)*$H56 -> 0 | L56: =(SUM('1. LRAMVA Summary'!G$55:G$60)+SUM('1. LRAMVA Summary'!G$61:G$62)*(MONTH($E56)-1)/12)*$H56 -> 0 | M56: =(SUM('1. LRAMVA Summary'!H$55:H$60)+SUM('1. LRAMVA Summary'!H$61:H$62)*(MONTH($E56)-1)/12)*$H56 -> 0 | N56: =(SUM('1. LRAMVA Summary'!I$55:I$60)+SUM('1. LRAMVA Summary'!I$61:I$62)*(MONTH($E56)-1)/12)*$H56 -> 0 | O56: =(SUM('1. LRAMVA Summary'!J$55:J$60)+SUM('1. LRAMVA Summary'!J$61:J$62)*(MONTH($E56)-1)/12)*$H56 -> 0 | P56: =(SUM('1. LRAMVA Summary'!K$55:K$60)+SUM('1. LRAMVA Summary'!K$61:K$62)*(MONTH($E56)-1)/12)*$H56 -> 0 | ... V56: =(SUM('1. LRAMVA Summary'!Q$55:Q$60)+SUM('1. LRAMVA Summary'!Q$61:Q$62)*(MONTH($E56)-1)/12)*$H56 -> 0 | W56: =SUM(I56:V56) -> 0
B57: 2021 Q3 | C57: 0.0057 | E57: Total for 2013 | I57: =SUM(I44:I56) -> 0 | J57: =SUM(J44:J56) -> 0 | K57: =SUM(K44:K56) -> 0 | L57: =SUM(L44:L56) -> 0 | M57: =SUM(M44:M56) -> 0 | N57: =SUM(N44:N56) -> 0 | O57: =SUM(O44:O56) -> 0 | P57: =SUM(P44:P56) -> 0 | ... W57: =SUM(W44:W56) -> 0
B58: 2021 Q4 | C58: 0.0057 | E58: Amount Cleared
B59: 2022 Q1 | C59: 0.0057 | E59: Opening Balance for 2014 | I59: =I57+I58 -> 0 | J59: =J57+J58 -> 0 | K59: =K57+K58 -> 0 | L59: =L57+L58 -> 0 | M59: =M57+M58 -> 0 | N59: =N57+N58 -> 0 | O59: =O57+O58 -> 0 | P59: =P57+P58 -> 0 | ... W59: =W57+W58 -> 0
B60: 2022 Q2 | C60: 0.0102 | E60: 41640 | F60: 2011-2014 | G60: Q1 | H60: =C$27/12 -> 0.001225 | I60: =(SUM('1. LRAMVA Summary'!D$55:D$63)+SUM('1. LRAMVA Summary'!D$64:D$65)*(MONTH($E60)-1)/12)*$H60 -> 0 | J60: =(SUM('1. LRAMVA Summary'!E$55:E$63)+SUM('1. LRAMVA Summary'!E$64:E$65)*(MONTH($E60)-1)/12)*$H60 -> 0 | K60: =(SUM('1. LRAMVA Summary'!F$55:F$63)+SUM('1. LRAMVA Summary'!F$64:F$65)*(MONTH($E60)-1)/12)*$H60 -> 0 | L60: =(SUM('1. LRAMVA Summary'!G$55:G$63)+SUM('1. LRAMVA Summary'!G$64:G$65)*(MONTH($E60)-1)/12)*$H60 -> 0 | M60: =(SUM('1. LRAMVA Summary'!H$55:H$63)+SUM('1. LRAMVA Summary'!H$64:H$65)*(MONTH($E60)-1)/12)*$H60 -> 0 | N60: =(SUM('1. LRAMVA Summary'!I$55:I$63)+SUM('1. LRAMVA Summary'!I$64:I$65)*(MONTH($E60)-1)/12)*$H60 -> 0 | O60: =(SUM('1. LRAMVA Summary'!J$55:J$63)+SUM('1. LRAMVA Summary'!J$64:J$65)*(MONTH($E60)-1)/12)*$H60 -> 0 | P60: =(SUM('1. LRAMVA Summary'!K$55:K$63)+SUM('1. LRAMVA Summary'!K$64:K$65)*(MONTH($E60)-1)/12)*$H60 -> 0 | ... V60: =(SUM('1. LRAMVA Summary'!Q$55:Q$63)+SUM('1. LRAMVA Summary'!Q$64:Q$65)*(MONTH($E60)-1)/12)*$H60 -> 0 | W60: =SUM(I60:V60) -> 0
B61: 2022 Q3 | C61: 0.022 | E61: 41671 | F61: 2011-2014 | G61: Q1 | H61: =C$27/12 -> 0.001225 | I61: =(SUM('1. LRAMVA Summary'!D$55:D$63)+SUM('1. LRAMVA Summary'!D$64:D$65)*(MONTH($E61)-1)/12)*$H61 -> 0 | J61: =(SUM('1. LRAMVA Summary'!E$55:E$63)+SUM('1. LRAMVA Summary'!E$64:E$65)*(MONTH($E61)-1)/12)*$H61 -> 0 | K61: =(SUM('1. LRAMVA Summary'!F$55:F$63)+SUM('1. LRAMVA Summary'!F$64:F$65)*(MONTH($E61)-1)/12)*$H61 -> 0 | L61: =(SUM('1. LRAMVA Summary'!G$55:G$63)+SUM('1. LRAMVA Summary'!G$64:G$65)*(MONTH($E61)-1)/12)*$H61 -> 0 | M61: =(SUM('1. LRAMVA Summary'!H$55:H$63)+SUM('1. LRAMVA Summary'!H$64:H$65)*(MONTH($E61)-1)/12)*$H61 -> 0 | N61: =(SUM('1. LRAMVA Summary'!I$55:I$63)+SUM('1. LRAMVA Summary'!I$64:I$65)*(MONTH($E61)-1)/12)*$H61 -> 0 | O61: =(SUM('1. LRAMVA Summary'!J$55:J$63)+SUM('1. LRAMVA Summary'!J$64:J$65)*(MONTH($E61)-1)/12)*$H61 -> 0 | P61: =(SUM('1. LRAMVA Summary'!K$55:K$63)+SUM('1. LRAMVA Summary'!K$64:K$65)*(MONTH($E61)-1)/12)*$H61 -> 0 | ... V61: =(SUM('1. LRAMVA Summary'!Q$55:Q$63)+SUM('1. LRAMVA Summary'!Q$64:Q$65)*(MONTH($E61)-1)/12)*$H61 -> 0 | W61: =SUM(I61:V61) -> 0
B62: 2022 Q4 | C62: 0.0387 | E62: 41699 | F62: 2011-2014 | G62: Q1 | H62: =C$27/12 -> 0.001225 | I62: =(SUM('1. LRAMVA Summary'!D$55:D$63)+SUM('1. LRAMVA Summary'!D$64:D$65)*(MONTH($E62)-1)/12)*$H62 -> 0 | J62: =(SUM('1. LRAMVA Summary'!E$55:E$63)+SUM('1. LRAMVA Summary'!E$64:E$65)*(MONTH($E62)-1)/12)*$H62 -> 0 | K62: =(SUM('1. LRAMVA Summary'!F$55:F$63)+SUM('1. LRAMVA Summary'!F$64:F$65)*(MONTH($E62)-1)/12)*$H62 -> 0 | L62: =(SUM('1. LRAMVA Summary'!G$55:G$63)+SUM('1. LRAMVA Summary'!G$64:G$65)*(MONTH($E62)-1)/12)*$H62 -> 0 | M62: =(SUM('1. LRAMVA Summary'!H$55:H$63)+SUM('1. LRAMVA Summary'!H$64:H$65)*(MONTH($E62)-1)/12)*$H62 -> 0 | N62: =(SUM('1. LRAMVA Summary'!I$55:I$63)+SUM('1. LRAMVA Summary'!I$64:I$65)*(MONTH($E62)-1)/12)*$H62 -> 0 | O62: =(SUM('1. LRAMVA Summary'!J$55:J$63)+SUM('1. LRAMVA Summary'!J$64:J$65)*(MONTH($E62)-1)/12)*$H62 -> 0 | P62: =(SUM('1. LRAMVA Summary'!K$55:K$63)+SUM('1. LRAMVA Summary'!K$64:K$65)*(MONTH($E62)-1)/12)*$H62 -> 0 | ... V62: =(SUM('1. LRAMVA Summary'!Q$55:Q$63)+SUM('1. LRAMVA Summary'!Q$64:Q$65)*(MONTH($E62)-1)/12)*$H62 -> 0 | W62: =SUM(I62:V62) -> 0
B63: 2023 Q1 | C63: 0.0473 | E63: 41730 | F63: 2011-2014 | G63: Q2 | H63: =C$28/12 -> 0.001225 | I63: =(SUM('1. LRAMVA Summary'!D$55:D$63)+SUM('1. LRAMVA Summary'!D$64:D$65)*(MONTH($E63)-1)/12)*$H63 -> 0 | J63: =(SUM('1. LRAMVA Summary'!E$55:E$63)+SUM('1. LRAMVA Summary'!E$64:E$65)*(MONTH($E63)-1)/12)*$H63 -> 0 | K63: =(SUM('1. LRAMVA Summary'!F$55:F$63)+SUM('1. LRAMVA Summary'!F$64:F$65)*(MONTH($E63)-1)/12)*$H63 -> 0 | L63: =(SUM('1. LRAMVA Summary'!G$55:G$63)+SUM('1. LRAMVA Summary'!G$64:G$65)*(MONTH($E63)-1)/12)*$H63 -> 0 | M63: =(SUM('1. LRAMVA Summary'!H$55:H$63)+SUM('1. LRAMVA Summary'!H$64:H$65)*(MONTH($E63)-1)/12)*$H63 -> 0 | N63: =(SUM('1. LRAMVA Summary'!I$55:I$63)+SUM('1. LRAMVA Summary'!I$64:I$65)*(MONTH($E63)-1)/12)*$H63 -> 0 | O63: =(SUM('1. LRAMVA Summary'!J$55:J$63)+SUM('1. LRAMVA Summary'!J$64:J$65)*(MONTH($E63)-1)/12)*$H63 -> 0 | P63: =(SUM('1. LRAMVA Summary'!K$55:K$63)+SUM('1. LRAMVA Summary'!K$64:K$65)*(MONTH($E63)-1)/12)*$H63 -> 0 | ... V63: =(SUM('1. LRAMVA Summary'!Q$55:Q$63)+SUM('1. LRAMVA Summary'!Q$64:Q$65)*(MONTH($E63)-1)/12)*$H63 -> 0 | W63: =SUM(I63:V63) -> 0
B64: Check OEB website | E64: 41760 | F64: 2011-2014 | G64: Q2 | H64: =C$28/12 -> 0.001225 | I64: =(SUM('1. LRAMVA Summary'!D$55:D$63)+SUM('1. LRAMVA Summary'!D$64:D$65)*(MONTH($E64)-1)/12)*$H64 -> 0 | J64: =(SUM('1. LRAMVA Summary'!E$55:E$63)+SUM('1. LRAMVA Summary'!E$64:E$65)*(MONTH($E64)-1)/12)*$H64 -> 0 | K64: =(SUM('1. LRAMVA Summary'!F$55:F$63)+SUM('1. LRAMVA Summary'!F$64:F$65)*(MONTH($E64)-1)/12)*$H64 -> 0 | L64: =(SUM('1. LRAMVA Summary'!G$55:G$63)+SUM('1. LRAMVA Summary'!G$64:G$65)*(MONTH($E64)-1)/12)*$H64 -> 0 | M64: =(SUM('1. LRAMVA Summary'!H$55:H$63)+SUM('1. LRAMVA Summary'!H$64:H$65)*(MONTH($E64)-1)/12)*$H64 -> 0 | N64: =(SUM('1. LRAMVA Summary'!I$55:I$63)+SUM('1. LRAMVA Summary'!I$64:I$65)*(MONTH($E64)-1)/12)*$H64 -> 0 | O64: =(SUM('1. LRAMVA Summary'!J$55:J$63)+SUM('1. LRAMVA Summary'!J$64:J$65)*(MONTH($E64)-1)/12)*$H64 -> 0 | P64: =(SUM('1. LRAMVA Summary'!K$55:K$63)+SUM('1. LRAMVA Summary'!K$64:K$65)*(MONTH($E64)-1)/12)*$H64 -> 0 | ... V64: =(SUM('1. LRAMVA Summary'!Q$55:Q$63)+SUM('1. LRAMVA Summary'!Q$64:Q$65)*(MONTH($E64)-1)/12)*$H64 -> 0 | W64: =SUM(I64:V64) -> 0
E65: 41791 | F65: 2011-2014 | G65: Q2 | H65: =C$28/12 -> 0.001225 | I65: =(SUM('1. LRAMVA Summary'!D$55:D$63)+SUM('1. LRAMVA Summary'!D$64:D$65)*(MONTH($E65)-1)/12)*$H65 -> 0 | J65: =(SUM('1. LRAMVA Summary'!E$55:E$63)+SUM('1. LRAMVA Summary'!E$64:E$65)*(MONTH($E65)-1)/12)*$H65 -> 0 | K65: =(SUM('1. LRAMVA Summary'!F$55:F$63)+SUM('1. LRAMVA Summary'!F$64:F$65)*(MONTH($E65)-1)/12)*$H65 -> 0 | L65: =(SUM('1. LRAMVA Summary'!G$55:G$63)+SUM('1. LRAMVA Summary'!G$64:G$65)*(MONTH($E65)-1)/12)*$H65 -> 0 | M65: =(SUM('1. LRAMVA Summary'!H$55:H$63)+SUM('1. LRAMVA Summary'!H$64:H$65)*(MONTH($E65)-1)/12)*$H65 -> 0 | N65: =(SUM('1. LRAMVA Summary'!I$55:I$63)+SUM('1. LRAMVA Summary'!I$64:I$65)*(MONTH($E65)-1)/12)*$H65 -> 0 | O65: =(SUM('1. LRAMVA Summary'!J$55:J$63)+SUM('1. LRAMVA Summary'!J$64:J$65)*(MONTH($E65)-1)/12)*$H65 -> 0 | P65: =(SUM('1. LRAMVA Summary'!K$55:K$63)+SUM('1. LRAMVA Summary'!K$64:K$65)*(MONTH($E65)-1)/12)*$H65 -> 0 | ... V65: =(SUM('1. LRAMVA Summary'!Q$55:Q$63)+SUM('1. LRAMVA Summary'!Q$64:Q$65)*(MONTH($E65)-1)/12)*$H65 -> 0 | W65: =SUM(I65:V65) -> 0
E66: 41821 | F66: 2011-2014 | G66: Q3 | H66: =C$29/12 -> 0.001225 | I66: =(SUM('1. LRAMVA Summary'!D$55:D$63)+SUM('1. LRAMVA Summary'!D$64:D$65)*(MONTH($E66)-1)/12)*$H66 -> 0 | J66: =(SUM('1. LRAMVA Summary'!E$55:E$63)+SUM('1. LRAMVA Summary'!E$64:E$65)*(MONTH($E66)-1)/12)*$H66 -> 0 | K66: =(SUM('1. LRAMVA Summary'!F$55:F$63)+SUM('1. LRAMVA Summary'!F$64:F$65)*(MONTH($E66)-1)/12)*$H66 -> 0 | L66: =(SUM('1. LRAMVA Summary'!G$55:G$63)+SUM('1. LRAMVA Summary'!G$64:G$65)*(MONTH($E66)-1)/12)*$H66 -> 0 | M66: =(SUM('1. LRAMVA Summary'!H$55:H$63)+SUM('1. LRAMVA Summary'!H$64:H$65)*(MONTH($E66)-1)/12)*$H66 -> 0 | N66: =(SUM('1. LRAMVA Summary'!I$55:I$63)+SUM('1. LRAMVA Summary'!I$64:I$65)*(MONTH($E66)-1)/12)*$H66 -> 0 | O66: =(SUM('1. LRAMVA Summary'!J$55:J$63)+SUM('1. LRAMVA Summary'!J$64:J$65)*(MONTH($E66)-1)/12)*$H66 -> 0 | P66: =(SUM('1. LRAMVA Summary'!K$55:K$63)+SUM('1. LRAMVA Summary'!K$64:K$65)*(MONTH($E66)-1)/12)*$H66 -> 0 | ... V66: =(SUM('1. LRAMVA Summary'!Q$55:Q$63)+SUM('1. LRAMVA Summary'!Q$64:Q$65)*(MONTH($E66)-1)/12)*$H66 -> 0 | W66: =SUM(I66:V66) -> 0
E67: 41852 | F67: 2011-2014 | G67: Q3 | H67: =C$29/12 -> 0.001225 | I67: =(SUM('1. LRAMVA Summary'!D$55:D$63)+SUM('1. LRAMVA Summary'!D$64:D$65)*(MONTH($E67)-1)/12)*$H67 -> 0 | J67: =(SUM('1. LRAMVA Summary'!E$55:E$63)+SUM('1. LRAMVA Summary'!E$64:E$65)*(MONTH($E67)-1)/12)*$H67 -> 0 | K67: =(SUM('1. LRAMVA Summary'!F$55:F$63)+SUM('1. LRAMVA Summary'!F$64:F$65)*(MONTH($E67)-1)/12)*$H67 -> 0 | L67: =(SUM('1. LRAMVA Summary'!G$55:G$63)+SUM('1. LRAMVA Summary'!G$64:G$65)*(MONTH($E67)-1)/12)*$H67 -> 0 | M67: =(SUM('1. LRAMVA Summary'!H$55:H$63)+SUM('1. LRAMVA Summary'!H$64:H$65)*(MONTH($E67)-1)/12)*$H67 -> 0 | N67: =(SUM('1. LRAMVA Summary'!I$55:I$63)+SUM('1. LRAMVA Summary'!I$64:I$65)*(MONTH($E67)-1)/12)*$H67 -> 0 | O67: =(SUM('1. LRAMVA Summary'!J$55:J$63)+SUM('1. LRAMVA Summary'!J$64:J$65)*(MONTH($E67)-1)/12)*$H67 -> 0 | P67: =(SUM('1. LRAMVA Summary'!K$55:K$63)+SUM('1. LRAMVA Summary'!K$64:K$65)*(MONTH($E67)-1)/12)*$H67 -> 0 | ... V67: =(SUM('1. LRAMVA Summary'!Q$55:Q$63)+SUM('1. LRAMVA Summary'!Q$64:Q$65)*(MONTH($E67)-1)/12)*$H67 -> 0 | W67: =SUM(I67:V67) -> 0
E68: 41883 | F68: 2011-2014 | G68: Q3 | H68: =C$29/12 -> 0.001225 | I68: =(SUM('1. LRAMVA Summary'!D$55:D$63)+SUM('1. LRAMVA Summary'!D$64:D$65)*(MONTH($E68)-1)/12)*$H68 -> 0 | J68: =(SUM('1. LRAMVA Summary'!E$55:E$63)+SUM('1. LRAMVA Summary'!E$64:E$65)*(MONTH($E68)-1)/12)*$H68 -> 0 | K68: =(SUM('1. LRAMVA Summary'!F$55:F$63)+SUM('1. LRAMVA Summary'!F$64:F$65)*(MONTH($E68)-1)/12)*$H68 -> 0 | L68: =(SUM('1. LRAMVA Summary'!G$55:G$63)+SUM('1. LRAMVA Summary'!G$64:G$65)*(MONTH($E68)-1)/12)*$H68 -> 0 | M68: =(SUM('1. LRAMVA Summary'!H$55:H$63)+SUM('1. LRAMVA Summary'!H$64:H$65)*(MONTH($E68)-1)/12)*$H68 -> 0 | N68: =(SUM('1. LRAMVA Summary'!I$55:I$63)+SUM('1. LRAMVA Summary'!I$64:I$65)*(MONTH($E68)-1)/12)*$H68 -> 0 | O68: =(SUM('1. LRAMVA Summary'!J$55:J$63)+SUM('1. LRAMVA Summary'!J$64:J$65)*(MONTH($E68)-1)/12)*$H68 -> 0 | P68: =(SUM('1. LRAMVA Summary'!K$55:K$63)+SUM('1. LRAMVA Summary'!K$64:K$65)*(MONTH($E68)-1)/12)*$H68 -> 0 | ... V68: =(SUM('1. LRAMVA Summary'!Q$55:Q$63)+SUM('1. LRAMVA Summary'!Q$64:Q$65)*(MONTH($E68)-1)/12)*$H68 -> 0 | W68: =SUM(I68:V68) -> 0
E69: 41913 | F69: 2011-2014 | G69: Q4 | H69: =C$30/12 -> 0.001225 | I69: =(SUM('1. LRAMVA Summary'!D$55:D$63)+SUM('1. LRAMVA Summary'!D$64:D$65)*(MONTH($E69)-1)/12)*$H69 -> 0 | J69: =(SUM('1. LRAMVA Summary'!E$55:E$63)+SUM('1. LRAMVA Summary'!E$64:E$65)*(MONTH($E69)-1)/12)*$H69 -> 0 | K69: =(SUM('1. LRAMVA Summary'!F$55:F$63)+SUM('1. LRAMVA Summary'!F$64:F$65)*(MONTH($E69)-1)/12)*$H69 -> 0 | L69: =(SUM('1. LRAMVA Summary'!G$55:G$63)+SUM('1. LRAMVA Summary'!G$64:G$65)*(MONTH($E69)-1)/12)*$H69 -> 0 | M69: =(SUM('1. LRAMVA Summary'!H$55:H$63)+SUM('1. LRAMVA Summary'!H$64:H$65)*(MONTH($E69)-1)/12)*$H69 -> 0 | N69: =(SUM('1. LRAMVA Summary'!I$55:I$63)+SUM('1. LRAMVA Summary'!I$64:I$65)*(MONTH($E69)-1)/12)*$H69 -> 0 | O69: =(SUM('1. LRAMVA Summary'!J$55:J$63)+SUM('1. LRAMVA Summary'!J$64:J$65)*(MONTH($E69)-1)/12)*$H69 -> 0 | P69: =(SUM('1. LRAMVA Summary'!K$55:K$63)+SUM('1. LRAMVA Summary'!K$64:K$65)*(MONTH($E69)-1)/12)*$H69 -> 0 | ... V69: =(SUM('1. LRAMVA Summary'!Q$55:Q$63)+SUM('1. LRAMVA Summary'!Q$64:Q$65)*(MONTH($E69)-1)/12)*$H69 -> 0 | W69: =SUM(I69:V69) -> 0
E70: 41944 | F70: 2011-2014 | G70: Q4 | H70: =C$30/12 -> 0.001225 | I70: =(SUM('1. LRAMVA Summary'!D$55:D$63)+SUM('1. LRAMVA Summary'!D$64:D$65)*(MONTH($E70)-1)/12)*$H70 -> 0 | J70: =(SUM('1. LRAMVA Summary'!E$55:E$63)+SUM('1. LRAMVA Summary'!E$64:E$65)*(MONTH($E70)-1)/12)*$H70 -> 0 | K70: =(SUM('1. LRAMVA Summary'!F$55:F$63)+SUM('1. LRAMVA Summary'!F$64:F$65)*(MONTH($E70)-1)/12)*$H70 -> 0 | L70: =(SUM('1. LRAMVA Summary'!G$55:G$63)+SUM('1. LRAMVA Summary'!G$64:G$65)*(MONTH($E70)-1)/12)*$H70 -> 0 | M70: =(SUM('1. LRAMVA Summary'!H$55:H$63)+SUM('1. LRAMVA Summary'!H$64:H$65)*(MONTH($E70)-1)/12)*$H70 -> 0 | N70: =(SUM('1. LRAMVA Summary'!I$55:I$63)+SUM('1. LRAMVA Summary'!I$64:I$65)*(MONTH($E70)-1)/12)*$H70 -> 0 | O70: =(SUM('1. LRAMVA Summary'!J$55:J$63)+SUM('1. LRAMVA Summary'!J$64:J$65)*(MONTH($E70)-1)/12)*$H70 -> 0 | P70: =(SUM('1. LRAMVA Summary'!K$55:K$63)+SUM('1. LRAMVA Summary'!K$64:K$65)*(MONTH($E70)-1)/12)*$H70 -> 0 | ... V70: =(SUM('1. LRAMVA Summary'!Q$55:Q$63)+SUM('1. LRAMVA Summary'!Q$64:Q$65)*(MONTH($E70)-1)/12)*$H70 -> 0 | W70: =SUM(I70:V70) -> 0
E71: 41974 | F71: 2011-2014 | G71: Q4 | H71: =C$30/12 -> 0.001225 | I71: =(SUM('1. LRAMVA Summary'!D$55:D$63)+SUM('1. LRAMVA Summary'!D$64:D$65)*(MONTH($E71)-1)/12)*$H71 -> 0 | J71: =(SUM('1. LRAMVA Summary'!E$55:E$63)+SUM('1. LRAMVA Summary'!E$64:E$65)*(MONTH($E71)-1)/12)*$H71 -> 0 | K71: =(SUM('1. LRAMVA Summary'!F$55:F$63)+SUM('1. LRAMVA Summary'!F$64:F$65)*(MONTH($E71)-1)/12)*$H71 -> 0 | L71: =(SUM('1. LRAMVA Summary'!G$55:G$63)+SUM('1. LRAMVA Summary'!G$64:G$65)*(MONTH($E71)-1)/12)*$H71 -> 0 | M71: =(SUM('1. LRAMVA Summary'!H$55:H$63)+SUM('1. LRAMVA Summary'!H$64:H$65)*(MONTH($E71)-1)/12)*$H71 -> 0 | N71: =(SUM('1. LRAMVA Summary'!I$55:I$63)+SUM('1. LRAMVA Summary'!I$64:I$65)*(MONTH($E71)-1)/12)*$H71 -> 0 | O71: =(SUM('1. LRAMVA Summary'!J$55:J$63)+SUM('1. LRAMVA Summary'!J$64:J$65)*(MONTH($E71)-1)/12)*$H71 -> 0 | P71: =(SUM('1. LRAMVA Summary'!K$55:K$63)+SUM('1. LRAMVA Summary'!K$64:K$65)*(MONTH($E71)-1)/12)*$H71 -> 0 | ... V71: =(SUM('1. LRAMVA Summary'!Q$55:Q$63)+SUM('1. LRAMVA Summary'!Q$64:Q$65)*(MONTH($E71)-1)/12)*$H71 -> 0 | W71: =SUM(I71:V71) -> 0
E72: Total for 2014 | I72: =SUM(I59:I71) -> 0 | J72: =SUM(J59:J71) -> 0 | K72: =SUM(K59:K71) -> 0 | L72: =SUM(L59:L71) -> 0 | M72: =SUM(M59:M71) -> 0 | N72: =SUM(N59:N71) -> 0 | O72: =SUM(O59:O71) -> 0 | P72: =SUM(P59:P71) -> 0 | ... W72: =SUM(W59:W71) -> 0
E73: Amount Cleared
E74: Opening Balance for 2015 | I74: =I72+I73 -> 0 | J74: =J72+J73 -> 0 | K74: =K72+K73 -> 0 | L74: =L72+L73 -> 0 | M74: =M72+M73 -> 0 | N74: =N72+N73 -> 0 | O74: =O72+O73 -> 0 | P74: =P72+P73 -> 0 | ... W74: =W72+W73 -> 0
E75: 42005 | F75: 2011-2015 | G75: Q1 | H75: =C$31/12 -> 0.001225 | I75: =(SUM('1. LRAMVA Summary'!D$55:D$66)+SUM('1. LRAMVA Summary'!D$67:D$68)*(MONTH($E75)-1)/12)*$H75 -> 0 | J75: =(SUM('1. LRAMVA Summary'!E$55:E$66)+SUM('1. LRAMVA Summary'!E$67:E$68)*(MONTH($E75)-1)/12)*$H75 -> 0 | K75: =(SUM('1. LRAMVA Summary'!F$55:F$66)+SUM('1. LRAMVA Summary'!F$67:F$68)*(MONTH($E75)-1)/12)*$H75 -> 0 | L75: =(SUM('1. LRAMVA Summary'!G$55:G$66)+SUM('1. LRAMVA Summary'!G$67:G$68)*(MONTH($E75)-1)/12)*$H75 -> 0 | M75: =(SUM('1. LRAMVA Summary'!H$55:H$66)+SUM('1. LRAMVA Summary'!H$67:H$68)*(MONTH($E75)-1)/12)*$H75 -> 0 | N75: =(SUM('1. LRAMVA Summary'!I$55:I$66)+SUM('1. LRAMVA Summary'!I$67:I$68)*(MONTH($E75)-1)/12)*$H75 -> 0 | O75: =(SUM('1. LRAMVA Summary'!J$55:J$66)+SUM('1. LRAMVA Summary'!J$67:J$68)*(MONTH($E75)-1)/12)*$H75 -> 0 | P75: =(SUM('1. LRAMVA Summary'!K$55:K$66)+SUM('1. LRAMVA Summary'!K$67:K$68)*(MONTH($E75)-1)/12)*$H75 -> 0 | ... V75: =(SUM('1. LRAMVA Summary'!Q$55:Q$66)+SUM('1. LRAMVA Summary'!Q$67:Q$68)*(MONTH($E75)-1)/12)*$H75 -> 0 | W75: =SUM(I75:V75) -> 0
E76: 42036 | F76: 2011-2015 | G76: Q1 | H76: =C$31/12 -> 0.001225 | I76: =(SUM('1. LRAMVA Summary'!D$55:D$66)+SUM('1. LRAMVA Summary'!D$67:D$68)*(MONTH($E76)-1)/12)*$H76 -> 0 | J76: =(SUM('1. LRAMVA Summary'!E$55:E$66)+SUM('1. LRAMVA Summary'!E$67:E$68)*(MONTH($E76)-1)/12)*$H76 -> 0 | K76: =(SUM('1. LRAMVA Summary'!F$55:F$66)+SUM('1. LRAMVA Summary'!F$67:F$68)*(MONTH($E76)-1)/12)*$H76 -> 0 | L76: =(SUM('1. LRAMVA Summary'!G$55:G$66)+SUM('1. LRAMVA Summary'!G$67:G$68)*(MONTH($E76)-1)/12)*$H76 -> 0 | M76: =(SUM('1. LRAMVA Summary'!H$55:H$66)+SUM('1. LRAMVA Summary'!H$67:H$68)*(MONTH($E76)-1)/12)*$H76 -> 0 | N76: =(SUM('1. LRAMVA Summary'!I$55:I$66)+SUM('1. LRAMVA Summary'!I$67:I$68)*(MONTH($E76)-1)/12)*$H76 -> 0 | O76: =(SUM('1. LRAMVA Summary'!J$55:J$66)+SUM('1. LRAMVA Summary'!J$67:J$68)*(MONTH($E76)-1)/12)*$H76 -> 0 | P76: =(SUM('1. LRAMVA Summary'!K$55:K$66)+SUM('1. LRAMVA Summary'!K$67:K$68)*(MONTH($E76)-1)/12)*$H76 -> 0 | ... V76: =(SUM('1. LRAMVA Summary'!Q$55:Q$66)+SUM('1. LRAMVA Summary'!Q$67:Q$68)*(MONTH($E76)-1)/12)*$H76 -> 0 | W76: =SUM(I76:V76) -> 0
E77: 42064 | F77: 2011-2015 | G77: Q1 | H77: =C$31/12 -> 0.001225 | I77: =(SUM('1. LRAMVA Summary'!D$55:D$66)+SUM('1. LRAMVA Summary'!D$67:D$68)*(MONTH($E77)-1)/12)*$H77 -> 0 | J77: =(SUM('1. LRAMVA Summary'!E$55:E$66)+SUM('1. LRAMVA Summary'!E$67:E$68)*(MONTH($E77)-1)/12)*$H77 -> 0 | K77: =(SUM('1. LRAMVA Summary'!F$55:F$66)+SUM('1. LRAMVA Summary'!F$67:F$68)*(MONTH($E77)-1)/12)*$H77 -> 0 | L77: =(SUM('1. LRAMVA Summary'!G$55:G$66)+SUM('1. LRAMVA Summary'!G$67:G$68)*(MONTH($E77)-1)/12)*$H77 -> 0 | M77: =(SUM('1. LRAMVA Summary'!H$55:H$66)+SUM('1. LRAMVA Summary'!H$67:H$68)*(MONTH($E77)-1)/12)*$H77 -> 0 | N77: =(SUM('1. LRAMVA Summary'!I$55:I$66)+SUM('1. LRAMVA Summary'!I$67:I$68)*(MONTH($E77)-1)/12)*$H77 -> 0 | O77: =(SUM('1. LRAMVA Summary'!J$55:J$66)+SUM('1. LRAMVA Summary'!J$67:J$68)*(MONTH($E77)-1)/12)*$H77 -> 0 | P77: =(SUM('1. LRAMVA Summary'!K$55:K$66)+SUM('1. LRAMVA Summary'!K$67:K$68)*(MONTH($E77)-1)/12)*$H77 -> 0 | ... V77: =(SUM('1. LRAMVA Summary'!Q$55:Q$66)+SUM('1. LRAMVA Summary'!Q$67:Q$68)*(MONTH($E77)-1)/12)*$H77 -> 0 | W77: =SUM(I77:V77) -> 0
E78: 42095 | F78: 2011-2015 | G78: Q2 | H78: =C$32/12 -> 0.00091666667 | I78: =(SUM('1. LRAMVA Summary'!D$55:D$66)+SUM('1. LRAMVA Summary'!D$67:D$68)*(MONTH($E78)-1)/12)*$H78 -> 0 | J78: =(SUM('1. LRAMVA Summary'!E$55:E$66)+SUM('1. LRAMVA Summary'!E$67:E$68)*(MONTH($E78)-1)/12)*$H78 -> 0 | K78: =(SUM('1. LRAMVA Summary'!F$55:F$66)+SUM('1. LRAMVA Summary'!F$67:F$68)*(MONTH($E78)-1)/12)*$H78 -> 0 | L78: =(SUM('1. LRAMVA Summary'!G$55:G$66)+SUM('1. LRAMVA Summary'!G$67:G$68)*(MONTH($E78)-1)/12)*$H78 -> 0 | M78: =(SUM('1. LRAMVA Summary'!H$55:H$66)+SUM('1. LRAMVA Summary'!H$67:H$68)*(MONTH($E78)-1)/12)*$H78 -> 0 | N78: =(SUM('1. LRAMVA Summary'!I$55:I$66)+SUM('1. LRAMVA Summary'!I$67:I$68)*(MONTH($E78)-1)/12)*$H78 -> 0 | O78: =(SUM('1. LRAMVA Summary'!J$55:J$66)+SUM('1. LRAMVA Summary'!J$67:J$68)*(MONTH($E78)-1)/12)*$H78 -> 0 | P78: =(SUM('1. LRAMVA Summary'!K$55:K$66)+SUM('1. LRAMVA Summary'!K$67:K$68)*(MONTH($E78)-1)/12)*$H78 -> 0 | ... V78: =(SUM('1. LRAMVA Summary'!Q$55:Q$66)+SUM('1. LRAMVA Summary'!Q$67:Q$68)*(MONTH($E78)-1)/12)*$H78 -> 0 | W78: =SUM(I78:V78) -> 0
E79: 42125 | F79: 2011-2015 | G79: Q2 | H79: =C$32/12 -> 0.00091666667 | I79: =(SUM('1. LRAMVA Summary'!D$55:D$66)+SUM('1. LRAMVA Summary'!D$67:D$68)*(MONTH($E79)-1)/12)*$H79 -> 0 | J79: =(SUM('1. LRAMVA Summary'!E$55:E$66)+SUM('1. LRAMVA Summary'!E$67:E$68)*(MONTH($E79)-1)/12)*$H79 -> 0 | K79: =(SUM('1. LRAMVA Summary'!F$55:F$66)+SUM('1. LRAMVA Summary'!F$67:F$68)*(MONTH($E79)-1)/12)*$H79 -> 0 | L79: =(SUM('1. LRAMVA Summary'!G$55:G$66)+SUM('1. LRAMVA Summary'!G$67:G$68)*(MONTH($E79)-1)/12)*$H79 -> 0 | M79: =(SUM('1. LRAMVA Summary'!H$55:H$66)+SUM('1. LRAMVA Summary'!H$67:H$68)*(MONTH($E79)-1)/12)*$H79 -> 0 | N79: =(SUM('1. LRAMVA Summary'!I$55:I$66)+SUM('1. LRAMVA Summary'!I$67:I$68)*(MONTH($E79)-1)/12)*$H79 -> 0 | O79: =(SUM('1. LRAMVA Summary'!J$55:J$66)+SUM('1. LRAMVA Summary'!J$67:J$68)*(MONTH($E79)-1)/12)*$H79 -> 0 | P79: =(SUM('1. LRAMVA Summary'!K$55:K$66)+SUM('1. LRAMVA Summary'!K$67:K$68)*(MONTH($E79)-1)/12)*$H79 -> 0 | ... V79: =(SUM('1. LRAMVA Summary'!Q$55:Q$66)+SUM('1. LRAMVA Summary'!Q$67:Q$68)*(MONTH($E79)-1)/12)*$H79 -> 0 | W79: =SUM(I79:V79) -> 0
E80: 42156 | F80: 2011-2015 | G80: Q2 | H80: =C$32/12 -> 0.00091666667 | I80: =(SUM('1. LRAMVA Summary'!D$55:D$66)+SUM('1. LRAMVA Summary'!D$67:D$68)*(MONTH($E80)-1)/12)*$H80 -> 0 | J80: =(SUM('1. LRAMVA Summary'!E$55:E$66)+SUM('1. LRAMVA Summary'!E$67:E$68)*(MONTH($E80)-1)/12)*$H80 -> 0 | K80: =(SUM('1. LRAMVA Summary'!F$55:F$66)+SUM('1. LRAMVA Summary'!F$67:F$68)*(MONTH($E80)-1)/12)*$H80 -> 0 | L80: =(SUM('1. LRAMVA Summary'!G$55:G$66)+SUM('1. LRAMVA Summary'!G$67:G$68)*(MONTH($E80)-1)/12)*$H80 -> 0 | M80: =(SUM('1. LRAMVA Summary'!H$55:H$66)+SUM('1. LRAMVA Summary'!H$67:H$68)*(MONTH($E80)-1)/12)*$H80 -> 0 | N80: =(SUM('1. LRAMVA Summary'!I$55:I$66)+SUM('1. LRAMVA Summary'!I$67:I$68)*(MONTH($E80)-1)/12)*$H80 -> 0 | O80: =(SUM('1. LRAMVA Summary'!J$55:J$66)+SUM('1. LRAMVA Summary'!J$67:J$68)*(MONTH($E80)-1)/12)*$H80 -> 0 | P80: =(SUM('1. LRAMVA Summary'!K$55:K$66)+SUM('1. LRAMVA Summary'!K$67:K$68)*(MONTH($E80)-1)/12)*$H80 -> 0 | ... V80: =(SUM('1. LRAMVA Summary'!Q$55:Q$66)+SUM('1. LRAMVA Summary'!Q$67:Q$68)*(MONTH($E80)-1)/12)*$H80 -> 0 | W80: =SUM(I80:V80) -> 0
E81: 42186 | F81: 2011-2015 | G81: Q3 | H81: =C$33/12 -> 0.00091666667 | I81: =(SUM('1. LRAMVA Summary'!D$55:D$66)+SUM('1. LRAMVA Summary'!D$67:D$68)*(MONTH($E81)-1)/12)*$H81 -> 0 | J81: =(SUM('1. LRAMVA Summary'!E$55:E$66)+SUM('1. LRAMVA Summary'!E$67:E$68)*(MONTH($E81)-1)/12)*$H81 -> 0 | K81: =(SUM('1. LRAMVA Summary'!F$55:F$66)+SUM('1. LRAMVA Summary'!F$67:F$68)*(MONTH($E81)-1)/12)*$H81 -> 0 | L81: =(SUM('1. LRAMVA Summary'!G$55:G$66)+SUM('1. LRAMVA Summary'!G$67:G$68)*(MONTH($E81)-1)/12)*$H81 -> 0 | M81: =(SUM('1. LRAMVA Summary'!H$55:H$66)+SUM('1. LRAMVA Summary'!H$67:H$68)*(MONTH($E81)-1)/12)*$H81 -> 0 | N81: =(SUM('1. LRAMVA Summary'!I$55:I$66)+SUM('1. LRAMVA Summary'!I$67:I$68)*(MONTH($E81)-1)/12)*$H81 -> 0 | O81: =(SUM('1. LRAMVA Summary'!J$55:J$66)+SUM('1. LRAMVA Summary'!J$67:J$68)*(MONTH($E81)-1)/12)*$H81 -> 0 | P81: =(SUM('1. LRAMVA Summary'!K$55:K$66)+SUM('1. LRAMVA Summary'!K$67:K$68)*(MONTH($E81)-1)/12)*$H81 -> 0 | ... V81: =(SUM('1. LRAMVA Summary'!Q$55:Q$66)+SUM('1. LRAMVA Summary'!Q$67:Q$68)*(MONTH($E81)-1)/12)*$H81 -> 0 | W81: =SUM(I81:V81) -> 0
E82: 42217 | F82: 2011-2015 | G82: Q3 | H82: =C$33/12 -> 0.00091666667 | I82: =(SUM('1. LRAMVA Summary'!D$55:D$66)+SUM('1. LRAMVA Summary'!D$67:D$68)*(MONTH($E82)-1)/12)*$H82 -> 0 | J82: =(SUM('1. LRAMVA Summary'!E$55:E$66)+SUM('1. LRAMVA Summary'!E$67:E$68)*(MONTH($E82)-1)/12)*$H82 -> 0 | K82: =(SUM('1. LRAMVA Summary'!F$55:F$66)+SUM('1. LRAMVA Summary'!F$67:F$68)*(MONTH($E82)-1)/12)*$H82 -> 0 | L82: =(SUM('1. LRAMVA Summary'!G$55:G$66)+SUM('1. LRAMVA Summary'!G$67:G$68)*(MONTH($E82)-1)/12)*$H82 -> 0 | M82: =(SUM('1. LRAMVA Summary'!H$55:H$66)+SUM('1. LRAMVA Summary'!H$67:H$68)*(MONTH($E82)-1)/12)*$H82 -> 0 | N82: =(SUM('1. LRAMVA Summary'!I$55:I$66)+SUM('1. LRAMVA Summary'!I$67:I$68)*(MONTH($E82)-1)/12)*$H82 -> 0 | O82: =(SUM('1. LRAMVA Summary'!J$55:J$66)+SUM('1. LRAMVA Summary'!J$67:J$68)*(MONTH($E82)-1)/12)*$H82 -> 0 | P82: =(SUM('1. LRAMVA Summary'!K$55:K$66)+SUM('1. LRAMVA Summary'!K$67:K$68)*(MONTH($E82)-1)/12)*$H82 -> 0 | ... V82: =(SUM('1. LRAMVA Summary'!Q$55:Q$66)+SUM('1. LRAMVA Summary'!Q$67:Q$68)*(MONTH($E82)-1)/12)*$H82 -> 0 | W82: =SUM(I82:V82) -> 0
